Workbook

Sheet Overview
B1: SaveEnergyTogether: Cost Benefit Analysis Tool
B29: This project has received co-funding from the European Union’s LIFE programme under grant agreement No 101120878. Neither the European Commission nor any person acting on behalf of the Commission is responsible for the use which might be made of the following information. The views expressed in this publication are the sole responsibility of the author and do not necessarily reflect the views of the European Commission.

Sheet Data Input
A1: Data Input
A3: Please fill all orange cells with regional data (or national, if no regional values are available) to correctly calculate the savings achieved by the campaign.
A5: Household data
A7: National / Regional average | B7: Single family house | D7: Apartment house
B8: unrefurbished | C8: refurbished | D8: unrefurbished | E8: refurbished
A9: Share of builings in respective category | B9: 0.39 | C9: 0.13 | D9: 0.36 | E9: 0.12
A10: Heated gross floor area [m²] | B10: 140 | C10: 140 | D10: 750 | E10: 750
A11: Space heating demand [kWh/m²a] | B11: 145 | C11: 55 | D11: 95 | E11: 45
A12: Persons per household | B12: 2.5 | C12: 2.5 | D12: 2 | E12: 2
A14: Share of main space heating fuels [%] | B14: Single family house | D14: Apartment house
B15: unrefurbished | C15: refurbished | D15: unrefurbished | E15: refurbished
A16: District heat | B16: 0.30492249 | C16: 0.30492249 | D16: 0.30492249 | E16: 0.30492249
A17: Log wood | B17: 0.090977467 | C17: 0.090977467 | D17: 0.090977467 | E17: 0.090977467
A18: Biomass pellets | B18: 0.090977467 | C18: 0.090977467 | D18: 0.090977467 | E18: 0.090977467
A19: Brown coal briquettes | B19: 0 | C19: 0 | D19: 0 | E19: 0
A20: Liquefied Petroleum Gas (LPG) | B20: 0 | C20: 0 | D20: 0 | E20: 0
A21: Fuel oil | B21: 0.12923408 | C21: 0.12923408 | D21: 0.12923408 | E21: 0.12923408
A22: Natural gas | B22: 0.2177392 | C22: 0.2177392 | D22: 0.2177392 | E22: 0.2177392
A23: Direct-electricity system | B23: 0.059762825 | C23: 0.059762825 | D23: 0.059762825 | E23: 0.059762825
A24: Central heat pump | B24: 0.10638647 | C24: 0.10638647 | D24: 0.10638647 | E24: 0.10638647
A25: Checksum | B25: =SUM(B16:B24) -> 1 | C25: =SUM(C16:C24) -> 1 | D25: =SUM(D16:D24) -> 1 | E25: =SUM(E16:E24) -> 1
A27: Energy supply data
A29: Country: | B29: - select country -
A31: Energy prices, incl. VAT
A33: Energy Carrier | B33: User values | C33: Default values | D33: Calculation value | E33: Unit
A34: District heat (energy rate) | C34: =IF($B$29="- select country -","",INDEX(Dropdowns!$B$23:$F$30,MATCH('Data Input'!$A34,Dropdowns!$A$23:$A$30,0),MATCH('Data Input'!$B$29,Dropdowns!$B$22:$F$22,0))) | D34: =IF(ISBLANK($B34),$C34,$B34) | E34: €/MWh
A35: Log wood | C35: =IF($B$29="- select country -","",INDEX(Dropdowns!$B$23:$F$30,MATCH('Data Input'!$A35,Dropdowns!$A$23:$A$30,0),MATCH('Data Input'!$B$29,Dropdowns!$B$22:$F$22,0))) | D35: =IF(ISBLANK($B35),$C35,$B35) | E35: €/m³ stacked
A36: Biomass pellets | C36: =IF($B$29="- select country -","",INDEX(Dropdowns!$B$23:$F$30,MATCH('Data Input'!$A36,Dropdowns!$A$23:$A$30,0),MATCH('Data Input'!$B$29,Dropdowns!$B$22:$F$22,0))) | D36: =IF(ISBLANK($B36),$C36,$B36) | E36: €/t
A37: Brown coal briquettes | C37: =IF($B$29="- select country -","",INDEX(Dropdowns!$B$23:$F$30,MATCH('Data Input'!$A37,Dropdowns!$A$23:$A$30,0),MATCH('Data Input'!$B$29,Dropdowns!$B$22:$F$22,0))) | D37: =IF(ISBLANK($B37),$C37,$B37) | E37: €/t
A38: Liquefied Petroleum Gas (LPG) | C38: =IF($B$29="- select country -","",INDEX(Dropdowns!$B$23:$F$30,MATCH('Data Input'!$A38,Dropdowns!$A$23:$A$30,0),MATCH('Data Input'!$B$29,Dropdowns!$B$22:$F$22,0))) | D38: =IF(ISBLANK($B38),$C38,$B38) | E38: €/100 l
A39: Fuel oil | C39: =IF($B$29="- select country -","",INDEX(Dropdowns!$B$23:$F$30,MATCH('Data Input'!$A39,Dropdowns!$A$23:$A$30,0),MATCH('Data Input'!$B$29,Dropdowns!$B$22:$F$22,0))) | D39: =IF(ISBLANK($B39),$C39,$B39) | E39: €/100 l
A40: Natural gas | C40: =IF($B$29="- select country -","",INDEX(Dropdowns!$B$23:$F$30,MATCH('Data Input'!$A40,Dropdowns!$A$23:$A$30,0),MATCH('Data Input'!$B$29,Dropdowns!$B$22:$F$22,0))) | D40: =IF(ISBLANK($B40),$C40,$B40) | E40: € Cent/kWh
A41: Electricity | C41: =IF($B$29="- select country -","",INDEX(Dropdowns!$B$23:$F$30,MATCH('Data Input'!$A41,Dropdowns!$A$23:$A$30,0),MATCH('Data Input'!$B$29,Dropdowns!$B$22:$F$22,0))) | D41: =IF(ISBLANK($B41),$C41,$B41) | E41: € Cent/kWh
A43: Primary energy carriers in the electricity and district heat generation mix
A45: Electricity generation mix
A46: Energy conversion input [%] | B46: Country data
A47: Biomass | B47: =IF($B$29="- select country -","",INDEX('Model homes'!$E$242:$E$252,MATCH($A47,'Model homes'!$C$242:$C$252,0)))
A48: Nuclear energy | B48: =IF($B$29="- select country -","",INDEX('Model homes'!$E$242:$E$252,MATCH($A48,'Model homes'!$C$242:$C$252,0)))
A49: Ambient heat | B49: =IF($B$29="- select country -","",INDEX('Model homes'!$E$242:$E$252,MATCH($A49,'Model homes'!$C$242:$C$252,0)))
A50: Hard coal | B50: =IF($B$29="- select country -","",INDEX('Model homes'!$E$242:$E$252,MATCH($A50,'Model homes'!$C$242:$C$252,0)))
A51: Brown coal | B51: =IF($B$29="- select country -","",INDEX('Model homes'!$E$242:$E$252,MATCH($A51,'Model homes'!$C$242:$C$252,0)))
A52: Natural gas | B52: =IF($B$29="- select country -","",INDEX('Model homes'!$E$242:$E$252,MATCH($A52,'Model homes'!$C$242:$C$252,0)))
A53: Residual Oil | B53: =IF($B$29="- select country -","",INDEX('Model homes'!$E$242:$E$252,MATCH($A53,'Model homes'!$C$242:$C$252,0)))
A54: Other fossil fuels (municipal waste) | B54: =IF($B$29="- select country -","",INDEX('Model homes'!$E$242:$E$252,MATCH($A54,'Model homes'!$C$242:$C$252,0)))
A55: Hydro power | B55: =IF($B$29="- select country -","",INDEX('Model homes'!$E$242:$E$252,MATCH($A55,'Model homes'!$C$242:$C$252,0)))
A56: Wind power | B56: =IF($B$29="- select country -","",INDEX('Model homes'!$E$242:$E$252,MATCH($A56,'Model homes'!$C$242:$C$252,0)))
A57: Solar PV | B57: =IF($B$29="- select country -","",INDEX('Model homes'!$E$242:$E$252,MATCH($A57,'Model homes'!$C$242:$C$252,0)))
A58: Total | B58: =SUM(B47:B57) -> 0
A60: District heat generation mix
A62: GHG emission factor [g CO2e/kWh] | B62: Calculation data | C62: Country data | D62: Regional data
A63: Emission factor | B63: =IF(ISBLANK(D63),C63,D63) | C63: =IF($B$29="- select country -","",INDEX(Dropdowns!$C$15:$C$19,MATCH($B$29,Dropdowns!$A$15:$A$19,0)))
A65: Energy conversion input [%] | B65: Country data
A66: Biomass | B66: =IF($B$29="- select country -","",INDEX('Model homes'!$G$257:$G$267,MATCH($A66,'Model homes'!$C$257:$C$267,0))/'Model homes'!$G$268*100)
A67: Ambient heat | B67: =IF($B$29="- select country -","",INDEX('Model homes'!$G$257:$G$267,MATCH($A67,'Model homes'!$C$257:$C$267,0))/'Model homes'!$G$268*100)
A68: Hard coal | B68: =IF($B$29="- select country -","",INDEX('Model homes'!$G$257:$G$267,MATCH($A68,'Model homes'!$C$257:$C$267,0))/'Model homes'!$G$268*100)
A69: Brown coal | B69: =IF($B$29="- select country -","",INDEX('Model homes'!$G$257:$G$267,MATCH($A69,'Model homes'!$C$257:$C$267,0))/'Model homes'!$G$268*100)
A70: Natural gas | B70: =IF($B$29="- select country -","",INDEX('Model homes'!$G$257:$G$267,MATCH($A70,'Model homes'!$C$257:$C$267,0))/'Model homes'!$G$268*100)
A71: Residual Oil | B71: =IF($B$29="- select country -","",INDEX('Model homes'!$G$257:$G$267,MATCH($A71,'Model homes'!$C$257:$C$267,0))/'Model homes'!$G$268*100)
A72: Other fossil fuels (municipal waste) | B72: =IF($B$29="- select country -","",INDEX('Model homes'!$G$257:$G$267,MATCH($A72,'Model homes'!$C$257:$C$267,0))/'Model homes'!$G$268*100)
A73: Electricity | B73: =IF($B$29="- select country -","",INDEX('Model homes'!$G$257:$G$267,MATCH($A73,'Model homes'!$C$257:$C$267,0))/'Model homes'!$G$268*100)
A74: Geothermal | B74: =IF($B$29="- select country -","",INDEX('Model homes'!$G$257:$G$267,MATCH($A74,'Model homes'!$C$257:$C$267,0))/'Model homes'!$G$268*100)
A75: Solar thermal | B75: =IF($B$29="- select country -","",INDEX('Model homes'!$G$257:$G$267,MATCH($A75,'Model homes'!$C$257:$C$267,0))/'Model homes'!$G$268*100)
A76: Other fuels | B76: =IF($B$29="- select country -","",INDEX('Model homes'!$G$257:$G$267,MATCH($A76,'Model homes'!$C$257:$C$267,0))/'Model homes'!$G$268*100)
A77: Total | B77: =SUM(B66:B76) -> 0

Sheet Campaign Input
C1: Campaign Input
C3: Please select the campaign type that best represents your planned activity, enter the estimated campaign costs, and indicate the number of households you expect to reach. The number of households should reflect the expected outreach of the campaign, not necessarily the number of households that will actually implement a measure. Then select the energy saving measures addressed by the campaign by placing an “x” next to the relevant measures. Only selected measures are included in the campaign results. If a measure is not part of your campaign communication, leave the corresponding field empty. Based on your entries, the tool estimates the expected impacts of the campaign at both household and campaign level. The results provide an indication of the potential benefits of different campaign designs and help assess whether the campaign is beneficial from a wider societal perspective. The indicator “Campaign is beneficial for society” compares the estimated benefits with the costs and investments triggered by the campaign. A positive result indicates that the monetised benefits outweigh the relevant costs over the lifetime of the selected measures. The measure level results can help identify which actions are most suitable for the campaign target group and which measures offer the strongest benefits in relation to implementation effort and required household investment.
C5: Helpful resources for running campaigns can be found on the SaveEnergyTogether resource hub: www.climatealliance.org/saveenergytogether-online-hub/saveenergytogether-municipality-resources
C7: Energy savings campaign
C9: Please select the type of campaign you are going to implement and add information on the campaign costs and the number of households reached by the campaign
C11: Campaign type | G11: - select campaign type - | I11: Campaign costs | K11: €
C12: Number of households reached | I12: Country | J12: =IF('Data Input'!B29="- select country -","Please select in data input sheet",'Data Input'!B29) -> Please select in data input sheet
C14: Please select the energy savings measures addressed within the campaign by including an "x" next to the relevant measure(s):
C16: Total Savings of the campaign | I16: Campaign is beneficial for society | J16: Total investments: campaign + households [€] | K16: Net present value of social cost savings [€] | L16: Triggered Household Investments [€] | M16: Energy cost savings [€] | N16: Avoided social costs of GHG-emissions [€] | O16: Avoided social health costs of other air pollutant emissions [€] | P16: Final Energy savings [kWh] | Q16: GHG savings [t CO2e] | R16: Avoided other air pollutant emissions [t]
D17: Total savings | I17: =IF($J$12<>"Please select in data input sheet",IF(ISBLANK(G12),"",IF(K17>J17,"YES","NO")),"") | J17: =IF($J$12<>"Please select in data input sheet",J11+L17,"") | K17: =IF($J$12<>"Please select in data input sheet",M17+N17+O17,"") | L17: =IF($J$12<>"Please select in data input sheet",SUM(L21:L24,L27:L32,L35:L50),"") | M17: =IF($J$12<>"Please select in data input sheet",SUM(M21:M24,M27:M32,M35:M50),"") | N17: =IF($J$12<>"Please select in data input sheet",SUM(N21:N24,N27:N32,N35:N50),"") | O17: =IF($J$12<>"Please select in data input sheet",SUM(O21:O24,O27:O32,O35:O50),"") | P17: =IF($J$12<>"Please select in data input sheet",SUM(P21:P24,P27:P32,P35:P50),"") | Q17: =IF($J$12<>"Please select in data input sheet",SUM(Q21:Q24,Q27:Q32,Q35:Q50),"") | R17: =IF($J$12<>"Please select in data input sheet",SUM(R21:R24,R27:R32,R35:R50),"")
C19: Space Heating | I19: Average Final Energy savings [kWh/a] | J19: Payback during lifetime | K19: Average cost savings [€/a] | L19: Triggered Household Investments [€] | M19: Energy cost savings [€] | N19: Avoided social costs of GHG-emissions [€] | O19: Avoided social health costs of other air pollutant emissions [€] | P19: Final Energy savings [kWh] | Q19: GHG savings [t CO2e] | R19: Avoided other air pollutant emissions [t]
B20: TYPE | C20: SELECT | D20: ENERGY SAVING MEASURE | I20: Household level, savings per year | L20: Campaign level, savings over lifetime
B21: N | D21: Room temperature reduction (during the day / when sleeping / when absent) | I21: =IF($J$12<>"Please select in data input sheet",IF(C21="x",SPH_temp_behav!K36,""),"") | J21: =IF($J$12<>"Please select in data input sheet",IF(C21="x","-",""),"") | K21: =IF($J$12<>"Please select in data input sheet",IF(C21="x",SPH_temp_behav!L80,""),"") | L21: =IF($J$12<>"Please select in data input sheet",IF(C21="x",0,""),"") | M21: =IF($J$12<>"Please select in data input sheet",IF(C21="x",INDEX(Dropdowns!$B$2:$D$9,MATCH($G$11,Dropdowns!$A$2:$A$9,0),MATCH($B21,Dropdowns!$B$1:$D$1,0))*SPH_temp_behav!J190,""),"") | N21: =IF($J$12<>"Please select in data input sheet",IF(C21="x",INDEX(Dropdowns!$B$2:$D$9,MATCH($G$11,Dropdowns!$A$2:$A$9,0),MATCH($B21,Dropdowns!$B$1:$D$1,0))*SPH_temp_behav!J238*INDEX(Dropdowns!$C$34:$C$38,MATCH($J$12,Dropdowns!$A$34:$A$38,0)),""),"") | O21: =IF($J$12<>"Please select in data input sheet",IF(C21="x",INDEX(Dropdowns!$B$2:$D$9,MATCH($G$11,Dropdowns!$A$2:$A$9,0),MATCH($B21,Dropdowns!$B$1:$D$1,0))*SPH_temp_behav!J286*INDEX(Dropdowns!$C$34:$C$38,MATCH($J$12,Dropdowns!$A$34:$A$38,0)),""),"") | P21: =IF($J$12<>"Please select in data input sheet",IF(C21="x",INDEX(Dropdowns!$B$2:$D$9,MATCH($G$11,Dropdowns!$A$2:$A$9,0),MATCH($B21,Dropdowns!$B$1:$D$1,0))*SPH_temp_behav!J178,""),"") | Q21: =IF($J$12<>"Please select in data input sheet",IF(C21="x",INDEX(Dropdowns!$B$2:$D$9,MATCH($G$11,Dropdowns!$A$2:$A$9,0),MATCH($B21,Dropdowns!$B$1:$D$1,0))*SPH_temp_behav!J214,""),"") | R21: =IF($J$12<>"Please select in data input sheet",IF(C21="x",INDEX(Dropdowns!$B$2:$D$9,MATCH($G$11,Dropdowns!$A$2:$A$9,0),MATCH($B21,Dropdowns!$B$1:$D$1,0))*SPH_temp_behav!J262,""),"")
B22: L | D22: Sealing gaps, cracks, and drafts around windows and doors to eliminate heat leaks | I22: =IF($J$12<>"Please select in data input sheet",IF(C22="x",SPH_VL_Seal!K31,""),"") | J22: =IF($J$12<>"Please select in data input sheet",IF(C22="x","unrefurbished: "&SPH_VL_Seal!O108&", refurbished: "&SPH_VL_Seal!P108,""),"") | K22: =IF($J$12<>"Please select in data input sheet",IF(C22="x",SPH_VL_Seal!L82,""),"") | L22: =IF($J$12<>"Please select in data input sheet",IF(C22="x",INDEX(Dropdowns!$B$2:$D$9,MATCH($G$11,Dropdowns!$A$2:$A$9,0),MATCH($B22,Dropdowns!$B$1:$D$1,0))*SPH_VL_Seal!J180*INDEX(Dropdowns!$C$34:$C$38,MATCH($J$12,Dropdowns!$A$34:$A$38,0)),""),"") | M22: =IF($J$12<>"Please select in data input sheet",IF(C22="x",INDEX(Dropdowns!$B$2:$D$9,MATCH($G$11,Dropdowns!$A$2:$A$9,0),MATCH($B22,Dropdowns!$B$1:$D$1,0))*SPH_VL_Seal!J204,""),"") | N22: =IF($J$12<>"Please select in data input sheet",IF(C22="x",INDEX(Dropdowns!$B$2:$D$9,MATCH($G$11,Dropdowns!$A$2:$A$9,0),MATCH($B22,Dropdowns!$B$1:$D$1,0))*SPH_VL_Seal!J252*INDEX(Dropdowns!$C$34:$C$38,MATCH($J$12,Dropdowns!$A$34:$A$38,0)),""),"") | O22: =IF($J$12<>"Please select in data input sheet",IF(C22="x",INDEX(Dropdowns!$B$2:$D$9,MATCH($G$11,Dropdowns!$A$2:$A$9,0),MATCH($B22,Dropdowns!$B$1:$D$1,0))*SPH_VL_Seal!J300*INDEX(Dropdowns!$C$34:$C$38,MATCH($J$12,Dropdowns!$A$34:$A$38,0)),""),"") | P22: =IF($J$12<>"Please select in data input sheet",IF(C22="x",INDEX(Dropdowns!$B$2:$D$9,MATCH($G$11,Dropdowns!$A$2:$A$9,0),MATCH($B22,Dropdowns!$B$1:$D$1,0))*SPH_VL_Seal!J192,""),"") | Q22: =IF($J$12<>"Please select in data input sheet",IF(C22="x",INDEX(Dropdowns!$B$2:$D$9,MATCH($G$11,Dropdowns!$A$2:$A$9,0),MATCH($B22,Dropdowns!$B$1:$D$1,0))*SPH_VL_Seal!J228,""),"") | R22: =IF($J$12<>"Please select in data input sheet",IF(C22="x",INDEX(Dropdowns!$B$2:$D$9,MATCH($G$11,Dropdowns!$A$2:$A$9,0),MATCH($B22,Dropdowns!$B$1:$D$1,0))*SPH_VL_Seal!J276,""),"")
B23: L | D23: Insulating pipes and fittings in unheated rooms | I23: =IF($J$12<>"Please select in data input sheet",IF(C23="x",SPH_Pipe_insul!K39,""),"") | J23: =IF($J$12<>"Please select in data input sheet",IF(C23="x","unrefurbished: "&SPH_Pipe_insul!O110&", refurbished: "&SPH_Pipe_insul!P110,""),"") | K23: =IF($J$12<>"Please select in data input sheet",IF(C23="x",SPH_Pipe_insul!L84,""),"") | L23: =IF($J$12<>"Please select in data input sheet",IF(C23="x",INDEX(Dropdowns!$B$2:$D$9,MATCH($G$11,Dropdowns!$A$2:$A$9,0),MATCH($B23,Dropdowns!$B$1:$D$1,0))*SPH_Pipe_insul!J182*INDEX(Dropdowns!$C$34:$C$38,MATCH($J$12,Dropdowns!$A$34:$A$38,0)),""),"") | M23: =IF($J$12<>"Please select in data input sheet",IF(C23="x",INDEX(Dropdowns!$B$2:$D$9,MATCH($G$11,Dropdowns!$A$2:$A$9,0),MATCH($B23,Dropdowns!$B$1:$D$1,0))*SPH_Pipe_insul!J206,""),"") | N23: =IF($J$12<>"Please select in data input sheet",IF(C23="x",INDEX(Dropdowns!$B$2:$D$9,MATCH($G$11,Dropdowns!$A$2:$A$9,0),MATCH($B23,Dropdowns!$B$1:$D$1,0))*SPH_Pipe_insul!J254*INDEX(Dropdowns!$C$34:$C$38,MATCH($J$12,Dropdowns!$A$34:$A$38,0)),""),"") | O23: =IF($J$12<>"Please select in data input sheet",IF(C23="x",INDEX(Dropdowns!$B$2:$D$9,MATCH($G$11,Dropdowns!$A$2:$A$9,0),MATCH($B23,Dropdowns!$B$1:$D$1,0))*SPH_Pipe_insul!J302*INDEX(Dropdowns!$C$34:$C$38,MATCH($J$12,Dropdowns!$A$34:$A$38,0)),""),"") | P23: =IF($J$12<>"Please select in data input sheet",IF(C23="x",INDEX(Dropdowns!$B$2:$D$9,MATCH($G$11,Dropdowns!$A$2:$A$9,0),MATCH($B23,Dropdowns!$B$1:$D$1,0))*SPH_Pipe_insul!J194,""),"") | Q23: =IF($J$12<>"Please select in data input sheet",IF(C23="x",INDEX(Dropdowns!$B$2:$D$9,MATCH($G$11,Dropdowns!$A$2:$A$9,0),MATCH($B23,Dropdowns!$B$1:$D$1,0))*SPH_Pipe_insul!J230,""),"") | R23: =IF($J$12<>"Please select in data input sheet",IF(C23="x",INDEX(Dropdowns!$B$2:$D$9,MATCH($G$11,Dropdowns!$A$2:$A$9,0),MATCH($B23,Dropdowns!$B$1:$D$1,0))*SPH_Pipe_insul!J278,""),"")
B24: I | D24: Insulation of the uppermost ceiling | I24: =IF($J$12<>"Please select in data input sheet",IF(C24="x",SPH_TL_UC!K34,""),"") | J24: =IF($J$12<>"Please select in data input sheet",IF(C24="x","unrefurbished: "&SPH_TL_UC!O101&", refurbished: "&SPH_TL_UC!P101,""),"") | K24: =IF($J$12<>"Please select in data input sheet",IF(C24="x",SPH_TL_UC!L75,""),"") | L24: =IF($J$12<>"Please select in data input sheet",IF(C24="x",INDEX(Dropdowns!$B$2:$D$9,MATCH($G$11,Dropdowns!$A$2:$A$9,0),MATCH($B24,Dropdowns!$B$1:$D$1,0))*SPH_TL_UC!J173*INDEX(Dropdowns!$C$34:$C$38,MATCH($J$12,Dropdowns!$A$34:$A$38,0)),""),"") | M24: =IF($J$12<>"Please select in data input sheet",IF(C24="x",INDEX(Dropdowns!$B$2:$D$9,MATCH($G$11,Dropdowns!$A$2:$A$9,0),MATCH($B24,Dropdowns!$B$1:$D$1,0))*SPH_TL_UC!J197,""),"") | N24: =IF($J$12<>"Please select in data input sheet",IF(C24="x",INDEX(Dropdowns!$B$2:$D$9,MATCH($G$11,Dropdowns!$A$2:$A$9,0),MATCH($B24,Dropdowns!$B$1:$D$1,0))*SPH_TL_UC!J245*INDEX(Dropdowns!$C$34:$C$38,MATCH($J$12,Dropdowns!$A$34:$A$38,0)),""),"") | O24: =IF($J$12<>"Please select in data input sheet",IF(C24="x",INDEX(Dropdowns!$B$2:$D$9,MATCH($G$11,Dropdowns!$A$2:$A$9,0),MATCH($B24,Dropdowns!$B$1:$D$1,0))*SPH_TL_UC!J293*INDEX(Dropdowns!$C$34:$C$38,MATCH($J$12,Dropdowns!$A$34:$A$38,0)),""),"") | P24: =IF($J$12<>"Please select in data input sheet",IF(C24="x",INDEX(Dropdowns!$B$2:$D$9,MATCH($G$11,Dropdowns!$A$2:$A$9,0),MATCH($B24,Dropdowns!$B$1:$D$1,0))*SPH_TL_UC!J185,""),"") | Q24: =IF($J$12<>"Please select in data input sheet",IF(C24="x",INDEX(Dropdowns!$B$2:$D$9,MATCH($G$11,Dropdowns!$A$2:$A$9,0),MATCH($B24,Dropdowns!$B$1:$D$1,0))*SPH_TL_UC!J221,""),"") | R24: =IF($J$12<>"Please select in data input sheet",IF(C24="x",INDEX(Dropdowns!$B$2:$D$9,MATCH($G$11,Dropdowns!$A$2:$A$9,0),MATCH($B24,Dropdowns!$B$1:$D$1,0))*SPH_TL_UC!J269,""),"")
C25: Domestic Hot Water | I25: Average Final Energy savings [kWh/a] | J25: Payback during lifetime | K25: Average cost savings [€/a] | L25: Triggered Household Investments [€] | M25: Energy cost savings [€] | N25: Avoided social costs of GHG-emissions [€] | O25: Avoided social health costs of other air pollutant emissions [€] | P25: Final Energy savings [kWh] | Q25: GHG savings [t CO2e] | R25: Avoided other air pollutant emissions [t]
B26: TYPE | C26: SELECT | D26: ENERGY SAVING MEASURE | I26: Household level, savings per year | L26: Campaign level, savings over lifetime
B27: N | D27: Showering instead of bathing | I27: =IF($J$12<>"Please select in data input sheet",IF(C27="x",'DHW_shower vs. bath'!J29,""),"") | J27: =IF($J$12<>"Please select in data input sheet",IF(C27="x","-",""),"") | K27: =IF($J$12<>"Please select in data input sheet",IF(C27="x",'DHW_shower vs. bath'!K40,""),"") | L27: =IF($J$12<>"Please select in data input sheet",IF(C27="x",0,""),"") | M27: =IF($J$12<>"Please select in data input sheet",IF(C27="x",INDEX(Dropdowns!$B$2:$D$9,MATCH($G$11,Dropdowns!$A$2:$A$9,0),MATCH($B27,Dropdowns!$B$1:$D$1,0))*'DHW_shower vs. bath'!J124,""),"") | N27: =IF($J$12<>"Please select in data input sheet",IF(C27="x",INDEX(Dropdowns!$B$2:$D$9,MATCH($G$11,Dropdowns!$A$2:$A$9,0),MATCH($B27,Dropdowns!$B$1:$D$1,0))*'DHW_shower vs. bath'!J172*INDEX(Dropdowns!$C$34:$C$38,MATCH($J$12,Dropdowns!$A$34:$A$38,0)),""),"") | O27: =IF($J$12<>"Please select in data input sheet",IF(C27="x",INDEX(Dropdowns!$B$2:$D$9,MATCH($G$11,Dropdowns!$A$2:$A$9,0),MATCH($B27,Dropdowns!$B$1:$D$1,0))*'DHW_shower vs. bath'!J220*INDEX(Dropdowns!$C$34:$C$38,MATCH($J$12,Dropdowns!$A$34:$A$38,0)),""),"") | P27: =IF($J$12<>"Please select in data input sheet",IF(C27="x",INDEX(Dropdowns!$B$2:$D$9,MATCH($G$11,Dropdowns!$A$2:$A$9,0),MATCH($B27,Dropdowns!$B$1:$D$1,0))*'DHW_shower vs. bath'!J112,""),"") | Q27: =IF($J$12<>"Please select in data input sheet",IF(C27="x",INDEX(Dropdowns!$B$2:$D$9,MATCH($G$11,Dropdowns!$A$2:$A$9,0),MATCH($B27,Dropdowns!$B$1:$D$1,0))*'DHW_shower vs. bath'!J148,""),"") | R27: =IF($J$12<>"Please select in data input sheet",IF(C27="x",INDEX(Dropdowns!$B$2:$D$9,MATCH($G$11,Dropdowns!$A$2:$A$9,0),MATCH($B27,Dropdowns!$B$1:$D$1,0))*'DHW_shower vs. bath'!J196,""),"")
B28: N | D28: Using less water when showering - Reduction of showering time | I28: =IF($J$12<>"Please select in data input sheet",IF(C28="x",'DHW_lowered shower-time'!J29,""),"") | J28: =IF($J$12<>"Please select in data input sheet",IF(C28="x","-",""),"") | K28: =IF($J$12<>"Please select in data input sheet",IF(C28="x",'DHW_lowered shower-time'!K40,""),"") | L28: =IF($J$12<>"Please select in data input sheet",IF(C28="x",0,""),"") | M28: =IF($J$12<>"Please select in data input sheet",IF(C28="x",INDEX(Dropdowns!$B$2:$D$9,MATCH($G$11,Dropdowns!$A$2:$A$9,0),MATCH($B28,Dropdowns!$B$1:$D$1,0))*'DHW_lowered shower-time'!J124,""),"") | N28: =IF($J$12<>"Please select in data input sheet",IF(C28="x",INDEX(Dropdowns!$B$2:$D$9,MATCH($G$11,Dropdowns!$A$2:$A$9,0),MATCH($B28,Dropdowns!$B$1:$D$1,0))*'DHW_lowered shower-time'!J172*INDEX(Dropdowns!$C$34:$C$38,MATCH($J$12,Dropdowns!$A$34:$A$38,0)),""),"") | O28: =IF($J$12<>"Please select in data input sheet",IF(C28="x",INDEX(Dropdowns!$B$2:$D$9,MATCH($G$11,Dropdowns!$A$2:$A$9,0),MATCH($B28,Dropdowns!$B$1:$D$1,0))*'DHW_lowered shower-time'!J220*INDEX(Dropdowns!$C$34:$C$38,MATCH($J$12,Dropdowns!$A$34:$A$38,0)),""),"") | P28: =IF($J$12<>"Please select in data input sheet",IF(C28="x",INDEX(Dropdowns!$B$2:$D$9,MATCH($G$11,Dropdowns!$A$2:$A$9,0),MATCH($B28,Dropdowns!$B$1:$D$1,0))*'DHW_lowered shower-time'!J112,""),"") | Q28: =IF($J$12<>"Please select in data input sheet",IF(C28="x",INDEX(Dropdowns!$B$2:$D$9,MATCH($G$11,Dropdowns!$A$2:$A$9,0),MATCH($B28,Dropdowns!$B$1:$D$1,0))*'DHW_lowered shower-time'!J148,""),"") | R28: =IF($J$12<>"Please select in data input sheet",IF(C28="x",INDEX(Dropdowns!$B$2:$D$9,MATCH($G$11,Dropdowns!$A$2:$A$9,0),MATCH($B28,Dropdowns!$B$1:$D$1,0))*'DHW_lowered shower-time'!J196,""),"")
B29: N | D29: Use a dishwasher instead of washing by hand | I29: =IF($J$12<>"Please select in data input sheet",IF(C29="x",'DHW_dish_washer vs. hand'!J29,""),"") | J29: =IF($J$12<>"Please select in data input sheet",IF(C29="x","-",""),"") | K29: =IF($J$12<>"Please select in data input sheet",IF(C29="x",'DHW_dish_washer vs. hand'!K40,""),"") | L29: =IF($J$12<>"Please select in data input sheet",IF(C29="x",0,""),"") | M29: =IF($J$12<>"Please select in data input sheet",IF(C29="x",INDEX(Dropdowns!$B$2:$D$9,MATCH($G$11,Dropdowns!$A$2:$A$9,0),MATCH($B29,Dropdowns!$B$1:$D$1,0))*'DHW_dish_washer vs. hand'!J124,""),"") | N29: =IF($J$12<>"Please select in data input sheet",IF(C29="x",INDEX(Dropdowns!$B$2:$D$9,MATCH($G$11,Dropdowns!$A$2:$A$9,0),MATCH($B29,Dropdowns!$B$1:$D$1,0))*'DHW_dish_washer vs. hand'!J172*INDEX(Dropdowns!$C$34:$C$38,MATCH($J$12,Dropdowns!$A$34:$A$38,0)),""),"") | O29: =IF($J$12<>"Please select in data input sheet",IF(C29="x",INDEX(Dropdowns!$B$2:$D$9,MATCH($G$11,Dropdowns!$A$2:$A$9,0),MATCH($B29,Dropdowns!$B$1:$D$1,0))*'DHW_dish_washer vs. hand'!J220*INDEX(Dropdowns!$C$34:$C$38,MATCH($J$12,Dropdowns!$A$34:$A$38,0)),""),"") | P29: =IF($J$12<>"Please select in data input sheet",IF(C29="x",INDEX(Dropdowns!$B$2:$D$9,MATCH($G$11,Dropdowns!$A$2:$A$9,0),MATCH($B29,Dropdowns!$B$1:$D$1,0))*'DHW_dish_washer vs. hand'!J112,""),"") | Q29: =IF($J$12<>"Please select in data input sheet",IF(C29="x",INDEX(Dropdowns!$B$2:$D$9,MATCH($G$11,Dropdowns!$A$2:$A$9,0),MATCH($B29,Dropdowns!$B$1:$D$1,0))*'DHW_dish_washer vs. hand'!J148,""),"") | R29: =IF($J$12<>"Please select in data input sheet",IF(C29="x",INDEX(Dropdowns!$B$2:$D$9,MATCH($G$11,Dropdowns!$A$2:$A$9,0),MATCH($B29,Dropdowns!$B$1:$D$1,0))*'DHW_dish_washer vs. hand'!J196,""),"")
B30: N | D30: Use more cold tap water instead of hot | I30: =IF($J$12<>"Please select in data input sheet",IF(C30="x",'DHW_cold vs. warm'!J29,""),"") | J30: =IF($J$12<>"Please select in data input sheet",IF(C30="x","-",""),"") | K30: =IF($J$12<>"Please select in data input sheet",IF(C30="x",'DHW_cold vs. warm'!K40,""),"") | L30: =IF($J$12<>"Please select in data input sheet",IF(C30="x",0,""),"") | M30: =IF($J$12<>"Please select in data input sheet",IF(C30="x",INDEX(Dropdowns!$B$2:$D$9,MATCH($G$11,Dropdowns!$A$2:$A$9,0),MATCH($B30,Dropdowns!$B$1:$D$1,0))*'DHW_cold vs. warm'!J124,""),"") | N30: =IF($J$12<>"Please select in data input sheet",IF(C30="x",INDEX(Dropdowns!$B$2:$D$9,MATCH($G$11,Dropdowns!$A$2:$A$9,0),MATCH($B30,Dropdowns!$B$1:$D$1,0))*'DHW_cold vs. warm'!J172*INDEX(Dropdowns!$C$34:$C$38,MATCH($J$12,Dropdowns!$A$34:$A$38,0)),""),"") | O30: =IF($J$12<>"Please select in data input sheet",IF(C30="x",INDEX(Dropdowns!$B$2:$D$9,MATCH($G$11,Dropdowns!$A$2:$A$9,0),MATCH($B30,Dropdowns!$B$1:$D$1,0))*'DHW_cold vs. warm'!J220*INDEX(Dropdowns!$C$34:$C$38,MATCH($J$12,Dropdowns!$A$34:$A$38,0)),""),"") | P30: =IF($J$12<>"Please select in data input sheet",IF(C30="x",INDEX(Dropdowns!$B$2:$D$9,MATCH($G$11,Dropdowns!$A$2:$A$9,0),MATCH($B30,Dropdowns!$B$1:$D$1,0))*'DHW_cold vs. warm'!J112,""),"") | Q30: =IF($J$12<>"Please select in data input sheet",IF(C30="x",INDEX(Dropdowns!$B$2:$D$9,MATCH($G$11,Dropdowns!$A$2:$A$9,0),MATCH($B30,Dropdowns!$B$1:$D$1,0))*'DHW_cold vs. warm'!J148,""),"") | R30: =IF($J$12<>"Please select in data input sheet",IF(C30="x",INDEX(Dropdowns!$B$2:$D$9,MATCH($G$11,Dropdowns!$A$2:$A$9,0),MATCH($B30,Dropdowns!$B$1:$D$1,0))*'DHW_cold vs. warm'!J196,""),"")
B31: L | D31: Economy shower head (lower water flow rate) | I31: =IF($J$12<>"Please select in data input sheet",IF(C31="x",DHW_small_invest!K47,""),"") | J31: =IF($J$12<>"Please select in data input sheet",IF(C31="x","unrefurbished: "&DHW_small_invest!O84&", refurbished: "&DHW_small_invest!P84,""),"") | K31: =IF($J$12<>"Please select in data input sheet",IF(C31="x",DHW_small_invest!L58,""),"") | L31: =IF($J$12<>"Please select in data input sheet",IF(C31="x",INDEX(Dropdowns!$B$2:$D$9,MATCH($G$11,Dropdowns!$A$2:$A$9,0),MATCH($B31,Dropdowns!$B$1:$D$1,0))*DHW_small_invest!J156*INDEX(Dropdowns!$C$34:$C$38,MATCH($J$12,Dropdowns!$A$34:$A$38,0)),""),"") | M31: =IF($J$12<>"Please select in data input sheet",IF(C31="x",INDEX(Dropdowns!$B$2:$D$9,MATCH($G$11,Dropdowns!$A$2:$A$9,0),MATCH($B31,Dropdowns!$B$1:$D$1,0))*DHW_small_invest!J180,""),"") | N31: =IF($J$12<>"Please select in data input sheet",IF(C31="x",INDEX(Dropdowns!$B$2:$D$9,MATCH($G$11,Dropdowns!$A$2:$A$9,0),MATCH($B31,Dropdowns!$B$1:$D$1,0))*DHW_small_invest!J228*INDEX(Dropdowns!$C$34:$C$38,MATCH($J$12,Dropdowns!$A$34:$A$38,0)),""),"") | O31: =IF($J$12<>"Please select in data input sheet",IF(C31="x",INDEX(Dropdowns!$B$2:$D$9,MATCH($G$11,Dropdowns!$A$2:$A$9,0),MATCH($B31,Dropdowns!$B$1:$D$1,0))*DHW_small_invest!J276*INDEX(Dropdowns!$C$34:$C$38,MATCH($J$12,Dropdowns!$A$34:$A$38,0)),""),"") | P31: =IF($J$12<>"Please select in data input sheet",IF(C31="x",INDEX(Dropdowns!$B$2:$D$9,MATCH($G$11,Dropdowns!$A$2:$A$9,0),MATCH($B31,Dropdowns!$B$1:$D$1,0))*DHW_small_invest!J168,""),"") | Q31: =IF($J$12<>"Please select in data input sheet",IF(C31="x",INDEX(Dropdowns!$B$2:$D$9,MATCH($G$11,Dropdowns!$A$2:$A$9,0),MATCH($B31,Dropdowns!$B$1:$D$1,0))*DHW_small_invest!J204,""),"") | R31: =IF($J$12<>"Please select in data input sheet",IF(C31="x",INDEX(Dropdowns!$B$2:$D$9,MATCH($G$11,Dropdowns!$A$2:$A$9,0),MATCH($B31,Dropdowns!$B$1:$D$1,0))*DHW_small_invest!J252,""),"")
B32: L | D32: Insulating pipes and fittings in unheated rooms | I32: =IF($J$12<>"Please select in data input sheet",IF(C32="x",DHW_Pipe_insul!K39,""),"") | J32: =IF($J$12<>"Please select in data input sheet",IF(C32="x","unrefurbished: "&DHW_Pipe_insul!O110&", refurbished: "&DHW_Pipe_insul!P110,""),"") | K32: =IF($J$12<>"Please select in data input sheet",IF(C32="x",DHW_Pipe_insul!L84,""),"") | L32: =IF($J$12<>"Please select in data input sheet",IF(C32="x",INDEX(Dropdowns!$B$2:$D$9,MATCH($G$11,Dropdowns!$A$2:$A$9,0),MATCH($B32,Dropdowns!$B$1:$D$1,0))*DHW_Pipe_insul!J182*INDEX(Dropdowns!$C$34:$C$38,MATCH($J$12,Dropdowns!$A$34:$A$38,0)),""),"") | M32: =IF($J$12<>"Please select in data input sheet",IF(C32="x",INDEX(Dropdowns!$B$2:$D$9,MATCH($G$11,Dropdowns!$A$2:$A$9,0),MATCH($B32,Dropdowns!$B$1:$D$1,0))*DHW_Pipe_insul!J206,""),"") | N32: =IF($J$12<>"Please select in data input sheet",IF(C32="x",INDEX(Dropdowns!$B$2:$D$9,MATCH($G$11,Dropdowns!$A$2:$A$9,0),MATCH($B32,Dropdowns!$B$1:$D$1,0))*DHW_Pipe_insul!J254*INDEX(Dropdowns!$C$34:$C$38,MATCH($J$12,Dropdowns!$A$34:$A$38,0)),""),"") | O32: =IF($J$12<>"Please select in data input sheet",IF(C32="x",INDEX(Dropdowns!$B$2:$D$9,MATCH($G$11,Dropdowns!$A$2:$A$9,0),MATCH($B32,Dropdowns!$B$1:$D$1,0))*DHW_Pipe_insul!J302*INDEX(Dropdowns!$C$34:$C$38,MATCH($J$12,Dropdowns!$A$34:$A$38,0)),""),"") | P32: =IF($J$12<>"Please select in data input sheet",IF(C32="x",INDEX(Dropdowns!$B$2:$D$9,MATCH($G$11,Dropdowns!$A$2:$A$9,0),MATCH($B32,Dropdowns!$B$1:$D$1,0))*DHW_Pipe_insul!J194,""),"") | Q32: =IF($J$12<>"Please select in data input sheet",IF(C32="x",INDEX(Dropdowns!$B$2:$D$9,MATCH($G$11,Dropdowns!$A$2:$A$9,0),MATCH($B32,Dropdowns!$B$1:$D$1,0))*DHW_Pipe_insul!J230,""),"") | R32: =IF($J$12<>"Please select in data input sheet",IF(C32="x",INDEX(Dropdowns!$B$2:$D$9,MATCH($G$11,Dropdowns!$A$2:$A$9,0),MATCH($B32,Dropdowns!$B$1:$D$1,0))*DHW_Pipe_insul!J278,""),"")
C33: Electric household appliances | I33: Average Final Energy savings [kWh/a] | J33: Payback during lifetime | K33: Average cost savings [€/a] | L33: Triggered Household Investments [€] | M33: Energy cost savings [€] | N33: Avoided social costs of GHG-emissions [€] | O33: Avoided social health costs of other air pollutant emissions [€] | P33: Final Energy savings [kWh] | Q33: GHG savings [t CO2e] | R33: Avoided other air pollutant emissions [t]
B34: TYPE | C34: SELECT | D34: ENERGY SAVING MEASURE | I34: Household level, savings per year | L34: Campaign level, savings over lifetime
B35: N | D35: Switching off light when absent | I35: =IF($J$12<>"Please select in data input sheet",IF(C35="x",'eDevices_general+behavior'!J83,""),"") | J35: =IF($J$12<>"Please select in data input sheet",IF(C35="x","-",""),"") | K35: =IF($J$12<>"Please select in data input sheet",IF(C35="x",'eDevices_general+behavior'!J92,""),"") | L35: =IF($J$12<>"Please select in data input sheet",IF(C35="x",0,""),"") | M35: =IF($J$12<>"Please select in data input sheet",IF(C35="x",INDEX(Dropdowns!$B$2:$D$9,MATCH($G$11,Dropdowns!$A$2:$A$9,0),MATCH($B35,Dropdowns!$B$1:$D$1,0))*'eDevices_general+behavior'!J160,""),"") | N35: =IF($J$12<>"Please select in data input sheet",IF(C35="x",INDEX(Dropdowns!$B$2:$D$9,MATCH($G$11,Dropdowns!$A$2:$A$9,0),MATCH($B35,Dropdowns!$B$1:$D$1,0))*'eDevices_general+behavior'!J196*INDEX(Dropdowns!$C$34:$C$38,MATCH($J$12,Dropdowns!$A$34:$A$38,0)),""),"") | O35: =IF($J$12<>"Please select in data input sheet",IF(C35="x",INDEX(Dropdowns!$B$2:$D$9,MATCH($G$11,Dropdowns!$A$2:$A$9,0),MATCH($B35,Dropdowns!$B$1:$D$1,0))*'eDevices_general+behavior'!J232*INDEX(Dropdowns!$C$34:$C$38,MATCH($J$12,Dropdowns!$A$34:$A$38,0)),""),"") | P35: =IF($J$12<>"Please select in data input sheet",IF(C35="x",INDEX(Dropdowns!$B$2:$D$9,MATCH($G$11,Dropdowns!$A$2:$A$9,0),MATCH($B35,Dropdowns!$B$1:$D$1,0))*'eDevices_general+behavior'!J151,""),"") | Q35: =IF($J$12<>"Please select in data input sheet",IF(C35="x",INDEX(Dropdowns!$B$2:$D$9,MATCH($G$11,Dropdowns!$A$2:$A$9,0),MATCH($B35,Dropdowns!$B$1:$D$1,0))*'eDevices_general+behavior'!J178,""),"") | R35: =IF($J$12<>"Please select in data input sheet",IF(C35="x",INDEX(Dropdowns!$B$2:$D$9,MATCH($G$11,Dropdowns!$A$2:$A$9,0),MATCH($B35,Dropdowns!$B$1:$D$1,0))*'eDevices_general+behavior'!J214,""),"")
B36: N | D36: Washing machine - Washing without prewash | I36: =IF($J$12<>"Please select in data input sheet",IF(C36="x",'eDevices_general+behavior'!J84,""),"") | J36: =IF($J$12<>"Please select in data input sheet",IF(C36="x","-",""),"") | K36: =IF($J$12<>"Please select in data input sheet",IF(C36="x",'eDevices_general+behavior'!J93,""),"") | L36: =IF($J$12<>"Please select in data input sheet",IF(C36="x",0,""),"") | M36: =IF($J$12<>"Please select in data input sheet",IF(C36="x",INDEX(Dropdowns!$B$2:$D$9,MATCH($G$11,Dropdowns!$A$2:$A$9,0),MATCH($B36,Dropdowns!$B$1:$D$1,0))*'eDevices_general+behavior'!J161,""),"") | N36: =IF($J$12<>"Please select in data input sheet",IF(C36="x",INDEX(Dropdowns!$B$2:$D$9,MATCH($G$11,Dropdowns!$A$2:$A$9,0),MATCH($B36,Dropdowns!$B$1:$D$1,0))*'eDevices_general+behavior'!J197*INDEX(Dropdowns!$C$34:$C$38,MATCH($J$12,Dropdowns!$A$34:$A$38,0)),""),"") | O36: =IF($J$12<>"Please select in data input sheet",IF(C36="x",INDEX(Dropdowns!$B$2:$D$9,MATCH($G$11,Dropdowns!$A$2:$A$9,0),MATCH($B36,Dropdowns!$B$1:$D$1,0))*'eDevices_general+behavior'!J233*INDEX(Dropdowns!$C$34:$C$38,MATCH($J$12,Dropdowns!$A$34:$A$38,0)),""),"") | P36: =IF($J$12<>"Please select in data input sheet",IF(C36="x",INDEX(Dropdowns!$B$2:$D$9,MATCH($G$11,Dropdowns!$A$2:$A$9,0),MATCH($B36,Dropdowns!$B$1:$D$1,0))*'eDevices_general+behavior'!J152,""),"") | Q36: =IF($J$12<>"Please select in data input sheet",IF(C36="x",INDEX(Dropdowns!$B$2:$D$9,MATCH($G$11,Dropdowns!$A$2:$A$9,0),MATCH($B36,Dropdowns!$B$1:$D$1,0))*'eDevices_general+behavior'!J179,""),"") | R36: =IF($J$12<>"Please select in data input sheet",IF(C36="x",INDEX(Dropdowns!$B$2:$D$9,MATCH($G$11,Dropdowns!$A$2:$A$9,0),MATCH($B36,Dropdowns!$B$1:$D$1,0))*'eDevices_general+behavior'!J215,""),"")
B37: N | D37: Washing machine - Use eco programs for washing machine | I37: =IF($J$12<>"Please select in data input sheet",IF(C37="x",'eDevices_general+behavior'!J85,""),"") | J37: =IF($J$12<>"Please select in data input sheet",IF(C37="x","-",""),"") | K37: =IF($J$12<>"Please select in data input sheet",IF(C37="x",'eDevices_general+behavior'!J94,""),"") | L37: =IF($J$12<>"Please select in data input sheet",IF(C37="x",0,""),"") | M37: =IF($J$12<>"Please select in data input sheet",IF(C37="x",INDEX(Dropdowns!$B$2:$D$9,MATCH($G$11,Dropdowns!$A$2:$A$9,0),MATCH($B37,Dropdowns!$B$1:$D$1,0))*'eDevices_general+behavior'!J162,""),"") | N37: =IF($J$12<>"Please select in data input sheet",IF(C37="x",INDEX(Dropdowns!$B$2:$D$9,MATCH($G$11,Dropdowns!$A$2:$A$9,0),MATCH($B37,Dropdowns!$B$1:$D$1,0))*'eDevices_general+behavior'!J198*INDEX(Dropdowns!$C$34:$C$38,MATCH($J$12,Dropdowns!$A$34:$A$38,0)),""),"") | O37: =IF($J$12<>"Please select in data input sheet",IF(C37="x",INDEX(Dropdowns!$B$2:$D$9,MATCH($G$11,Dropdowns!$A$2:$A$9,0),MATCH($B37,Dropdowns!$B$1:$D$1,0))*'eDevices_general+behavior'!J234*INDEX(Dropdowns!$C$34:$C$38,MATCH($J$12,Dropdowns!$A$34:$A$38,0)),""),"") | P37: =IF($J$12<>"Please select in data input sheet",IF(C37="x",INDEX(Dropdowns!$B$2:$D$9,MATCH($G$11,Dropdowns!$A$2:$A$9,0),MATCH($B37,Dropdowns!$B$1:$D$1,0))*'eDevices_general+behavior'!J153,""),"") | Q37: =IF($J$12<>"Please select in data input sheet",IF(C37="x",INDEX(Dropdowns!$B$2:$D$9,MATCH($G$11,Dropdowns!$A$2:$A$9,0),MATCH($B37,Dropdowns!$B$1:$D$1,0))*'eDevices_general+behavior'!J180,""),"") | R37: =IF($J$12<>"Please select in data input sheet",IF(C37="x",INDEX(Dropdowns!$B$2:$D$9,MATCH($G$11,Dropdowns!$A$2:$A$9,0),MATCH($B37,Dropdowns!$B$1:$D$1,0))*'eDevices_general+behavior'!J216,""),"")
B38: N | D38: Washing machine - Using detergents allowing to wash laundry at 30 degrees | I38: =IF($J$12<>"Please select in data input sheet",IF(C38="x",'eDevices_general+behavior'!J86,""),"") | J38: =IF($J$12<>"Please select in data input sheet",IF(C38="x","-",""),"") | K38: =IF($J$12<>"Please select in data input sheet",IF(C38="x",'eDevices_general+behavior'!J95,""),"") | L38: =IF($J$12<>"Please select in data input sheet",IF(C38="x",0,""),"") | M38: =IF($J$12<>"Please select in data input sheet",IF(C38="x",INDEX(Dropdowns!$B$2:$D$9,MATCH($G$11,Dropdowns!$A$2:$A$9,0),MATCH($B38,Dropdowns!$B$1:$D$1,0))*'eDevices_general+behavior'!J163,""),"") | N38: =IF($J$12<>"Please select in data input sheet",IF(C38="x",INDEX(Dropdowns!$B$2:$D$9,MATCH($G$11,Dropdowns!$A$2:$A$9,0),MATCH($B38,Dropdowns!$B$1:$D$1,0))*'eDevices_general+behavior'!J199*INDEX(Dropdowns!$C$34:$C$38,MATCH($J$12,Dropdowns!$A$34:$A$38,0)),""),"") | O38: =IF($J$12<>"Please select in data input sheet",IF(C38="x",INDEX(Dropdowns!$B$2:$D$9,MATCH($G$11,Dropdowns!$A$2:$A$9,0),MATCH($B38,Dropdowns!$B$1:$D$1,0))*'eDevices_general+behavior'!J235*INDEX(Dropdowns!$C$34:$C$38,MATCH($J$12,Dropdowns!$A$34:$A$38,0)),""),"") | P38: =IF($J$12<>"Please select in data input sheet",IF(C38="x",INDEX(Dropdowns!$B$2:$D$9,MATCH($G$11,Dropdowns!$A$2:$A$9,0),MATCH($B38,Dropdowns!$B$1:$D$1,0))*'eDevices_general+behavior'!J154,""),"") | Q38: =IF($J$12<>"Please select in data input sheet",IF(C38="x",INDEX(Dropdowns!$B$2:$D$9,MATCH($G$11,Dropdowns!$A$2:$A$9,0),MATCH($B38,Dropdowns!$B$1:$D$1,0))*'eDevices_general+behavior'!J181,""),"") | R38: =IF($J$12<>"Please select in data input sheet",IF(C38="x",INDEX(Dropdowns!$B$2:$D$9,MATCH($G$11,Dropdowns!$A$2:$A$9,0),MATCH($B38,Dropdowns!$B$1:$D$1,0))*'eDevices_general+behavior'!J217,""),"")
B39: N | D39: Tumble dryer - Leave laundry to dry on a clothes horse | I39: =IF($J$12<>"Please select in data input sheet",IF(C39="x",'eDevices_general+behavior'!J87,""),"") | J39: =IF($J$12<>"Please select in data input sheet",IF(C39="x","-",""),"") | K39: =IF($J$12<>"Please select in data input sheet",IF(C39="x",'eDevices_general+behavior'!J96,""),"") | L39: =IF($J$12<>"Please select in data input sheet",IF(C39="x",0,""),"") | M39: =IF($J$12<>"Please select in data input sheet",IF(C39="x",INDEX(Dropdowns!$B$2:$D$9,MATCH($G$11,Dropdowns!$A$2:$A$9,0),MATCH($B39,Dropdowns!$B$1:$D$1,0))*'eDevices_general+behavior'!J164,""),"") | N39: =IF($J$12<>"Please select in data input sheet",IF(C39="x",INDEX(Dropdowns!$B$2:$D$9,MATCH($G$11,Dropdowns!$A$2:$A$9,0),MATCH($B39,Dropdowns!$B$1:$D$1,0))*'eDevices_general+behavior'!J200*INDEX(Dropdowns!$C$34:$C$38,MATCH($J$12,Dropdowns!$A$34:$A$38,0)),""),"") | O39: =IF($J$12<>"Please select in data input sheet",IF(C39="x",INDEX(Dropdowns!$B$2:$D$9,MATCH($G$11,Dropdowns!$A$2:$A$9,0),MATCH($B39,Dropdowns!$B$1:$D$1,0))*'eDevices_general+behavior'!J236*INDEX(Dropdowns!$C$34:$C$38,MATCH($J$12,Dropdowns!$A$34:$A$38,0)),""),"") | P39: =IF($J$12<>"Please select in data input sheet",IF(C39="x",INDEX(Dropdowns!$B$2:$D$9,MATCH($G$11,Dropdowns!$A$2:$A$9,0),MATCH($B39,Dropdowns!$B$1:$D$1,0))*'eDevices_general+behavior'!J155,""),"") | Q39: =IF($J$12<>"Please select in data input sheet",IF(C39="x",INDEX(Dropdowns!$B$2:$D$9,MATCH($G$11,Dropdowns!$A$2:$A$9,0),MATCH($B39,Dropdowns!$B$1:$D$1,0))*'eDevices_general+behavior'!J182,""),"") | R39: =IF($J$12<>"Please select in data input sheet",IF(C39="x",INDEX(Dropdowns!$B$2:$D$9,MATCH($G$11,Dropdowns!$A$2:$A$9,0),MATCH($B39,Dropdowns!$B$1:$D$1,0))*'eDevices_general+behavior'!J218,""),"")
B40: N | D40: Use eco programs for dish washer | I40: =IF($J$12<>"Please select in data input sheet",IF(C40="x",'eDevices_general+behavior'!J88,""),"") | J40: =IF($J$12<>"Please select in data input sheet",IF(C40="x","-",""),"") | K40: =IF($J$12<>"Please select in data input sheet",IF(C40="x",'eDevices_general+behavior'!J97,""),"") | L40: =IF($J$12<>"Please select in data input sheet",IF(C40="x",0,""),"") | M40: =IF($J$12<>"Please select in data input sheet",IF(C40="x",INDEX(Dropdowns!$B$2:$D$9,MATCH($G$11,Dropdowns!$A$2:$A$9,0),MATCH($B40,Dropdowns!$B$1:$D$1,0))*'eDevices_general+behavior'!J165,""),"") | N40: =IF($J$12<>"Please select in data input sheet",IF(C40="x",INDEX(Dropdowns!$B$2:$D$9,MATCH($G$11,Dropdowns!$A$2:$A$9,0),MATCH($B40,Dropdowns!$B$1:$D$1,0))*'eDevices_general+behavior'!J201*INDEX(Dropdowns!$C$34:$C$38,MATCH($J$12,Dropdowns!$A$34:$A$38,0)),""),"") | O40: =IF($J$12<>"Please select in data input sheet",IF(C40="x",INDEX(Dropdowns!$B$2:$D$9,MATCH($G$11,Dropdowns!$A$2:$A$9,0),MATCH($B40,Dropdowns!$B$1:$D$1,0))*'eDevices_general+behavior'!J237*INDEX(Dropdowns!$C$34:$C$38,MATCH($J$12,Dropdowns!$A$34:$A$38,0)),""),"") | P40: =IF($J$12<>"Please select in data input sheet",IF(C40="x",INDEX(Dropdowns!$B$2:$D$9,MATCH($G$11,Dropdowns!$A$2:$A$9,0),MATCH($B40,Dropdowns!$B$1:$D$1,0))*'eDevices_general+behavior'!J156,""),"") | Q40: =IF($J$12<>"Please select in data input sheet",IF(C40="x",INDEX(Dropdowns!$B$2:$D$9,MATCH($G$11,Dropdowns!$A$2:$A$9,0),MATCH($B40,Dropdowns!$B$1:$D$1,0))*'eDevices_general+behavior'!J183,""),"") | R40: =IF($J$12<>"Please select in data input sheet",IF(C40="x",INDEX(Dropdowns!$B$2:$D$9,MATCH($G$11,Dropdowns!$A$2:$A$9,0),MATCH($B40,Dropdowns!$B$1:$D$1,0))*'eDevices_general+behavior'!J219,""),"")
B41: N | D41: Turning off devices with standby electricity consumption | I41: =IF($J$12<>"Please select in data input sheet",IF(C41="x",'eDevices_general+behavior'!J89,""),"") | J41: =IF($J$12<>"Please select in data input sheet",IF(C41="x","-",""),"") | K41: =IF($J$12<>"Please select in data input sheet",IF(C41="x",'eDevices_general+behavior'!J98,""),"") | L41: =IF($J$12<>"Please select in data input sheet",IF(C41="x",0,""),"") | M41: =IF($J$12<>"Please select in data input sheet",IF(C41="x",INDEX(Dropdowns!$B$2:$D$9,MATCH($G$11,Dropdowns!$A$2:$A$9,0),MATCH($B41,Dropdowns!$B$1:$D$1,0))*'eDevices_general+behavior'!J166,""),"") | N41: =IF($J$12<>"Please select in data input sheet",IF(C41="x",INDEX(Dropdowns!$B$2:$D$9,MATCH($G$11,Dropdowns!$A$2:$A$9,0),MATCH($B41,Dropdowns!$B$1:$D$1,0))*'eDevices_general+behavior'!J202*INDEX(Dropdowns!$C$34:$C$38,MATCH($J$12,Dropdowns!$A$34:$A$38,0)),""),"") | O41: =IF($J$12<>"Please select in data input sheet",IF(C41="x",INDEX(Dropdowns!$B$2:$D$9,MATCH($G$11,Dropdowns!$A$2:$A$9,0),MATCH($B41,Dropdowns!$B$1:$D$1,0))*'eDevices_general+behavior'!J238*INDEX(Dropdowns!$C$34:$C$38,MATCH($J$12,Dropdowns!$A$34:$A$38,0)),""),"") | P41: =IF($J$12<>"Please select in data input sheet",IF(C41="x",INDEX(Dropdowns!$B$2:$D$9,MATCH($G$11,Dropdowns!$A$2:$A$9,0),MATCH($B41,Dropdowns!$B$1:$D$1,0))*'eDevices_general+behavior'!J157,""),"") | Q41: =IF($J$12<>"Please select in data input sheet",IF(C41="x",INDEX(Dropdowns!$B$2:$D$9,MATCH($G$11,Dropdowns!$A$2:$A$9,0),MATCH($B41,Dropdowns!$B$1:$D$1,0))*'eDevices_general+behavior'!J184,""),"") | R41: =IF($J$12<>"Please select in data input sheet",IF(C41="x",INDEX(Dropdowns!$B$2:$D$9,MATCH($G$11,Dropdowns!$A$2:$A$9,0),MATCH($B41,Dropdowns!$B$1:$D$1,0))*'eDevices_general+behavior'!J220,""),"")
B42: L | D42: Use LEDs (partly with motion sensors) | I42: =IF($J$12<>"Please select in data input sheet",IF(C42="x",eDevices_small_invest!K14,""),"") | J42: =IF($J$12<>"Please select in data input sheet",IF(C42="x","unrefurbished: "&eDevices_small_invest!O94&", refurbished: "&eDevices_small_invest!P94,""),"") | K42: =IF($J$12<>"Please select in data input sheet",IF(C42="x",eDevices_small_invest!K80,""),"") | L42: =IF($J$12<>"Please select in data input sheet",IF(C42="x",INDEX(Dropdowns!$B$2:$D$9,MATCH($G$11,Dropdowns!$A$2:$A$9,0),MATCH($B42,Dropdowns!$B$1:$D$1,0))*eDevices_small_invest!J129*INDEX(Dropdowns!$C$34:$C$38,MATCH($J$12,Dropdowns!$A$34:$A$38,0)),""),"") | M42: =IF($J$12<>"Please select in data input sheet",IF(C42="x",INDEX(Dropdowns!$B$2:$D$9,MATCH($G$11,Dropdowns!$A$2:$A$9,0),MATCH($B42,Dropdowns!$B$1:$D$1,0))*eDevices_small_invest!J139,""),"") | N42: =IF($J$12<>"Please select in data input sheet",IF(C42="x",INDEX(Dropdowns!$B$2:$D$9,MATCH($G$11,Dropdowns!$A$2:$A$9,0),MATCH($B42,Dropdowns!$B$1:$D$1,0))*eDevices_small_invest!J159*INDEX(Dropdowns!$C$34:$C$38,MATCH($J$12,Dropdowns!$A$34:$A$38,0)),""),"") | O42: =IF($J$12<>"Please select in data input sheet",IF(C42="x",INDEX(Dropdowns!$B$2:$D$9,MATCH($G$11,Dropdowns!$A$2:$A$9,0),MATCH($B42,Dropdowns!$B$1:$D$1,0))*eDevices_small_invest!J179*INDEX(Dropdowns!$C$34:$C$38,MATCH($J$12,Dropdowns!$A$34:$A$38,0)),""),"") | P42: =IF($J$12<>"Please select in data input sheet",IF(C42="x",INDEX(Dropdowns!$B$2:$D$9,MATCH($G$11,Dropdowns!$A$2:$A$9,0),MATCH($B42,Dropdowns!$B$1:$D$1,0))*eDevices_small_invest!J134,""),"") | Q42: =IF($J$12<>"Please select in data input sheet",IF(C42="x",INDEX(Dropdowns!$B$2:$D$9,MATCH($G$11,Dropdowns!$A$2:$A$9,0),MATCH($B42,Dropdowns!$B$1:$D$1,0))*eDevices_small_invest!J149,""),"") | R42: =IF($J$12<>"Please select in data input sheet",IF(C42="x",INDEX(Dropdowns!$B$2:$D$9,MATCH($G$11,Dropdowns!$A$2:$A$9,0),MATCH($B42,Dropdowns!$B$1:$D$1,0))*eDevices_small_invest!J169,""),"")
B43: L | D43: Use switchable sockets to avoid stand-by | I43: =IF($J$12<>"Please select in data input sheet",IF(C43="x",eDevices_small_invest!K15,""),"") | J43: =IF($J$12<>"Please select in data input sheet",IF(C43="x","unrefurbished: "&eDevices_small_invest!O95&", refurbished: "&eDevices_small_invest!P95,""),"") | K43: =IF($J$12<>"Please select in data input sheet",IF(C43="x",eDevices_small_invest!K81,""),"") | L43: =IF($J$12<>"Please select in data input sheet",IF(C43="x",INDEX(Dropdowns!$B$2:$D$9,MATCH($G$11,Dropdowns!$A$2:$A$9,0),MATCH($B43,Dropdowns!$B$1:$D$1,0))*eDevices_small_invest!J130*INDEX(Dropdowns!$C$34:$C$38,MATCH($J$12,Dropdowns!$A$34:$A$38,0)),""),"") | M43: =IF($J$12<>"Please select in data input sheet",IF(C43="x",INDEX(Dropdowns!$B$2:$D$9,MATCH($G$11,Dropdowns!$A$2:$A$9,0),MATCH($B43,Dropdowns!$B$1:$D$1,0))*eDevices_small_invest!J140,""),"") | N43: =IF($J$12<>"Please select in data input sheet",IF(C43="x",INDEX(Dropdowns!$B$2:$D$9,MATCH($G$11,Dropdowns!$A$2:$A$9,0),MATCH($B43,Dropdowns!$B$1:$D$1,0))*eDevices_small_invest!J160*INDEX(Dropdowns!$C$34:$C$38,MATCH($J$12,Dropdowns!$A$34:$A$38,0)),""),"") | O43: =IF($J$12<>"Please select in data input sheet",IF(C43="x",INDEX(Dropdowns!$B$2:$D$9,MATCH($G$11,Dropdowns!$A$2:$A$9,0),MATCH($B43,Dropdowns!$B$1:$D$1,0))*eDevices_small_invest!J180*INDEX(Dropdowns!$C$34:$C$38,MATCH($J$12,Dropdowns!$A$34:$A$38,0)),""),"") | P43: =IF($J$12<>"Please select in data input sheet",IF(C43="x",INDEX(Dropdowns!$B$2:$D$9,MATCH($G$11,Dropdowns!$A$2:$A$9,0),MATCH($B43,Dropdowns!$B$1:$D$1,0))*eDevices_small_invest!J135,""),"") | Q43: =IF($J$12<>"Please select in data input sheet",IF(C43="x",INDEX(Dropdowns!$B$2:$D$9,MATCH($G$11,Dropdowns!$A$2:$A$9,0),MATCH($B43,Dropdowns!$B$1:$D$1,0))*eDevices_small_invest!J150,""),"") | R43: =IF($J$12<>"Please select in data input sheet",IF(C43="x",INDEX(Dropdowns!$B$2:$D$9,MATCH($G$11,Dropdowns!$A$2:$A$9,0),MATCH($B43,Dropdowns!$B$1:$D$1,0))*eDevices_small_invest!J170,""),"")
B44: L | D44: Using stand fans for reducing air conditioning operation | I44: =IF($J$12<>"Please select in data input sheet",IF(C44="x",eDevices_small_invest!K16,""),"") | J44: =IF($J$12<>"Please select in data input sheet",IF(C44="x","unrefurbished: "&eDevices_small_invest!O96&", refurbished: "&eDevices_small_invest!P96,""),"") | K44: =IF($J$12<>"Please select in data input sheet",IF(C44="x",eDevices_small_invest!K82,""),"") | L44: =IF($J$12<>"Please select in data input sheet",IF(C44="x",INDEX(Dropdowns!$B$2:$D$9,MATCH($G$11,Dropdowns!$A$2:$A$9,0),MATCH($B44,Dropdowns!$B$1:$D$1,0))*eDevices_small_invest!J131*INDEX(Dropdowns!$C$34:$C$38,MATCH($J$12,Dropdowns!$A$34:$A$38,0)),""),"") | M44: =IF($J$12<>"Please select in data input sheet",IF(C44="x",INDEX(Dropdowns!$B$2:$D$9,MATCH($G$11,Dropdowns!$A$2:$A$9,0),MATCH($B44,Dropdowns!$B$1:$D$1,0))*eDevices_small_invest!J141,""),"") | N44: =IF($J$12<>"Please select in data input sheet",IF(C44="x",INDEX(Dropdowns!$B$2:$D$9,MATCH($G$11,Dropdowns!$A$2:$A$9,0),MATCH($B44,Dropdowns!$B$1:$D$1,0))*eDevices_small_invest!J161*INDEX(Dropdowns!$C$34:$C$38,MATCH($J$12,Dropdowns!$A$34:$A$38,0)),""),"") | O44: =IF($J$12<>"Please select in data input sheet",IF(C44="x",INDEX(Dropdowns!$B$2:$D$9,MATCH($G$11,Dropdowns!$A$2:$A$9,0),MATCH($B44,Dropdowns!$B$1:$D$1,0))*eDevices_small_invest!J181*INDEX(Dropdowns!$C$34:$C$38,MATCH($J$12,Dropdowns!$A$34:$A$38,0)),""),"") | P44: =IF($J$12<>"Please select in data input sheet",IF(C44="x",INDEX(Dropdowns!$B$2:$D$9,MATCH($G$11,Dropdowns!$A$2:$A$9,0),MATCH($B44,Dropdowns!$B$1:$D$1,0))*eDevices_small_invest!J136,""),"") | Q44: =IF($J$12<>"Please select in data input sheet",IF(C44="x",INDEX(Dropdowns!$B$2:$D$9,MATCH($G$11,Dropdowns!$A$2:$A$9,0),MATCH($B44,Dropdowns!$B$1:$D$1,0))*eDevices_small_invest!J151,""),"") | R44: =IF($J$12<>"Please select in data input sheet",IF(C44="x",INDEX(Dropdowns!$B$2:$D$9,MATCH($G$11,Dropdowns!$A$2:$A$9,0),MATCH($B44,Dropdowns!$B$1:$D$1,0))*eDevices_small_invest!J171,""),"")
B45: I | D45: Replacing old circulation pumps for domestic hot water transport | I45: =IF($J$12<>"Please select in data input sheet",IF(C45="x",eDevices_high_invest!K17,""),"") | J45: =IF($J$12<>"Please select in data input sheet",IF(C45="x","unrefurbished: "&eDevices_high_invest!O135&", refurbished: "&eDevices_high_invest!P135,""),"") | K45: =IF($J$12<>"Please select in data input sheet",IF(C45="x",eDevices_high_invest!K115,""),"") | L45: =IF($J$12<>"Please select in data input sheet",IF(C45="x",INDEX(Dropdowns!$B$2:$D$9,MATCH($G$11,Dropdowns!$A$2:$A$9,0),MATCH($B45,Dropdowns!$B$1:$D$1,0))*eDevices_high_invest!J188*INDEX(Dropdowns!$C$34:$C$38,MATCH($J$12,Dropdowns!$A$34:$A$38,0)),""),"") | M45: =IF($J$12<>"Please select in data input sheet",IF(C45="x",INDEX(Dropdowns!$B$2:$D$9,MATCH($G$11,Dropdowns!$A$2:$A$9,0),MATCH($B45,Dropdowns!$B$1:$D$1,0))*eDevices_high_invest!J204,""),"") | N45: =IF($J$12<>"Please select in data input sheet",IF(C45="x",INDEX(Dropdowns!$B$2:$D$9,MATCH($G$11,Dropdowns!$A$2:$A$9,0),MATCH($B45,Dropdowns!$B$1:$D$1,0))*eDevices_high_invest!J236*INDEX(Dropdowns!$C$34:$C$38,MATCH($J$12,Dropdowns!$A$34:$A$38,0)),""),"") | O45: =IF($J$12<>"Please select in data input sheet",IF(C45="x",INDEX(Dropdowns!$B$2:$D$9,MATCH($G$11,Dropdowns!$A$2:$A$9,0),MATCH($B45,Dropdowns!$B$1:$D$1,0))*eDevices_high_invest!J268*INDEX(Dropdowns!$C$34:$C$38,MATCH($J$12,Dropdowns!$A$34:$A$38,0)),""),"") | P45: =IF($J$12<>"Please select in data input sheet",IF(C45="x",INDEX(Dropdowns!$B$2:$D$9,MATCH($G$11,Dropdowns!$A$2:$A$9,0),MATCH($B45,Dropdowns!$B$1:$D$1,0))*eDevices_high_invest!J196,""),"") | Q45: =IF($J$12<>"Please select in data input sheet",IF(C45="x",INDEX(Dropdowns!$B$2:$D$9,MATCH($G$11,Dropdowns!$A$2:$A$9,0),MATCH($B45,Dropdowns!$B$1:$D$1,0))*eDevices_high_invest!J220,""),"") | R45: =IF($J$12<>"Please select in data input sheet",IF(C45="x",INDEX(Dropdowns!$B$2:$D$9,MATCH($G$11,Dropdowns!$A$2:$A$9,0),MATCH($B45,Dropdowns!$B$1:$D$1,0))*eDevices_high_invest!J252,""),"")
B46: I | D46: Replacing old circulation pumps for space heat water transport | I46: =IF($J$12<>"Please select in data input sheet",IF(C46="x",eDevices_high_invest!K18,""),"") | J46: =IF($J$12<>"Please select in data input sheet",IF(C46="x","unrefurbished: "&eDevices_high_invest!O136&", refurbished: "&eDevices_high_invest!P136,""),"") | K46: =IF($J$12<>"Please select in data input sheet",IF(C46="x",eDevices_high_invest!K116,""),"") | L46: =IF($J$12<>"Please select in data input sheet",IF(C46="x",INDEX(Dropdowns!$B$2:$D$9,MATCH($G$11,Dropdowns!$A$2:$A$9,0),MATCH($B46,Dropdowns!$B$1:$D$1,0))*eDevices_high_invest!J189*INDEX(Dropdowns!$C$34:$C$38,MATCH($J$12,Dropdowns!$A$34:$A$38,0)),""),"") | M46: =IF($J$12<>"Please select in data input sheet",IF(C46="x",INDEX(Dropdowns!$B$2:$D$9,MATCH($G$11,Dropdowns!$A$2:$A$9,0),MATCH($B46,Dropdowns!$B$1:$D$1,0))*eDevices_high_invest!J205,""),"") | N46: =IF($J$12<>"Please select in data input sheet",IF(C46="x",INDEX(Dropdowns!$B$2:$D$9,MATCH($G$11,Dropdowns!$A$2:$A$9,0),MATCH($B46,Dropdowns!$B$1:$D$1,0))*eDevices_high_invest!J237*INDEX(Dropdowns!$C$34:$C$38,MATCH($J$12,Dropdowns!$A$34:$A$38,0)),""),"") | O46: =IF($J$12<>"Please select in data input sheet",IF(C46="x",INDEX(Dropdowns!$B$2:$D$9,MATCH($G$11,Dropdowns!$A$2:$A$9,0),MATCH($B46,Dropdowns!$B$1:$D$1,0))*eDevices_high_invest!J269*INDEX(Dropdowns!$C$34:$C$38,MATCH($J$12,Dropdowns!$A$34:$A$38,0)),""),"") | P46: =IF($J$12<>"Please select in data input sheet",IF(C46="x",INDEX(Dropdowns!$B$2:$D$9,MATCH($G$11,Dropdowns!$A$2:$A$9,0),MATCH($B46,Dropdowns!$B$1:$D$1,0))*eDevices_high_invest!J197,""),"") | Q46: =IF($J$12<>"Please select in data input sheet",IF(C46="x",INDEX(Dropdowns!$B$2:$D$9,MATCH($G$11,Dropdowns!$A$2:$A$9,0),MATCH($B46,Dropdowns!$B$1:$D$1,0))*eDevices_high_invest!J221,""),"") | R46: =IF($J$12<>"Please select in data input sheet",IF(C46="x",INDEX(Dropdowns!$B$2:$D$9,MATCH($G$11,Dropdowns!$A$2:$A$9,0),MATCH($B46,Dropdowns!$B$1:$D$1,0))*eDevices_high_invest!J253,""),"")
B47: I | D47: Replacing inefficient electricity devices (refrigerator) | I47: =IF($J$12<>"Please select in data input sheet",IF(C47="x",eDevices_high_invest!K19,""),"") | J47: =IF($J$12<>"Please select in data input sheet",IF(C47="x","unrefurbished: "&eDevices_high_invest!O137&", refurbished: "&eDevices_high_invest!P137,""),"") | K47: =IF($J$12<>"Please select in data input sheet",IF(C47="x",eDevices_high_invest!K117,""),"") | L47: =IF($J$12<>"Please select in data input sheet",IF(C47="x",INDEX(Dropdowns!$B$2:$D$9,MATCH($G$11,Dropdowns!$A$2:$A$9,0),MATCH($B47,Dropdowns!$B$1:$D$1,0))*eDevices_high_invest!J190*INDEX(Dropdowns!$C$34:$C$38,MATCH($J$12,Dropdowns!$A$34:$A$38,0)),""),"") | M47: =IF($J$12<>"Please select in data input sheet",IF(C47="x",INDEX(Dropdowns!$B$2:$D$9,MATCH($G$11,Dropdowns!$A$2:$A$9,0),MATCH($B47,Dropdowns!$B$1:$D$1,0))*eDevices_high_invest!J206,""),"") | N47: =IF($J$12<>"Please select in data input sheet",IF(C47="x",INDEX(Dropdowns!$B$2:$D$9,MATCH($G$11,Dropdowns!$A$2:$A$9,0),MATCH($B47,Dropdowns!$B$1:$D$1,0))*eDevices_high_invest!J238*INDEX(Dropdowns!$C$34:$C$38,MATCH($J$12,Dropdowns!$A$34:$A$38,0)),""),"") | O47: =IF($J$12<>"Please select in data input sheet",IF(C47="x",INDEX(Dropdowns!$B$2:$D$9,MATCH($G$11,Dropdowns!$A$2:$A$9,0),MATCH($B47,Dropdowns!$B$1:$D$1,0))*eDevices_high_invest!J270*INDEX(Dropdowns!$C$34:$C$38,MATCH($J$12,Dropdowns!$A$34:$A$38,0)),""),"") | P47: =IF($J$12<>"Please select in data input sheet",IF(C47="x",INDEX(Dropdowns!$B$2:$D$9,MATCH($G$11,Dropdowns!$A$2:$A$9,0),MATCH($B47,Dropdowns!$B$1:$D$1,0))*eDevices_high_invest!J198,""),"") | Q47: =IF($J$12<>"Please select in data input sheet",IF(C47="x",INDEX(Dropdowns!$B$2:$D$9,MATCH($G$11,Dropdowns!$A$2:$A$9,0),MATCH($B47,Dropdowns!$B$1:$D$1,0))*eDevices_high_invest!J222,""),"") | R47: =IF($J$12<>"Please select in data input sheet",IF(C47="x",INDEX(Dropdowns!$B$2:$D$9,MATCH($G$11,Dropdowns!$A$2:$A$9,0),MATCH($B47,Dropdowns!$B$1:$D$1,0))*eDevices_high_invest!J254,""),"")
B48: I | D48: Replacing inefficient electricity devices (freezer) | I48: =IF($J$12<>"Please select in data input sheet",IF(C48="x",eDevices_high_invest!K20,""),"") | J48: =IF($J$12<>"Please select in data input sheet",IF(C48="x","unrefurbished: "&eDevices_high_invest!O138&", refurbished: "&eDevices_high_invest!P138,""),"") | K48: =IF($J$12<>"Please select in data input sheet",IF(C48="x",eDevices_high_invest!K118,""),"") | L48: =IF($J$12<>"Please select in data input sheet",IF(C48="x",INDEX(Dropdowns!$B$2:$D$9,MATCH($G$11,Dropdowns!$A$2:$A$9,0),MATCH($B48,Dropdowns!$B$1:$D$1,0))*eDevices_high_invest!J191*INDEX(Dropdowns!$C$34:$C$38,MATCH($J$12,Dropdowns!$A$34:$A$38,0)),""),"") | M48: =IF($J$12<>"Please select in data input sheet",IF(C48="x",INDEX(Dropdowns!$B$2:$D$9,MATCH($G$11,Dropdowns!$A$2:$A$9,0),MATCH($B48,Dropdowns!$B$1:$D$1,0))*eDevices_high_invest!J207,""),"") | N48: =IF($J$12<>"Please select in data input sheet",IF(C48="x",INDEX(Dropdowns!$B$2:$D$9,MATCH($G$11,Dropdowns!$A$2:$A$9,0),MATCH($B48,Dropdowns!$B$1:$D$1,0))*eDevices_high_invest!J239*INDEX(Dropdowns!$C$34:$C$38,MATCH($J$12,Dropdowns!$A$34:$A$38,0)),""),"") | O48: =IF($J$12<>"Please select in data input sheet",IF(C48="x",INDEX(Dropdowns!$B$2:$D$9,MATCH($G$11,Dropdowns!$A$2:$A$9,0),MATCH($B48,Dropdowns!$B$1:$D$1,0))*eDevices_high_invest!J271*INDEX(Dropdowns!$C$34:$C$38,MATCH($J$12,Dropdowns!$A$34:$A$38,0)),""),"") | P48: =IF($J$12<>"Please select in data input sheet",IF(C48="x",INDEX(Dropdowns!$B$2:$D$9,MATCH($G$11,Dropdowns!$A$2:$A$9,0),MATCH($B48,Dropdowns!$B$1:$D$1,0))*eDevices_high_invest!J199,""),"") | Q48: =IF($J$12<>"Please select in data input sheet",IF(C48="x",INDEX(Dropdowns!$B$2:$D$9,MATCH($G$11,Dropdowns!$A$2:$A$9,0),MATCH($B48,Dropdowns!$B$1:$D$1,0))*eDevices_high_invest!J223,""),"") | R48: =IF($J$12<>"Please select in data input sheet",IF(C48="x",INDEX(Dropdowns!$B$2:$D$9,MATCH($G$11,Dropdowns!$A$2:$A$9,0),MATCH($B48,Dropdowns!$B$1:$D$1,0))*eDevices_high_invest!J255,""),"")
B49: I | D49: Replacing inefficient electricity devices (washing machine) | I49: =IF($J$12<>"Please select in data input sheet",IF(C49="x",eDevices_high_invest!K21,""),"") | J49: =IF($J$12<>"Please select in data input sheet",IF(C49="x","unrefurbished: "&eDevices_high_invest!O139&", refurbished: "&eDevices_high_invest!P139,""),"") | K49: =IF($J$12<>"Please select in data input sheet",IF(C49="x",eDevices_high_invest!K119,""),"") | L49: =IF($J$12<>"Please select in data input sheet",IF(C49="x",INDEX(Dropdowns!$B$2:$D$9,MATCH($G$11,Dropdowns!$A$2:$A$9,0),MATCH($B49,Dropdowns!$B$1:$D$1,0))*eDevices_high_invest!J192*INDEX(Dropdowns!$C$34:$C$38,MATCH($J$12,Dropdowns!$A$34:$A$38,0)),""),"") | M49: =IF($J$12<>"Please select in data input sheet",IF(C49="x",INDEX(Dropdowns!$B$2:$D$9,MATCH($G$11,Dropdowns!$A$2:$A$9,0),MATCH($B49,Dropdowns!$B$1:$D$1,0))*eDevices_high_invest!J208,""),"") | N49: =IF($J$12<>"Please select in data input sheet",IF(C49="x",INDEX(Dropdowns!$B$2:$D$9,MATCH($G$11,Dropdowns!$A$2:$A$9,0),MATCH($B49,Dropdowns!$B$1:$D$1,0))*eDevices_high_invest!J240*INDEX(Dropdowns!$C$34:$C$38,MATCH($J$12,Dropdowns!$A$34:$A$38,0)),""),"") | O49: =IF($J$12<>"Please select in data input sheet",IF(C49="x",INDEX(Dropdowns!$B$2:$D$9,MATCH($G$11,Dropdowns!$A$2:$A$9,0),MATCH($B49,Dropdowns!$B$1:$D$1,0))*eDevices_high_invest!J272*INDEX(Dropdowns!$C$34:$C$38,MATCH($J$12,Dropdowns!$A$34:$A$38,0)),""),"") | P49: =IF($J$12<>"Please select in data input sheet",IF(C49="x",INDEX(Dropdowns!$B$2:$D$9,MATCH($G$11,Dropdowns!$A$2:$A$9,0),MATCH($B49,Dropdowns!$B$1:$D$1,0))*eDevices_high_invest!J200,""),"") | Q49: =IF($J$12<>"Please select in data input sheet",IF(C49="x",INDEX(Dropdowns!$B$2:$D$9,MATCH($G$11,Dropdowns!$A$2:$A$9,0),MATCH($B49,Dropdowns!$B$1:$D$1,0))*eDevices_high_invest!J224,""),"") | R49: =IF($J$12<>"Please select in data input sheet",IF(C49="x",INDEX(Dropdowns!$B$2:$D$9,MATCH($G$11,Dropdowns!$A$2:$A$9,0),MATCH($B49,Dropdowns!$B$1:$D$1,0))*eDevices_high_invest!J256,""),"")
B50: I | D50: Replacing inefficient electricity devices (dish washer) | I50: =IF($J$12<>"Please select in data input sheet",IF(C50="x",eDevices_high_invest!K22,""),"") | J50: =IF($J$12<>"Please select in data input sheet",IF(C50="x","unrefurbished: "&eDevices_high_invest!O140&", refurbished: "&eDevices_high_invest!P140,""),"") | K50: =IF($J$12<>"Please select in data input sheet",IF(C50="x",eDevices_high_invest!K120,""),"") | L50: =IF($J$12<>"Please select in data input sheet",IF(C50="x",INDEX(Dropdowns!$B$2:$D$9,MATCH($G$11,Dropdowns!$A$2:$A$9,0),MATCH($B50,Dropdowns!$B$1:$D$1,0))*eDevices_high_invest!J193*INDEX(Dropdowns!$C$34:$C$38,MATCH($J$12,Dropdowns!$A$34:$A$38,0)),""),"") | M50: =IF($J$12<>"Please select in data input sheet",IF(C50="x",INDEX(Dropdowns!$B$2:$D$9,MATCH($G$11,Dropdowns!$A$2:$A$9,0),MATCH($B50,Dropdowns!$B$1:$D$1,0))*eDevices_high_invest!J209,""),"") | N50: =IF($J$12<>"Please select in data input sheet",IF(C50="x",INDEX(Dropdowns!$B$2:$D$9,MATCH($G$11,Dropdowns!$A$2:$A$9,0),MATCH($B50,Dropdowns!$B$1:$D$1,0))*eDevices_high_invest!J241*INDEX(Dropdowns!$C$34:$C$38,MATCH($J$12,Dropdowns!$A$34:$A$38,0)),""),"") | O50: =IF($J$12<>"Please select in data input sheet",IF(C50="x",INDEX(Dropdowns!$B$2:$D$9,MATCH($G$11,Dropdowns!$A$2:$A$9,0),MATCH($B50,Dropdowns!$B$1:$D$1,0))*eDevices_high_invest!J273*INDEX(Dropdowns!$C$34:$C$38,MATCH($J$12,Dropdowns!$A$34:$A$38,0)),""),"") | P50: =IF($J$12<>"Please select in data input sheet",IF(C50="x",INDEX(Dropdowns!$B$2:$D$9,MATCH($G$11,Dropdowns!$A$2:$A$9,0),MATCH($B50,Dropdowns!$B$1:$D$1,0))*eDevices_high_invest!J201,""),"") | Q50: =IF($J$12<>"Please select in data input sheet",IF(C50="x",INDEX(Dropdowns!$B$2:$D$9,MATCH($G$11,Dropdowns!$A$2:$A$9,0),MATCH($B50,Dropdowns!$B$1:$D$1,0))*eDevices_high_invest!J225,""),"") | R50: =IF($J$12<>"Please select in data input sheet",IF(C50="x",INDEX(Dropdowns!$B$2:$D$9,MATCH($G$11,Dropdowns!$A$2:$A$9,0),MATCH($B50,Dropdowns!$B$1:$D$1,0))*eDevices_high_invest!J257,""),"")
D52: HOW TO USE: Enter campaign type, campaign costs and households reached above. Then enter x only beside measures covered by the campaign.
D53: Orange = enter or select | Green = linked from Data Input | Blue/white = calculated results. Annual household results and lifetime campaign results are shown separately.

Sheet Dropdowns
A1: Campaign type | B1: N | C1: L | D1: I
A2: - select campaign type - | B2: 0 | C2: 0 | D2: 0
A3: Workshop | B3: 0.32 | C3: 0.29 | D3: 0.05
A4: Energy consultation | B4: 0.32 | C4: 0.29 | D4: 0.04 | F4: tvb media comparisons study 2021
A5: Other events | B5: =D5*$B$11 -> 0.0248 | C5: =D5*$C$11 -> 0.022475 | D5: =F5 -> 0.0031 | F5: 0.0031 | G5: Online
A6: Article / newspaper page | B6: =D6*$B$11 -> 0.0464 | C6: =D6*$C$11 -> 0.04205 | D6: =F6 -> 0.0058 | F6: 0.0058 | G6: print allgemein
A7: Website tipps / online campaign / Social Media | B7: =D7*$B$11 -> 0.0248 | C7: =D7*$C$11 -> 0.022475 | D7: =F7 -> 0.0031 | F7: 0.0031 | G7: Online
A8: Promotion material | B8: =D8*$B$11 -> 0.0328 | C8: =D8*$C$11 -> 0.029725 | D8: =F8 -> 0.0041 | F8: 0.0041 | G8: print speziell
A9: Open house day | B9: 0.32 | C9: 0.29 | D9: 0.04
B11: =B9/D9 -> 8 | C11: =C9/D9 -> 7.25
A13: Partner Countries | B13: GHG electricity (direct) | C13: GHG heat (direct)
A14: - select country - | B14: [g CO2e/kWh] | C14: [g CO2e/kWh]
A15: Germany | B15: 298 | C15: 250
A16: Lithuania | B16: 29 | C16: 101
A17: Austria | B17: 55 | C17: 120
A18: Portugal | B18: 72 | C18: 238
A19: Slovenia | B19: 172 | C19: 245
A21: Energy Prices
A22: Country | B22: Austria | C22: Germany | D22: Lithuania | E22: Portugal | F22: Slovenia | G22: Unit
A23: District heat (energy rate) | B23: 134 | C23: 120 | D23: 96 | E23: 130 | F23: 106 | G23: €/MWh
A24: Log wood | B24: 125 | C24: 120 | D24: 80 | E24: 100 | F24: 85 | G24: €/m³ stacked
A25: Biomass pellets | B25: 388 | C25: 377 | D25: 380 | E25: 380 | F25: 325 | G25: €/t
A26: Brown coal briquettes | B26: 615 | C26: 615 | D26: 615 | E26: 615 | F26: 615 | G26: €/t
A27: Liquefied Petroleum Gas (LPG) | B27: 126 | C27: 109 | D27: 78 | E27: 92 | F27: 96 | G27: €/100 l
A28: Fuel oil | B28: 132 | C28: 112 | D28: 113 | E28: 176 | F28: 120 | G28: €/100 l
A29: Natural gas | B29: 11.35 | C29: 11.31 | D29: 7.59 | E29: 11.32 | F29: 9.6 | G29: € Cent/kWh
A30: Electricity | B30: 29.3 | C30: 38.69 | D30: 22.63 | E30: 27.73 | F30: 24.2 | G30: € Cent/kWh
A32: Price level indices
B33: Price level index | C33: Investment cost factor
A34: Austria | B34: 113 | C34: =B34/$B$34 -> 1
A35: Germany | B35: 108.3 | C35: =B35/$B$34 -> 0.95840708
A36: Lithuania | B36: 82.8 | C36: =B36/$B$34 -> 0.73274336
A37: Portugal | B37: 86.6 | C37: =B37/$B$34 -> 0.76637168
A38: Slovenia | B38: 89.3 | C38: =B38/$B$34 -> 0.79026549

Sheet Model homes
C2: SaveEnergyTogether | D2: Cost Benefit Assessement Tool for assessing local and over-regional energy saving campaigns
B4: The purpose of this tool is to assess the effects of simple energy efficiency measures implemented in the residential housing sector through an energy-saving campaign.
B5: It will assess both the associated costs and benefits from the perspective of individual homeowners and institutional campaign implementers (Cost Benefit Assessment, or CBA).
B6: The CBA for individual homes is based on microeconomic principles (e.g. measure x pays off within y years) and shows individual environmental impacts.
B7: The campaign implementers' CBA includes campaign costs and wider macroeconomic, societal and environmental aspects (economic welfare).
B8: Implementing individual CBAs begins with defining four different residential home types that represent typical buildings in the campaign area.
C10: Main model homes' characteristics
B11: Help | C11: Parameter | D11: Unit | E11: Input Values | G11: Input Values | J11: Remark/Reference Value
C12: Building type | E12: Single family house | G12: Apartment house
C13: Thermal quality status of the building | E13: unrefurbished | F13: refurbished | G13: unrefurbished | H13: refurbished
B14: 1010 | C14: Gross floor area (GFA) | D14: m² | E14: ='Data Input'!B10 -> 140 | F14: ='Data Input'!C10 -> 140 | G14: ='Data Input'!D10 -> 750 | H14: ='Data Input'!E10 -> 750 | J14: GFA, incl. walls
B15: 1011 | C15: Heated gross floor area (GFA) | D15: m² | E15: =E14 -> 140 | F15: =F14 -> 140 | G15: =G14 -> 750 | H15: =H14 -> 750 | J15: GFA, incl. walls
B16: 1012 | C16: Heated floor space | D16: m² | E16: =E15*0.8 -> 112 | F16: =F15*0.8 -> 112 | G16: =G15*0.8 -> 600 | H16: =H15*0.8 -> 600 | J16: excl. wall thickness
B17: 1013 | C17: Number of storeys | D17: # | E17: 2 | F17: 2 | G17: 4 | H17: =G17 -> 4
B18: 1014 | C18: Room height, interior | D18: m | E18: 2.8 | F18: 2.8 | G18: 3 | H18: 3
B19: 1015 | C19: Interior volume of the building | D19: m³ | E19: =E16*E18 -> 313.6 | F19: =F16*F18 -> 313.6 | G19: =G16*G18 -> 1800 | H19: =H16*H18 -> 1800
B20: 1016 | C20: Floor/ceiling plan area, gross | D20: m² | E20: =E15/E17 -> 70 | F20: =F15/F17 -> 70 | G20: =G15/G17 -> 187.5 | H20: =H15/H17 -> 187.5
B21: 1017 | C21: Number of homes/apartments | D21: # | E21: 1 | F21: 1 | G21: 10 | H21: 10
B22: 1017 | C22: Number of homes/apartments with a uppermost ceiling | D22: # | E22: 1 | F22: 1 | G22: =ROUNDUP(G21/G17,) -> 3 | H22: =ROUNDUP(H21/H17,) -> 3
B23: 1018 | C23: Number of persons per home/apartment | D23: # | E23: 4 | F23: 4 | G23: 3 | H23: 3
B24: 1019 | C24: Heated gross floor area per home/apartment | D24: m² | E24: =E15/E21 -> 140 | F24: =F15/F21 -> 140 | G24: =G15/G21 -> 75 | H24: =H15/H21 -> 75
C26: Space heat (SPH) demand
B27: Help | C27: Parameter | D27: Unit | E27: Input Values & interim results | G27: =E27 -> Input Values & interim results | J27: Remark/Reference Value
C28: Building type | E28: Single family house | G28: Apartment house
C29: Thermal quality status of the building | E29: unrefurbished | F29: refurbished | G29: unrefurbished | H29: refurbished
C30: Space Heat (SPH) consumption
C31: Useful space heat (SPH) demand (see, e.g. Energy Performance Certificate) | D31: kWh/m².a | E31: ='Data Input'!B11 -> 145 | F31: ='Data Input'!C11 -> 55 | G31: ='Data Input'!D11 -> 95 | H31: ='Data Input'!E11 -> 45 | J31: see e.g. building typology from EU project Tabula | N31: https://webtool.building-typology.eu/#bm
C32: Standard interior temperature | D32: °C | E32: 20 | F32: =E32 -> 20 | G32: =F32 -> 20 | H32: =G32 -> 20 | J32: based on national Energy Performance Certificate standards
C33: Average outdoor temperature during heating season | D33: °C | E33: 9 | F33: =E33 -> 9 | G33: =F33 -> 9 | H33: =G33 -> 9
C34: Internal space heat distribution losses | D34: % | E34: 0.1 | F34: 0.065 | G34: 0.13 | H34: 0.04 | J34: losses from heater to heat dissipation system, with or without central storage
C35: Useful space heat (SPH) demand | D35: kWh/a | E35: =E$15/E$21*E$31/(1-E$34) -> 22555.556 | F35: =F$15/F$21*F$31/(1-F$34) -> 8235.2941 | G35: =G$15/G$21*G$31/(1-G$34) -> 8189.6552 | H35: =H$15/H$21*H$31/(1-H$34) -> 3515.625
C36: Internal space heat distribution losses | D36: kWh/a | E36: =E35*E34 -> 2255.5556 | F36: =F35*F34 -> 535.29412 | G36: =G35*G34 -> 1064.6552 | H36: =H35*H34 -> 140.625
C37: Annual energy conversion efficiency of main heating system
C38: District heat | D38: % | E38: 0.97 | F38: 0.98 | G38: =$E38 -> 0.97 | H38: =F38 -> 0.98
C39: Log wood | D39: % | E39: 0.65 | F39: 0.7 | G39: 0.67 | H39: 0.7
C40: Biomass pellets | D40: % | E40: 0.8 | F40: 0.84 | G40: 0.82 | H40: =F40 -> 0.84
C41: Brown coal briquettes | D41: % | E41: 0.65 | F41: 0.7 | G41: 0.65 | H41: =F41 -> 0.7
C42: Liquefied Petroleum Gas (LPG) | D42: % | E42: 0.8 | F42: 0.85 | G42: 0.8 | H42: =F42 -> 0.85
C43: Fuel oil | D43: % | E43: 0.8 | F43: 0.86 | G43: 0.8 | H43: =F43 -> 0.86
C44: Natural gas | D44: % | E44: 0.85 | F44: 0.87 | G44: 0.87 | H44: =F44 -> 0.87
C45: Direct-electricity system | D45: % | E45: 1 | F45: =$E45 -> 1 | G45: =$E45 -> 1 | H45: =$E45 -> 1
C46: Central heat pump | D46: SPF | E46: =0.5*(63+273.15)/(63-5) -> 2.8978448 | F46: =0.48*(53+273.15)/(53-5) -> 3.2615 | G46: =0.48*(53+273.15)/(53-5) -> 3.2615 | H46: =0.47*(48+273.15)/(48-5) -> 3.5102442 | J46: Seasonal Perfomance Factor
C47: Final energy consumption for SPH
C48: District heat | D48: kWh/a | E48: =E$15/E$21*E$31/(1-E$34)/E38 -> 23253.15 | F48: =F$15/F$21*F$31/(1-F$34)/F38 -> 8403.3613 | G48: =G$15/G$21*G$31/(1-G$34)/G38 -> 8442.9435 | H48: =H$15/H$21*H$31/(1-H$34)/H38 -> 3587.3724
C49: Log wood | D49: kWh/a | E49: =E$15/E$21*E$31/(1-E$34)/E39 -> 34700.855 | F49: =F$15/F$21*F$31/(1-F$34)/F39 -> 11764.706 | G49: =G$15/G$21*G$31/(1-G$34)/G39 -> 12223.366 | H49: =H$15/H$21*H$31/(1-H$34)/H39 -> 5022.3214
C50: Biomass pellets | D50: kWh/a | E50: =E$15/E$21*E$31/(1-E$34)/E40 -> 28194.444 | F50: =F$15/F$21*F$31/(1-F$34)/F40 -> 9803.9216 | G50: =G$15/G$21*G$31/(1-G$34)/G40 -> 9987.3844 | H50: =H$15/H$21*H$31/(1-H$34)/H40 -> 4185.2679
C51: Brown coal briquettes | D51: kWh/a | E51: =E$15/E$21*E$31/(1-E$34)/E41 -> 34700.855 | F51: =F$15/F$21*F$31/(1-F$34)/F41 -> 11764.706 | G51: =G$15/G$21*G$31/(1-G$34)/G41 -> 12599.469 | H51: =H$15/H$21*H$31/(1-H$34)/H41 -> 5022.3214
C52: Liquefied Petroleum Gas (LPG) | D52: kWh/a | E52: =E$15/E$21*E$31/(1-E$34)/E42 -> 28194.444 | F52: =F$15/F$21*F$31/(1-F$34)/F42 -> 9688.5813 | G52: =G$15/G$21*G$31/(1-G$34)/G42 -> 10237.069 | H52: =H$15/H$21*H$31/(1-H$34)/H42 -> 4136.0294
C53: Fuel oil | D53: kWh/a | E53: =E$15/E$21*E$31/(1-E$34)/E43 -> 28194.444 | F53: =F$15/F$21*F$31/(1-F$34)/F43 -> 9575.9234 | G53: =G$15/G$21*G$31/(1-G$34)/G43 -> 10237.069 | H53: =H$15/H$21*H$31/(1-H$34)/H43 -> 4087.936
C54: Natural gas | D54: kWh/a | E54: =E$15/E$21*E$31/(1-E$34)/E44 -> 26535.948 | F54: =F$15/F$21*F$31/(1-F$34)/F44 -> 9465.8553 | G54: =G$15/G$21*G$31/(1-G$34)/G44 -> 9413.3967 | H54: =H$15/H$21*H$31/(1-H$34)/H44 -> 4040.9483
C55: Direct-electricity system | D55: kWh/a | E55: =E$15/E$21*E$31/(1-E$34)/E45 -> 22555.556 | F55: =F$15/F$21*F$31/(1-F$34)/F45 -> 8235.2941 | G55: =G$15/G$21*G$31/(1-G$34)/G45 -> 8189.6552 | H55: =H$15/H$21*H$31/(1-H$34)/H45 -> 3515.625
C56: Central heat pump | D56: kWh/a | E56: =E$15/E$21*E$31/(1-E$34)/E46 -> 7783.5622 | F56: =F$15/F$21*F$31/(1-F$34)/F46 -> 2525.002 | G56: =G$15/G$21*G$31/(1-G$34)/G46 -> 2511.0088 | H56: =H$15/H$21*H$31/(1-H$34)/H46 -> 1001.5329 | J56: Electricity
C57: Campaign outreach
C58: Number of homes - activated / verified | D58: # | E58: ='Campaign Input'!$G$12*'Data Input'!B$9 -> 0 | F58: ='Campaign Input'!$G$12*'Data Input'!C$9 -> 0 | G58: ='Campaign Input'!$G$12*'Data Input'!D$9 -> 0 | H58: ='Campaign Input'!$G$12*'Data Input'!E$9 -> 0
C59: Household types - share of 4 model homes | D59: % | E59: =IF(ISBLANK(E58),"",E58/SUM($E58:$H58)) -> #DIV/0! | F59: =IF(ISBLANK(F58),"",F58/SUM($E58:$H58)) -> #DIV/0! | G59: =IF(ISBLANK(G58),"",G58/SUM($E58:$H58)) -> #DIV/0! | H59: =IF(ISBLANK(H58),"",H58/SUM($E58:$H58)) -> #DIV/0! | J59: related to number of homes
C60: Distribution of main space heating fuels - centralized heat generation
C61: District heat | D61: % | E61: ='Data Input'!B16 -> 0.30492249 | F61: ='Data Input'!C16 -> 0.30492249 | G61: ='Data Input'!D16 -> 0.30492249 | H61: ='Data Input'!E16 -> 0.30492249
C62: Log wood | D62: % | E62: ='Data Input'!B17 -> 0.090977467 | F62: ='Data Input'!C17 -> 0.090977467 | G62: ='Data Input'!D17 -> 0.090977467 | H62: ='Data Input'!E17 -> 0.090977467
C63: Biomass pellets | D63: % | E63: ='Data Input'!B18 -> 0.090977467 | F63: ='Data Input'!C18 -> 0.090977467 | G63: ='Data Input'!D18 -> 0.090977467 | H63: ='Data Input'!E18 -> 0.090977467
C64: Brown coal briquettes | D64: % | E64: ='Data Input'!B19 -> 0 | F64: ='Data Input'!C19 -> 0 | G64: ='Data Input'!D19 -> 0 | H64: ='Data Input'!E19 -> 0
C65: Liquefied Petroleum Gas (LPG) | D65: % | E65: ='Data Input'!B20 -> 0 | F65: ='Data Input'!C20 -> 0 | G65: ='Data Input'!D20 -> 0 | H65: ='Data Input'!E20 -> 0
C66: Fuel oil | D66: % | E66: ='Data Input'!B21 -> 0.12923408 | F66: ='Data Input'!C21 -> 0.12923408 | G66: ='Data Input'!D21 -> 0.12923408 | H66: ='Data Input'!E21 -> 0.12923408
C67: Natural gas | D67: % | E67: ='Data Input'!B22 -> 0.2177392 | F67: ='Data Input'!C22 -> 0.2177392 | G67: ='Data Input'!D22 -> 0.2177392 | H67: ='Data Input'!E22 -> 0.2177392
C68: Direct-electricity system | D68: % | E68: ='Data Input'!B23 -> 0.059762825 | F68: ='Data Input'!C23 -> 0.059762825 | G68: ='Data Input'!D23 -> 0.059762825 | H68: ='Data Input'!E23 -> 0.059762825
C69: Central heat pump | D69: % | E69: ='Data Input'!B24 -> 0.10638647 | F69: ='Data Input'!C24 -> 0.10638647 | G69: ='Data Input'!D24 -> 0.10638647 | H69: ='Data Input'!E24 -> 0.10638647
C71: Domestic hot water (DHW) demand
B72: Help | C72: Parameter | D72: Unit | E72: Input Values & interim results | G72: =E72 -> Input Values & interim results | J72: Remark/Reference Value | M72: Toilet flushing: 40 litres
C73: Building type | E73: Single family house | G73: Apartment house | M73: Laundry: 15 litres
C74: Thermal quality status of the building | E74: unrefurbished | F74: refurbished | G74: unrefurbished | H74: refurbished | M74: Cooking and drinking: 3 litres
C75: DHW treatment useful energy demand assumptions | M75: Garden watering: 5 litres
C76: Average groundwater temperature, annually | D76: °C | E76: 8
C77: Average tap water supply temperature | D77: °C | E77: 40 | M77: https://www.wien.gv.at/umwelt/wasserverbrauch-haushalt-taeglich
C78: Water demand of dish washer (cold water) | D78: l/person.day | E78: =6-E79 -> 2.5 | J78: 2 to 3 | K78: https://www.holding-graz.at/de/wasserverbrauch-in-oesterreich/ | M78: Washing dishes: 6 litres
C79: Water demand for hot tap water (undersink dish washing in kitchen) | D79: l/person.day | E79: 3.5
C80: Water demand for hot tap water (hand washing in bath and kitchen) | D80: l/person.day | E80: 7 | M80: Personal hygiene: 9 litres
C81: Water demand for showering | D81: l/person.day | E81: =H81*F81*J81 -> 42 | F81: 12 | G81: liter/min | H81: 5 | I81: min/shower | J81: 0.7 | K81: showers/day.person | M81: https://www.umweltfoerderung.at/fileadmin/user_upload/media/umweltfoerderung/Dokumente_Betriebe/Wasser_Betriebe/Studien_Wasserwirtschaft/Wasserverbrauchin_Oesterreich.pdf
C82: Water demand for bathing | D82: l/person.day | E82: =J82*F82 -> 3 | F82: 100 | G82: liter/bath | J82: 0.03 | K82: bathes/day.person | M82: Showering, bathing: 44 litres
C83: Total domestic hot water demand | D83: l/person.day | E83: =SUM(E79:E82) -> 55.5 | J83: 55 | K83: https://www.umweltberatung.at/download/?id=warmes-wasser-3073-umweltberatung.pdf
C84: Total DHW demand | D84: m³/a | E84: =SUM($E79:$E82)*E23*365*10^-3 -> 81.03 | F84: =SUM($E79:$E82)*F23*365*10^-3 -> 81.03 | G84: =SUM($E79:$E82)*G23*365*10^-3 -> 60.7725 | H84: =SUM($E79:$E82)*H23*365*10^-3 -> 60.7725
C85: Specific heat capacity of water | D85: kJ/(kg.K) | E85: 4.1868
C86: Useful energy demand for DHW treatment | D86: kWh/a | E86: =E84*($E77-$E76)*$E85/3.6 -> 3015.6125 | F86: =F84*($E77-$E76)*$E85/3.6 -> 3015.6125 | G86: =G84*($E77-$E76)*$E85/3.6 -> 2261.7094 | H86: =H84*($E77-$E76)*$E85/3.6 -> 2261.7094 | J86: Page 11 of 56 | K86: https://www.digital.wienbibliothek.at/wbrup/download/pdf/3598188?originalFilename=true
C87: Useful energy demand for DHW treatment | D87: kWh/m².a | E87: =E86/E24 -> 21.540089 | F87: =F86/F24 -> 21.540089 | G87: =G86/G24 -> 30.156125 | H87: =H86/H24 -> 30.156125
C88: Losses | E88: 2-pipe system | G88: 4-pipe system
C89: Delivery loss | D89: % | E89: 0.05 | F89: =E89 -> 0.05 | G89: 0.05 | H89: =G89 -> 0.05
C90: Distribution losses with centralised heat generation | D90: % | E90: 0.4 | F90: =E90 -> 0.4 | G90: 1.14 | H90: =G90 -> 1.14
C91: Storage losses | D91: % | E91: 0.07 | F91: =E91 -> 0.07 | G91: 0.08 | H91: =G91 -> 0.08
C92: Useful heat demand including losses up to heat generator
C93: Centralised heat generation and distribution with DHW storage | D93: kWh/a | E93: =E86*(1+SUM(E89:E91)) -> 4583.731 | F93: =F86*(1+SUM(F89:F91)) -> 4583.731 | G93: =G86*(1+SUM(G89:G91)) -> 5134.0802 | H93: =H86*(1+SUM(H89:H91)) -> 5134.0802
C94: Final energy for DHW treatment with centralized heater + DHW storage
C95: District heat | D95: kWh/a | E95: =E$93/E38 -> 4725.4958 | F95: =F$93/F38 -> 4677.2765 | G95: =G$93/G38 -> 5292.8662 | H95: =H$93/H38 -> 5238.8574
C96: Log wood | D96: kWh/a | E96: =E$93/E39 -> 7051.8938 | F96: =F$93/F39 -> 6548.1871 | G96: =G$93/G39 -> 7662.8063 | H96: =H$93/H39 -> 7334.4004
C97: Biomass pellets | D97: kWh/a | E97: =E$93/E40 -> 5729.6637 | F97: =F$93/F40 -> 5456.8226 | G97: =G$93/G40 -> 6261.0735 | H97: =H$93/H40 -> 6112.0003
C98: Brown coal briquettes | D98: kWh/a | E98: =E$93/E41 -> 7051.8938 | F98: =F$93/F41 -> 6548.1871 | G98: =G$93/G41 -> 7898.585 | H98: =H$93/H41 -> 7334.4004
C99: Liquefied Petroleum Gas (LPG) | D99: kWh/a | E99: =E$93/E42 -> 5729.6637 | F99: =F$93/F42 -> 5392.6247 | G99: =G$93/G42 -> 6417.6003 | H99: =H$93/H42 -> 6040.0944
C100: Fuel oil | D100: kWh/a | E100: =E$93/E43 -> 5729.6637 | F100: =F$93/F43 -> 5329.9197 | G100: =G$93/G43 -> 6417.6003 | H100: =H$93/H43 -> 5969.8608
C101: Natural gas | D101: kWh/a | E101: =E$93/E44 -> 5392.6247 | F101: =F$93/F44 -> 5268.6563 | G101: =G$93/G44 -> 5901.2417 | H101: =H$93/H44 -> 5901.2417
C102: Direct-electricity system (without central distribution and storage) | D102: kWh/a | E102: =E$86/E45 -> 3015.6125 | F102: =F$86/F45 -> 3015.6125 | G102: =G$86/G45 -> 2261.7094 | H102: =H$86/H45 -> 2261.7094
C103: Central heat pump | D103: kWh/a | E103: =E$93/E46 -> 1581.7724 | F103: =F$93/F46 -> 1405.4058 | G103: =G$93/G46 -> 1574.1469 | H103: =H$93/H46 -> 1462.5992 | J103: Electricity
C105: Space heat & domestic hot water treatment final energy demand
B106: Help | C106: Parameter | D106: Unit | E106: Interim results | G106: =E106 -> Interim results | J106: Remark/Reference Value
...

Sheet nrg_bal_peh
A1: Data extracted on 05/03/2026 13:14:03 from [ESTAT]
A2: Dataset: | B2: Production of electricity and derived heat by type of fuel [nrg_bal_peh__custom_20388087]
A3: Last updated: | B3: 25/02/2026 23:00
A5: Time frequency | D5: Annual
A6: Unit of measure | D6: Terajoule
A7: Time | D7: 2024 | K7: Long List | Y7: Short List
A9: GEO (Labels) | B9: GEO (Labels) | C9: Energy Carrier | D9: Germany | E9: Lithuania | F9: Austria | G9: Portugal | H9: Slovenia | K9: Gross electricity production | R9: Gross electricity production | Y9: Gross electricity production | AF9: Gross electricity production
A10: NRG_BAL (Labels) | B10: SIEC (Labels) | K10: Transformation Output per Energy Carrier [TJ] | L10: Germany | M10: Lithuania | N10: Austria | O10: Portugal | P10: Slovenia | R10: Energy carriers [%] | S10: Germany | T10: Lithuania | U10: Austria | V10: Portugal | W10: Slovenia | Y10: Transformation Output per Energy Carrier [TJ] | Z10: Germany | AA10: Lithuania | AB10: Austria | AC10: Portugal | AD10: Slovenia | AF10: Energy carriers [%] | AG10: Germany | AH10: Lithuania | AI10: Austria | AJ10: Portugal | AK10: Slovenia
A11: Gross electricity production | B11: Total | C11: Total | D11: 1850432.4 | E11: 29130.84 | F11: 296664.23 | G11: 183922.01 | H11: 61173.68 | K11: Biomass | L11: =SUMIFS(D:D,$A:$A,$K$9,$C:$C,$K11) -> 183902.4 | M11: =SUMIFS(E:E,$A:$A,$K$9,$C:$C,$K11) -> 3524.76 | N11: =SUMIFS(F:F,$A:$A,$K$9,$C:$C,$K11) -> 16815.37 | O11: =SUMIFS(G:G,$A:$A,$K$9,$C:$C,$K11) -> 13506.242 | P11: =SUMIFS(H:H,$A:$A,$K$9,$C:$C,$K11) -> 933.898 | R11: Biomass | S11: =L11/L$29 -> 0.099383474 | T11: =M11/M$29 -> 0.12099754 | U11: =N11/N$29 -> 0.056681487 | V11: =O11/O$29 -> 0.073434617 | W11: =P11/P$29 -> 0.015266337 | Y11: Biomass | Z11: =SUMIFS(D:D,$A:$A,$K$9,$C:$C,$K11) -> 183902.4 | AA11: =SUMIFS(E:E,$A:$A,$K$9,$C:$C,$K11) -> 3524.76 | AB11: =SUMIFS(F:F,$A:$A,$K$9,$C:$C,$K11) -> 16815.37 | AC11: =SUMIFS(G:G,$A:$A,$K$9,$C:$C,$K11) -> 13506.242 | AD11: =SUMIFS(H:H,$A:$A,$K$9,$C:$C,$K11) -> 933.898 | AF11: Biomass | AG11: =Z11/Z$22 -> 0.1015427 | AH11: =AA11/AA$22 -> 0.12237373 | AI11: =AB11/AB$22 -> 0.05805154 | AJ11: =AC11/AC$22 -> 0.073725976 | AK11: =AD11/AD$22 -> 0.015270399
A12: Gross electricity production | B12: Solid fossil fuels | C12: Aggregate | D12: 382798.8 | E12: 0 | F12: 85.133 | G12: 0 | H12: 12593.009 | K12: Ambient heat | L12: =SUMIFS(D:D,$A:$A,$K$9,$C:$C,$K12) -> 0 | M12: =SUMIFS(E:E,$A:$A,$K$9,$C:$C,$K12) -> 0 | N12: =SUMIFS(F:F,$A:$A,$K$9,$C:$C,$K12) -> 0 | O12: =SUMIFS(G:G,$A:$A,$K$9,$C:$C,$K12) -> 0 | P12: =SUMIFS(H:H,$A:$A,$K$9,$C:$C,$K12) -> 0 | R12: Ambient heat | S12: =L12/L$29 -> 0 | T12: =M12/M$29 -> 0 | U12: =N12/N$29 -> 0 | V12: =O12/O$29 -> 0 | W12: =P12/P$29 -> 0 | Y12: Ambient heat | Z12: =SUMIFS(D:D,$A:$A,$K$9,$C:$C,$K12) -> 0 | AA12: =SUMIFS(E:E,$A:$A,$K$9,$C:$C,$K12) -> 0 | AB12: =SUMIFS(F:F,$A:$A,$K$9,$C:$C,$K12) -> 0 | AC12: =SUMIFS(G:G,$A:$A,$K$9,$C:$C,$K12) -> 0 | AD12: =SUMIFS(H:H,$A:$A,$K$9,$C:$C,$K12) -> 0 | AF12: Ambient heat | AG12: =Z12/Z$22 -> 0 | AH12: =AA12/AA$22 -> 0 | AI12: =AB12/AB$22 -> 0 | AJ12: =AC12/AC$22 -> 0 | AK12: =AD12/AD$22 -> 0
A13: Gross electricity production | B13: Anthracite | C13: Hard coal | D13: 824.4 | E13: 0 | F13: 0 | G13: 0 | H13: 0 | K13: Nuclear energy | L13: =SUMIFS(D:D,$A:$A,$K$9,$C:$C,$K13) -> 0 | M13: =SUMIFS(E:E,$A:$A,$K$9,$C:$C,$K13) -> 0 | N13: =SUMIFS(F:F,$A:$A,$K$9,$C:$C,$K13) -> 0 | O13: =SUMIFS(G:G,$A:$A,$K$9,$C:$C,$K13) -> 0 | P13: =SUMIFS(H:H,$A:$A,$K$9,$C:$C,$K13) -> 21008.61 | R13: Nuclear energy | S13: =L13/L$29 -> 0 | T13: =M13/M$29 -> 0 | U13: =N13/N$29 -> 0 | V13: =O13/O$29 -> 0 | W13: =P13/P$29 -> 0.34342564 | Y13: Nuclear energy | Z13: =SUMIFS(D:D,$A:$A,$K$9,$C:$C,$K13) -> 0 | AA13: =SUMIFS(E:E,$A:$A,$K$9,$C:$C,$K13) -> 0 | AB13: =SUMIFS(F:F,$A:$A,$K$9,$C:$C,$K13) -> 0 | AC13: =SUMIFS(G:G,$A:$A,$K$9,$C:$C,$K13) -> 0 | AD13: =SUMIFS(H:H,$A:$A,$K$9,$C:$C,$K13) -> 21008.61 | AF13: Nuclear energy | AG13: =Z13/Z$22 -> 0 | AH13: =AA13/AA$22 -> 0 | AI13: =AB13/AB$22 -> 0 | AJ13: =AC13/AC$22 -> 0 | AK13: =AD13/AD$22 -> 0.34351701
A14: Gross electricity production | B14: Coking coal | C14: Hard coal | D14: 3823.2 | E14: 0 | F14: 0 | G14: 0 | H14: 0 | K14: Hard coal | L14: =SUMIFS(D:D,$A:$A,$K$9,$C:$C,$K14) -> 98823.6 | M14: =SUMIFS(E:E,$A:$A,$K$9,$C:$C,$K14) -> 0 | N14: =SUMIFS(F:F,$A:$A,$K$9,$C:$C,$K14) -> 85.133 | O14: =SUMIFS(G:G,$A:$A,$K$9,$C:$C,$K14) -> 0 | P14: =SUMIFS(H:H,$A:$A,$K$9,$C:$C,$K14) -> 0.025 | R14: Hard coal | S14: =L14/L$29 -> 0.05340568 | T14: =M14/M$29 -> 0 | U14: =N14/N$29 -> 0.00028696752 | V14: =O14/O$29 -> 0 | W14: =P14/P$29 -> 4.0867249e-07 | Y14: Hard coal | Z14: =SUMIFS(D:D,$A:$A,$K$9,$C:$C,$K14) -> 98823.6 | AA14: =SUMIFS(E:E,$A:$A,$K$9,$C:$C,$K14) -> 0 | AB14: =SUMIFS(F:F,$A:$A,$K$9,$C:$C,$K14) -> 85.133 | AC14: =SUMIFS(G:G,$A:$A,$K$9,$C:$C,$K14) -> 0 | AD14: =SUMIFS(H:H,$A:$A,$K$9,$C:$C,$K14) -> 0.025 | AF14: Hard coal | AG14: =Z14/Z$22 -> 0.054565983 | AH14: =AA14/AA$22 -> 0 | AI14: =AB14/AB$22 -> 0.00029390384 | AJ14: =AC14/AC$22 -> 0 | AK14: =AD14/AD$22 -> 4.0878122e-07
A15: Gross electricity production | B15: Other bituminous coal | C15: Hard coal | D15: 94158 | E15: 0 | F15: 85.133 | G15: 0 | H15: 0.025 | K15: Brown coal | L15: =SUMIFS(D:D,$A:$A,$K$9,$C:$C,$K15) -> 283975.2 | M15: =SUMIFS(E:E,$A:$A,$K$9,$C:$C,$K15) -> 0 | N15: =SUMIFS(F:F,$A:$A,$K$9,$C:$C,$K15) -> 0 | O15: =SUMIFS(G:G,$A:$A,$K$9,$C:$C,$K15) -> 0 | P15: =SUMIFS(H:H,$A:$A,$K$9,$C:$C,$K15) -> 12592.983 | R15: Brown coal | S15: =L15/L$29 -> 0.15346424 | T15: =M15/M$29 -> 0 | U15: =N15/N$29 -> 0 | V15: =O15/O$29 -> 0 | W15: =P15/P$29 -> 0.20585623 | Y15: Brown coal | Z15: =SUMIFS(D:D,$A:$A,$K$9,$C:$C,$K15) -> 283975.2 | AA15: =SUMIFS(E:E,$A:$A,$K$9,$C:$C,$K15) -> 0 | AB15: =SUMIFS(F:F,$A:$A,$K$9,$C:$C,$K15) -> 0 | AC15: =SUMIFS(G:G,$A:$A,$K$9,$C:$C,$K15) -> 0 | AD15: =SUMIFS(H:H,$A:$A,$K$9,$C:$C,$K15) -> 12592.983 | AF15: Brown coal | AG15: =Z15/Z$22 -> 0.15679844 | AH15: =AA15/AA$22 -> 0 | AI15: =AB15/AB$22 -> 0 | AJ15: =AC15/AC$22 -> 0 | AK15: =AD15/AD$22 -> 0.205911
A16: Gross electricity production | B16: Sub-bituminous coal | C16: Brown coal | D16: 0 | E16: 0 | F16: 0 | G16: 0 | H16: 1138.496 | K16: Natural gas | L16: =SUMIFS(D:D,$A:$A,$K$9,$C:$C,$K16) -> 325753.2 | M16: =SUMIFS(E:E,$A:$A,$K$9,$C:$C,$K16) -> 3036.6 | N16: =SUMIFS(F:F,$A:$A,$K$9,$C:$C,$K16) -> 27132.926 | O16: =SUMIFS(G:G,$A:$A,$K$9,$C:$C,$K16) -> 20282.692 | P16: =SUMIFS(H:H,$A:$A,$K$9,$C:$C,$K16) -> 1734.512 | R16: Natural gas | S16: =L16/L$29 -> 0.17604166 | T16: =M16/M$29 -> 0.10424004 | U16: =N16/N$29 -> 0.091460051 | V16: =O16/O$29 -> 0.11027877 | W16: =P16/P$29 -> 0.028353893 | Y16: Natural gas | Z16: =SUMIFS(D:D,$A:$A,$K$9,$C:$C,$K16) -> 325753.2 | AA16: =SUMIFS(E:E,$A:$A,$K$9,$C:$C,$K16) -> 3036.6 | AB16: =SUMIFS(F:F,$A:$A,$K$9,$C:$C,$K16) -> 27132.926 | AC16: =SUMIFS(G:G,$A:$A,$K$9,$C:$C,$K16) -> 20282.692 | AD16: =SUMIFS(H:H,$A:$A,$K$9,$C:$C,$K16) -> 1734.512 | AF16: Natural gas | AG16: =Z16/Z$22 -> 0.17986638 | AH16: =AA16/AA$22 -> 0.10542564 | AI16: =AB16/AB$22 -> 0.09367074 | AJ16: =AC16/AC$22 -> 0.11071631 | AK16: =AD16/AD$22 -> 0.028361437
A17: Gross electricity production | B17: Lignite | C17: Brown coal | D17: 282614.4 | E17: 0 | F17: 0 | G17: 0 | H17: 11454.487 | K17: Residual Oil | L17: =SUMIFS(D:D,$A:$A,$K$9,$C:$C,$K17) -> 16369.2 | M17: =SUMIFS(E:E,$A:$A,$K$9,$C:$C,$K17) -> 504.72 | N17: =SUMIFS(F:F,$A:$A,$K$9,$C:$C,$K17) -> 2587.961 | O17: =SUMIFS(G:G,$A:$A,$K$9,$C:$C,$K17) -> 4124.57 | P17: =SUMIFS(H:H,$A:$A,$K$9,$C:$C,$K17) -> 30.784 | R17: Residual Oil | S17: =L17/L$29 -> 0.0088461486 | T17: =M17/M$29 -> 0.017325968 | U17: =N17/N$29 -> 0.0087235355 | V17: =O17/O$29 -> 0.022425647 | W17: =P17/P$29 -> 0.00050322295 | Y17: Residual Oil | Z17: =SUMIFS(D:D,$A:$A,$K$9,$C:$C,$K17) -> 16369.2 | AA17: =SUMIFS(E:E,$A:$A,$K$9,$C:$C,$K17) -> 504.72 | AB17: =SUMIFS(F:F,$A:$A,$K$9,$C:$C,$K17) -> 2587.961 | AC17: =SUMIFS(G:G,$A:$A,$K$9,$C:$C,$K17) -> 4124.57 | AD17: =SUMIFS(H:H,$A:$A,$K$9,$C:$C,$K17) -> 30.784 | AF17: Residual Oil | AG17: =Z17/Z$22 -> 0.0090383419 | AH17: =AA17/AA$22 -> 0.017523029 | AI17: =AB17/AB$22 -> 0.0089343929 | AJ17: =AC17/AC$22 -> 0.022514623 | AK17: =AD17/AD$22 -> 0.00050335685
A18: Gross electricity production | B18: Coke oven coke | C18: Hard coal | D18: 18 | E18: 0 | F18: 0 | G18: 0 | H18: 0 | K18: Other fossil fuels (municipal waste) | L18: =SUMIFS(D:D,$A:$A,$K$9,$C:$C,$K18) -> 22176 | M18: =SUMIFS(E:E,$A:$A,$K$9,$C:$C,$K18) -> 657 | N18: =SUMIFS(F:F,$A:$A,$K$9,$C:$C,$K18) -> 2718.378 | O18: =SUMIFS(G:G,$A:$A,$K$9,$C:$C,$K18) -> 917.114 | P18: =SUMIFS(H:H,$A:$A,$K$9,$C:$C,$K18) -> 39.575 | R18: Other fossil fuels (municipal waste) | S18: =L18/L$29 -> 0.011984226 | T18: =M18/M$29 -> 0.022553418 | U18: =N18/N$29 -> 0.009163147 | V18: =O18/O$29 -> 0.0049864289 | W18: =P18/P$29 -> 0.00064692855 | Y18: Other fossil fuels (municipal waste) | Z18: =SUMIFS(D:D,$A:$A,$K$9,$C:$C,$K18) -> 22176 | AA18: =SUMIFS(E:E,$A:$A,$K$9,$C:$C,$K18) -> 657 | AB18: =SUMIFS(F:F,$A:$A,$K$9,$C:$C,$K18) -> 2718.378 | AC18: =SUMIFS(G:G,$A:$A,$K$9,$C:$C,$K18) -> 917.114 | AD18: =SUMIFS(H:H,$A:$A,$K$9,$C:$C,$K18) -> 39.575 | AF18: Other fossil fuels (municipal waste) | AG18: =Z18/Z$22 -> 0.012244598 | AH18: =AA18/AA$22 -> 0.022809934 | AI18: =AB18/AB$22 -> 0.0093846302 | AJ18: =AC18/AC$22 -> 0.005006213 | AK18: =AD18/AD$22 -> 0.00064710068
A19: Gross electricity production | B19: Gas coke | C19: nr | D19: 0 | E19: 0 | F19: 0 | G19: 0 | H19: 0 | K19: Hydro power | L19: =SUMIFS(D:D,$A:$A,$K$9,$C:$C,$K19) -> 108630 | M19: =SUMIFS(E:E,$A:$A,$K$9,$C:$C,$K19) -> 3636.72 | N19: =SUMIFS(F:F,$A:$A,$K$9,$C:$C,$K19) -> 177680.52 | O19: =SUMIFS(G:G,$A:$A,$K$9,$C:$C,$K19) -> 66939.444 | P19: =SUMIFS(H:H,$A:$A,$K$9,$C:$C,$K19) -> 20228.119 | R19: Hydro power | S19: =L19/L$29 -> 0.058705198 | T19: =M19/M$29 -> 0.12484089 | U19: =N19/N$29 -> 0.59892802 | V19: =O19/O$29 -> 0.3639556 | W19: =P19/P$29 -> 0.33066703 | Y19: Hydro power | Z19: =SUMIFS(D:D,$A:$A,$K$9,$C:$C,$K19) -> 108630 | AA19: =SUMIFS(E:E,$A:$A,$K$9,$C:$C,$K19) -> 3636.72 | AB19: =SUMIFS(F:F,$A:$A,$K$9,$C:$C,$K19) -> 177680.52 | AC19: =SUMIFS(G:G,$A:$A,$K$9,$C:$C,$K19) -> 66939.444 | AD19: =SUMIFS(H:H,$A:$A,$K$9,$C:$C,$K19) -> 20228.119 | AF19: Hydro power | AG19: =Z19/Z$22 -> 0.059980639 | AH19: =AA19/AA$22 -> 0.1262608 | AI19: =AB19/AB$22 -> 0.61340476 | AJ19: =AC19/AC$22 -> 0.36539963 | AK19: =AD19/AD$22 -> 0.33075501
A20: Gross electricity production | B20: Patent fuel | C20: nr | D20: 0 | E20: 0 | F20: 0 | G20: 0 | H20: 0 | K20: Wind power | L20: =SUMIFS(D:D,$A:$A,$K$9,$C:$C,$K20) -> 500090.4 | M20: =SUMIFS(E:E,$A:$A,$K$9,$C:$C,$K20) -> 12413.52 | N20: =SUMIFS(F:F,$A:$A,$K$9,$C:$C,$K20) -> 33326.719 | O20: =SUMIFS(G:G,$A:$A,$K$9,$C:$C,$K20) -> 51908.263 | P20: =SUMIFS(H:H,$A:$A,$K$9,$C:$C,$K20) -> 23.58 | R20: Wind power | S20: =L20/L$29 -> 0.27025597 | T20: =M20/M$29 -> 0.42612983 | U20: =N20/N$29 -> 0.11233818 | V20: =O20/O$29 -> 0.28222976 | W20: =P20/P$29 -> 0.00038545989 | Y20: Wind power | Z20: =SUMIFS(D:D,$A:$A,$K$9,$C:$C,$K20) -> 500090.4 | AA20: =SUMIFS(E:E,$A:$A,$K$9,$C:$C,$K20) -> 12413.52 | AB20: =SUMIFS(F:F,$A:$A,$K$9,$C:$C,$K20) -> 33326.719 | AC20: =SUMIFS(G:G,$A:$A,$K$9,$C:$C,$K20) -> 51908.263 | AD20: =SUMIFS(H:H,$A:$A,$K$9,$C:$C,$K20) -> 23.58 | AF20: Wind power | AG20: =Z20/Z$22 -> 0.27612761 | AH20: =AA20/AA$22 -> 0.43097652 | AI20: =AB20/AB$22 -> 0.11505351 | AJ20: =AC20/AC$22 -> 0.28334953 | AK20: =AD20/AD$22 -> 0.00038556245
A21: Gross electricity production | B21: Brown coal briquettes | C21: Brown coal | D21: 1360.8 | E21: 0 | F21: 0 | G21: 0 | H21: 0 | K21: Solar PV | L21: =SUMIFS(D:D,$A:$A,$K$9,$C:$C,$K21) -> 271364.4 | M21: =SUMIFS(E:E,$A:$A,$K$9,$C:$C,$K21) -> 5029.92 | N21: =SUMIFS(F:F,$A:$A,$K$9,$C:$C,$K21) -> 29315.761 | O21: =SUMIFS(G:G,$A:$A,$K$9,$C:$C,$K21) -> 25516.836 | P21: =SUMIFS(H:H,$A:$A,$K$9,$C:$C,$K21) -> 4565.322 | R21: Solar PV | S21: =L21/L$29 -> 0.14664918 | T21: =M21/M$29 -> 0.17266649 | U21: =N21/N$29 -> 0.098817982 | V21: =O21/O$29 -> 0.13873726 | W21: =P21/P$29 -> 0.07462886 | Y21: Solar PV | Z21: =SUMIFS(D:D,$A:$A,$K$9,$C:$C,$K21) -> 271364.4 | AA21: =SUMIFS(E:E,$A:$A,$K$9,$C:$C,$K21) -> 5029.92 | AB21: =SUMIFS(F:F,$A:$A,$K$9,$C:$C,$K21) -> 29315.761 | AC21: =SUMIFS(G:G,$A:$A,$K$9,$C:$C,$K21) -> 25516.836 | AD21: =SUMIFS(H:H,$A:$A,$K$9,$C:$C,$K21) -> 4565.322 | AF21: Solar PV | AG21: =Z21/Z$22 -> 0.14983531 | AH21: =AA21/AA$22 -> 0.17463035 | AI21: =AB21/AB$22 -> 0.10120652 | AJ21: =AC21/AC$22 -> 0.13928772 | AK21: =AD21/AD$22 -> 0.074648716
A22: Gross electricity production | B22: Coal tar | C22: nr | D22: 0 | E22: 0 | F22: 0 | G22: 0 | H22: 0 | K22: Electricity | L22: =SUMIFS(D:D,$A:$A,$K$9,$C:$C,$K22) -> 792 | M22: =SUMIFS(E:E,$A:$A,$K$9,$C:$C,$K22) -> 4.68 | N22: =SUMIFS(F:F,$A:$A,$K$9,$C:$C,$K22) -> 15.368 | O22: =SUMIFS(G:G,$A:$A,$K$9,$C:$C,$K22) -> 2.272 | P22: =SUMIFS(H:H,$A:$A,$K$9,$C:$C,$K22) -> 16.272 | R22: Electricity | S22: =L22/L$29 -> 0.00042800807 | T22: =M22/M$29 -> 0.00016065448 | U22: =N22/N$29 -> 5.1802672e-05 | V22: =O22/O$29 -> 1.2353062e-05 | W22: =P22/P$29 -> 0.00026599675 | Y22: Total | Z22: =SUM(Z11:Z21) -> 1811084.4 | AA22: =SUM(AA11:AA21) -> 28803.24 | AB22: =SUM(AB11:AB21) -> 289662.77 | AC22: =SUM(AC11:AC21) -> 183195.16 | AD22: =SUM(AD11:AD21) -> 61157.408 | AF22: Total | AG22: =Z22/Z$22 -> 1 | AH22: =AA22/AA$22 -> 1 | AI22: =AB22/AB$22 -> 1 | AJ22: =AC22/AC$22 -> 1 | AK22: =AD22/AD$22 -> 1
A23: Gross electricity production | B23: Manufactured gases | C23: Aggregate | D23: 32094 | E23: 0 | F23: 6968.891 | G23: 0 | H23: 0 | K23: Other fuels | L23: =SUMIFS(D:D,$A:$A,$K$9,$C:$C,$K23) -> 5688 | M23: =SUMIFS(E:E,$A:$A,$K$9,$C:$C,$K23) -> 322.92 | N23: =SUMIFS(F:F,$A:$A,$K$9,$C:$C,$K23) -> 0 | O23: =SUMIFS(G:G,$A:$A,$K$9,$C:$C,$K23) -> -2.272 | P23: =SUMIFS(H:H,$A:$A,$K$9,$C:$C,$K23) -> 0 | R23: Other fuels | S23: =L23/L$29 -> 0.0030738761 | T23: =M23/M$29 -> 0.011085159 | U23: =N23/N$29 -> 0 | V23: =O23/O$29 -> -1.2353062e-05 | W23: =P23/P$29 -> 0 | AF23: Check | AG23: =SUM(AG11:AG21)=AG22 -> TRUE | AH23: =SUM(AH11:AH21)=AH22 -> TRUE | AI23: =SUM(AI11:AI21)=AI22 -> TRUE | AJ23: =SUM(AJ11:AJ21)=AJ22 -> TRUE | AK23: =SUM(AK11:AK21)=AK22 -> TRUE
A24: Gross electricity production | B24: Coke oven gas | C24: Manufactured gases | D24: 6544.8 | E24: 0 | F24: 885.11 | G24: 0 | H24: 0 | K24: Geothermal | L24: =SUMIFS(D:D,$A:$A,$K$9,$C:$C,$K24) -> 774 | M24: =SUMIFS(E:E,$A:$A,$K$9,$C:$C,$K24) -> 0 | N24: =SUMIFS(F:F,$A:$A,$K$9,$C:$C,$K24) -> 0 | O24: =SUMIFS(G:G,$A:$A,$K$9,$C:$C,$K24) -> 726.844 | P24: =SUMIFS(H:H,$A:$A,$K$9,$C:$C,$K24) -> 0 | R24: Geothermal | S24: =L24/L$29 -> 0.00041828061 | T24: =M24/M$29 -> 0 | U24: =N24/N$29 -> 0 | V24: =O24/O$29 -> 0.0039519143 | W24: =P24/P$29 -> 0
A25: Gross electricity production | B25: Gas works gas | C25: nr | D25: 0 | E25: 0 | F25: 0 | G25: 0 | H25: 0 | K25: Solar thermal | L25: =SUMIFS(D:D,$A:$A,$K$9,$C:$C,$K25) -> 0 | M25: =SUMIFS(E:E,$A:$A,$K$9,$C:$C,$K25) -> 0 | N25: =SUMIFS(F:F,$A:$A,$K$9,$C:$C,$K25) -> 0 | O25: =SUMIFS(G:G,$A:$A,$K$9,$C:$C,$K25) -> 0 | P25: =SUMIFS(H:H,$A:$A,$K$9,$C:$C,$K25) -> 0 | R25: Solar thermal | S25: =L25/L$29 -> 0 | T25: =M25/M$29 -> 0 | U25: =N25/N$29 -> 0 | V25: =O25/O$29 -> 0 | W25: =P25/P$29 -> 0
A26: Gross electricity production | B26: Blast furnace gas | C26: Manufactured gases | D26: 22989.6 | E26: 0 | F26: 5145.278 | G26: 0 | H26: 0 | K26: Heat | L26: =SUMIFS(D:D,$A:$A,$K$9,$C:$C,$K26) -> 0 | M26: =SUMIFS(E:E,$A:$A,$K$9,$C:$C,$K26) -> 0 | N26: =SUMIFS(F:F,$A:$A,$K$9,$C:$C,$K26) -> 17.204 | O26: =SUMIFS(G:G,$A:$A,$K$9,$C:$C,$K26) -> 0 | P26: =SUMIFS(H:H,$A:$A,$K$9,$C:$C,$K26) -> 0 | R26: Heat | S26: =L26/L$29 -> 0 | T26: =M26/M$29 -> 0 | U26: =N26/N$29 -> 5.7991487e-05 | V26: =O26/O$29 -> 0 | W26: =P26/P$29 -> 0
A27: Gross electricity production | B27: Other recovered gases | C27: Manufactured gases | D27: 2559.6 | E27: 0 | F27: 938.502 | G27: 0 | H27: 0 | K27: Peat | L27: =SUMIFS(D:D,$A:$A,$K$9,$C:$C,$K27) -> 0 | M27: =SUMIFS(E:E,$A:$A,$K$9,$C:$C,$K27) -> 0 | N27: =SUMIFS(F:F,$A:$A,$K$9,$C:$C,$K27) -> 0 | O27: =SUMIFS(G:G,$A:$A,$K$9,$C:$C,$K27) -> 0 | P27: =SUMIFS(H:H,$A:$A,$K$9,$C:$C,$K27) -> 0 | R27: Peat | S27: =L27/L$29 -> 0 | T27: =M27/M$29 -> 0 | U27: =N27/N$29 -> 0 | V27: =O27/O$29 -> 0 | W27: =P27/P$29 -> 0
A28: Gross electricity production | B28: Peat and peat products | C28: Aggregate | D28: 0 | E28: 0 | F28: 0 | G28: 0 | H28: 0 | K28: Manufactured gases | L28: =SUMIFS(D:D,$A:$A,$K$9,$C:$C,$K28) -> 32094 | M28: =SUMIFS(E:E,$A:$A,$K$9,$C:$C,$K28) -> 0 | N28: =SUMIFS(F:F,$A:$A,$K$9,$C:$C,$K28) -> 6968.89 | O28: =SUMIFS(G:G,$A:$A,$K$9,$C:$C,$K28) -> 0 | P28: =SUMIFS(H:H,$A:$A,$K$9,$C:$C,$K28) -> 0 | R28: Manufactured gases | S28: =L28/L$29 -> 0.017344054 | T28: =M28/M$29 -> 0 | U28: =N28/N$29 -> 0.023490833 | V28: =O28/O$29 -> 0 | W28: =P28/P$29 -> 0
A29: Gross electricity production | B29: Peat | C29: nr | D29: 0 | E29: 0 | F29: 0 | G29: 0 | H29: 0 | K29: Total | L29: =SUMIFS(D:D,$A:$A,$K$9,$C:$C,$K29) -> 1850432.4 | M29: =SUMIFS(E:E,$A:$A,$K$9,$C:$C,$K29) -> 29130.84 | N29: =SUMIFS(F:F,$A:$A,$K$9,$C:$C,$K29) -> 296664.23 | O29: =SUMIFS(G:G,$A:$A,$K$9,$C:$C,$K29) -> 183922.01 | P29: =SUMIFS(H:H,$A:$A,$K$9,$C:$C,$K29) -> 61173.68 | R29: Total | S29: =L29/L$29 -> 1 | T29: =M29/M$29 -> 1 | U29: =N29/N$29 -> 1 | V29: =O29/O$29 -> 1 | W29: =P29/P$29 -> 1
A30: Gross electricity production | B30: Peat products | C30: nr | D30: 0 | E30: 0 | F30: 0 | G30: 0 | H30: 0 | K30: Check | L30: =ROUND(L29,0)=ROUND(D11,0) -> TRUE | M30: =ROUND(M29,0)=ROUND(E11,0) -> TRUE | N30: =ROUND(N29,0)=ROUND(F11,0) -> TRUE | O30: =ROUND(O29,0)=ROUND(G11,0) -> TRUE | P30: =ROUND(P29,0)=ROUND(H11,0) -> TRUE | R30: Check | S30: =SUM(S11:S28)=S29 -> TRUE | T30: =SUM(T11:T28)=T29 -> TRUE | U30: =SUM(U11:U28)=U29 -> FALSE | V30: =SUM(V11:V28)=V29 -> FALSE | W30: =SUM(W11:W28)=W29 -> TRUE
A31: Gross electricity production | B31: Oil shale and oil sands | C31: nr | D31: 0 | E31: 0 | F31: 0 | G31: 0 | H31: 0
A32: Gross electricity production | B32: Natural gas | C32: Natural gas | D32: 325753.2 | E32: 3036.6 | F32: 27132.926 | G32: 20282.692 | H32: 1734.512
A33: Gross electricity production | B33: Oil and petroleum products (excluding biofuel portion) | C33: Aggregate | D33: 16369.2 | E33: 504.72 | F33: 2587.961 | G33: 4124.57 | H33: 30.784 | K33: Gross heat production | R33: Gross heat production | Y33: Gross heat production | AF33: Gross heat production
A34: Gross electricity production | B34: Crude oil | C34: nr | D34: 0 | E34: 0 | F34: 0 | G34: 0 | H34: 0 | K34: Transformation Output per Energy Carrier [TJ] | L34: Germany | M34: Lithuania | N34: Austria | O34: Portugal | P34: Slovenia | R34: Energy carriers [%] | S34: Germany | T34: Lithuania | U34: Austria | V34: Portugal | W34: Slovenia | Y34: Transformation Output per Energy Carrier [TJ] | Z34: Germany | AA34: Lithuania | AB34: Austria | AC34: Portugal | AD34: Slovenia | AF34: Energy carriers [%] | AG34: Germany | AH34: Lithuania | AI34: Austria | AJ34: Portugal | AK34: Slovenia
A35: Gross electricity production | B35: Natural gas liquids | C35: nr | D35: 0 | E35: 0 | F35: 0 | G35: 0 | H35: 0 | K35: Biomass | L35: =SUMIFS(D:D,$A:$A,$K$33,$C:$C,$K35) -> 80821 | M35: =SUMIFS(E:E,$A:$A,$K$33,$C:$C,$K35) -> 25168 | N35: =SUMIFS(F:F,$A:$A,$K$33,$C:$C,$K35) -> 45157.387 | O35: =SUMIFS(G:G,$A:$A,$K$33,$C:$C,$K35) -> 0 | P35: =SUMIFS(H:H,$A:$A,$K$33,$C:$C,$K35) -> 1831.27 | R35: Biomass | S35: =L35/L$53 -> 0.19531227 | T35: =M35/M$53 -> 0.68030815 | U35: =N35/N$53 -> 0.55408623 | V35: =O35/O$53 -> 0 | W35: =P35/P$53 -> 0.22829484 | Y35: Biomass | Z35: =SUMIFS(D:D,$A:$A,$K$33,$C:$C,$K35) -> 80821 | AA35: =SUMIFS(E:E,$A:$A,$K$33,$C:$C,$K35) -> 25168 | AB35: =SUMIFS(F:F,$A:$A,$K$33,$C:$C,$K35) -> 45157.387 | AC35: =SUMIFS(G:G,$A:$A,$K$33,$C:$C,$K35) -> 0 | AD35: =SUMIFS(H:H,$A:$A,$K$33,$C:$C,$K35) -> 1831.27 | AF35: Biomass | AG35: =Z35/Z$46 -> 0.19532879 | AH35: =AA35/AA$46 -> 0.68135795 | AI35: =AB35/AB$46 -> 0.55408623 | AJ35: =AC35/AC$46 -> 0 | AK35: =AD35/AD$46 -> 0.22829484
A36: Gross electricity production | B36: Refinery feedstocks | C36: nr | D36: 0 | E36: 0 | F36: 0 | G36: 0 | H36: 0 | K36: Ambient heat | L36: =SUMIFS(D:D,$A:$A,$K$33,$C:$C,$K36) -> 435 | M36: =SUMIFS(E:E,$A:$A,$K$33,$C:$C,$K36) -> 0 | N36: =SUMIFS(F:F,$A:$A,$K$33,$C:$C,$K36) -> 387.469 | O36: =SUMIFS(G:G,$A:$A,$K$33,$C:$C,$K36) -> 0 | P36: =SUMIFS(H:H,$A:$A,$K$33,$C:$C,$K36) -> 0 | R36: Ambient heat | S36: =L36/L$53 -> 0.0010512223 | T36: =M36/M$53 -> 0 | U36: =N36/N$53 -> 0.0047542884 | V36: =O36/O$53 -> 0 | W36: =P36/P$53 -> 0 | Y36: Ambient heat | Z36: =SUMIFS(D:D,$A:$A,$K$33,$C:$C,$K36) -> 435 | AA36: =SUMIFS(E:E,$A:$A,$K$33,$C:$C,$K36) -> 0 | AB36: =SUMIFS(F:F,$A:$A,$K$33,$C:$C,$K36) -> 387.469 | AC36: =SUMIFS(G:G,$A:$A,$K$33,$C:$C,$K36) -> 0 | AD36: =SUMIFS(H:H,$A:$A,$K$33,$C:$C,$K36) -> 0 | AF36: Ambient heat | AG36: =Z36/Z$46 -> 0.0010513112 | AH36: =AA36/AA$46 -> 0 | AI36: =AB36/AB$46 -> 0.0047542884 | AJ36: =AC36/AC$46 -> 0 | AK36: =AD36/AD$46 -> 0
A37: Gross electricity production | B37: Additives and oxygenates (excluding biofuel portion) | C37: nr | D37: 0 | E37: 0 | F37: 0 | G37: 0 | H37: 0 | K37: Nuclear energy | L37: =SUMIFS(D:D,$A:$A,$K$33,$C:$C,$K37) -> 0 | M37: =SUMIFS(E:E,$A:$A,$K$33,$C:$C,$K37) -> 0 | N37: =SUMIFS(F:F,$A:$A,$K$33,$C:$C,$K37) -> 0 | O37: =SUMIFS(G:G,$A:$A,$K$33,$C:$C,$K37) -> 0 | P37: =SUMIFS(H:H,$A:$A,$K$33,$C:$C,$K37) -> 0 | R37: Nuclear energy | S37: =L37/L$53 -> 0 | T37: =M37/M$53 -> 0 | U37: =N37/N$53 -> 0 | V37: =O37/O$53 -> 0 | W37: =P37/P$53 -> 0 | Y37: Hard coal | Z37: =SUMIFS(D:D,$A:$A,$K$33,$C:$C,$K38) -> 42335 | AA37: =SUMIFS(E:E,$A:$A,$K$33,$C:$C,$K38) -> 11 | AB37: =SUMIFS(F:F,$A:$A,$K$33,$C:$C,$K38) -> 0 | AC37: =SUMIFS(G:G,$A:$A,$K$33,$C:$C,$K38) -> 0 | AD37: =SUMIFS(H:H,$A:$A,$K$33,$C:$C,$K38) -> 0 | AF37: Hard coal | AG37: =Z37/Z$46 -> 0.10231554 | AH37: =AA37/AA$46 -> 0.00029779631 | AI37: =AB37/AB$46 -> 0 | AJ37: =AC37/AC$46 -> 0 | AK37: =AD37/AD$46 -> 0
A38: Gross electricity production | B38: Other hydrocarbons | C38: nr | D38: 0 | E38: 0 | F38: 0 | G38: 0 | H38: 0 | K38: Hard coal | L38: =SUMIFS(D:D,$A:$A,$K$33,$C:$C,$K38) -> 42335 | M38: =SUMIFS(E:E,$A:$A,$K$33,$C:$C,$K38) -> 11 | N38: =SUMIFS(F:F,$A:$A,$K$33,$C:$C,$K38) -> 0 | O38: =SUMIFS(G:G,$A:$A,$K$33,$C:$C,$K38) -> 0 | P38: =SUMIFS(H:H,$A:$A,$K$33,$C:$C,$K38) -> 0 | R38: Hard coal | S38: =L38/L$53 -> 0.10230689 | T38: =M38/M$53 -> 0.00029733748 | U38: =N38/N$53 -> 0 | V38: =O38/O$53 -> 0 | W38: =P38/P$53 -> 0 | Y38: Brown coal | Z38: =SUMIFS(D:D,$A:$A,$K$33,$C:$C,$K39) -> 17823 | AA38: =SUMIFS(E:E,$A:$A,$K$33,$C:$C,$K39) -> 0 | AB38: =SUMIFS(F:F,$A:$A,$K$33,$C:$C,$K39) -> 0 | AC38: =SUMIFS(G:G,$A:$A,$K$33,$C:$C,$K39) -> 0 | AD38: =SUMIFS(H:H,$A:$A,$K$33,$C:$C,$K39) -> 2241.258 | AF38: Brown coal | AG38: =Z38/Z$46 -> 0.043074759 | AH38: =AA38/AA$46 -> 0 | AI38: =AB38/AB$46 -> 0 | AJ38: =AC38/AC$46 -> 0 | AK38: =AD38/AD$46 -> 0.27940589
A39: Gross electricity production | B39: Refinery gas | C39: Residual Oil | D39: 1825.2 | E39: 324.36 | F39: 602.428 | G39: 123.901 | H39: 0 | K39: Brown coal | L39: =SUMIFS(D:D,$A:$A,$K$33,$C:$C,$K39) -> 17823 | M39: =SUMIFS(E:E,$A:$A,$K$33,$C:$C,$K39) -> 0 | N39: =SUMIFS(F:F,$A:$A,$K$33,$C:$C,$K39) -> 0 | O39: =SUMIFS(G:G,$A:$A,$K$33,$C:$C,$K39) -> 0 | P39: =SUMIFS(H:H,$A:$A,$K$33,$C:$C,$K39) -> 2241.258 | R39: Brown coal | S39: =L39/L$53 -> 0.043071116 | T39: =M39/M$53 -> 0 | U39: =N39/N$53 -> 0 | V39: =O39/O$53 -> 0 | W39: =P39/P$53 -> 0.27940589 | Y39: Natural gas | Z39: =SUMIFS(D:D,$A:$A,$K$33,$C:$C,$K40) -> 212118 | AA39: =SUMIFS(E:E,$A:$A,$K$33,$C:$C,$K40) -> 4340 | AB39: =SUMIFS(F:F,$A:$A,$K$33,$C:$C,$K40) -> 24928.34 | AC39: =SUMIFS(G:G,$A:$A,$K$33,$C:$C,$K40) -> 8865.107 | AD39: =SUMIFS(H:H,$A:$A,$K$33,$C:$C,$K40) -> 3700.324 | AF39: Natural gas | AG39: =Z39/Z$46 -> 0.51264836 | AH39: =AA39/AA$46 -> 0.11749418 | AI39: =AB39/AB$46 -> 0.30587354 | AJ39: =AC39/AC$46 -> 0.97282328 | AK39: =AD39/AD$46 -> 0.46130001
A40: Gross electricity production | B40: Ethane | C40: nr | D40: 0 | E40: 0 | F40: 0 | G40: 0 | H40: 0 | K40: Natural gas | L40: =SUMIFS(D:D,$A:$A,$K$33,$C:$C,$K40) -> 212118 | M40: =SUMIFS(E:E,$A:$A,$K$33,$C:$C,$K40) -> 4340 | N40: =SUMIFS(F:F,$A:$A,$K$33,$C:$C,$K40) -> 24928.34 | O40: =SUMIFS(G:G,$A:$A,$K$33,$C:$C,$K40) -> 8865.107 | P40: =SUMIFS(H:H,$A:$A,$K$33,$C:$C,$K40) -> 3700.324 | R40: Natural gas | S40: =L40/L$53 -> 0.512605 | T40: =M40/M$53 -> 0.11731315 | U40: =N40/N$53 -> 0.30587354 | V40: =O40/O$53 -> 0.97282328 | W40: =P40/P$53 -> 0.46130001 | Y40: Residual Oil | Z40: =SUMIFS(D:D,$A:$A,$K$33,$C:$C,$K41) -> 6837 | AA40: =SUMIFS(E:E,$A:$A,$K$33,$C:$C,$K41) -> 218 | AB40: =SUMIFS(F:F,$A:$A,$K$33,$C:$C,$K41) -> 2722.46 | AC40: =SUMIFS(G:G,$A:$A,$K$33,$C:$C,$K41) -> 247.655 | AD40: =SUMIFS(H:H,$A:$A,$K$33,$C:$C,$K41) -> 68.593 | AF40: Residual Oil | AG40: =Z40/Z$46 -> 0.016523713 | AH40: =AA40/AA$46 -> 0.0059017814 | AI40: =AB40/AB$46 -> 0.033404891 | AJ40: =AC40/AC$46 -> 0.027176722 | AK40: =AD40/AD$46 -> 0.0085511299
A41: Gross electricity production | B41: Liquefied petroleum gases | C41: Residual Oil | D41: 1098 | E41: 0 | F41: 0 | G41: 0 | H41: 6.12 | K41: Residual Oil | L41: =SUMIFS(D:D,$A:$A,$K$33,$C:$C,$K41) -> 6837 | M41: =SUMIFS(E:E,$A:$A,$K$33,$C:$C,$K41) -> 218 | N41: =SUMIFS(F:F,$A:$A,$K$33,$C:$C,$K41) -> 2722.46 | O41: =SUMIFS(G:G,$A:$A,$K$33,$C:$C,$K41) -> 247.655 | P41: =SUMIFS(H:H,$A:$A,$K$33,$C:$C,$K41) -> 68.593 | R41: Residual Oil | S41: =L41/L$53 -> 0.016522315 | T41: =M41/M$53 -> 0.0058926882 | U41: =N41/N$53 -> 0.033404891 | V41: =O41/O$53 -> 0.027176722 | W41: =P41/P$53 -> 0.0085511299 | Y41: Other fossil fuels (municipal waste) | Z41: =SUMIFS(D:D,$A:$A,$K$33,$C:$C,$K42) -> 44201 | AA41: =SUMIFS(E:E,$A:$A,$K$33,$C:$C,$K42) -> 1216 | AB41: =SUMIFS(F:F,$A:$A,$K$33,$C:$C,$K42) -> 6313.52 | AC41: =SUMIFS(G:G,$A:$A,$K$33,$C:$C,$K42) -> 0 | AD41: =SUMIFS(H:H,$A:$A,$K$33,$C:$C,$K42) -> 142.256 | AF41: Other fossil fuels (municipal waste) | AG41: =Z41/Z$46 -> 0.10682531 | AH41: =AA41/AA$46 -> 0.032920028 | AI41: =AB41/AB$46 -> 0.077467603 | AJ41: =AC41/AC$46 -> 0 | AK41: =AD41/AD$46 -> 0.01773431
A42: Gross electricity production | B42: Naphtha | C42: nr | D42: 0 | E42: 0 | F42: 0 | G42: 0 | H42: 0 | K42: Other fossil fuels (municipal waste) | L42: =SUMIFS(D:D,$A:$A,$K$33,$C:$C,$K42) -> 44201 | M42: =SUMIFS(E:E,$A:$A,$K$33,$C:$C,$K42) -> 1216 | N42: =SUMIFS(F:F,$A:$A,$K$33,$C:$C,$K42) -> 6313.52 | O42: =SUMIFS(G:G,$A:$A,$K$33,$C:$C,$K42) -> 0 | P42: =SUMIFS(H:H,$A:$A,$K$33,$C:$C,$K42) -> 142.256 | R42: Other fossil fuels (municipal waste) | S42: =L42/L$53 -> 0.10681627 | T42: =M42/M$53 -> 0.032869307 | U42: =N42/N$53 -> 0.077467603 | V42: =O42/O$53 -> 0 | W42: =P42/P$53 -> 0.01773431 | Y42: Electricity | Z42: =SUMIFS(D:D,$A:$A,$K$33,$C:$C,$K46) -> 0 | AA42: =SUMIFS(E:E,$A:$A,$K$33,$C:$C,$K46) -> 2 | AB42: =SUMIFS(F:F,$A:$A,$K$33,$C:$C,$K46) -> 20.941 | AC42: =SUMIFS(G:G,$A:$A,$K$33,$C:$C,$K46) -> 0 | AD42: =SUMIFS(H:H,$A:$A,$K$33,$C:$C,$K46) -> 0 | AF42: Electricity | AG42: =Z42/Z$46 -> 0 | AH42: =AA42/AA$46 -> 5.4144783e-05 | AI42: =AB42/AB$46 -> 0.00025694843 | AJ42: =AC42/AC$46 -> 0 | AK42: =AD42/AD$46 -> 0
A43: Gross electricity production | B43: Aviation gasoline | C43: nr | D43: 0 | E43: 0 | F43: 0 | G43: 0 | H43: 0 | K43: Hydro power | L43: =SUMIFS(D:D,$A:$A,$K$33,$C:$C,$K43) -> 0 | M43: =SUMIFS(E:E,$A:$A,$K$33,$C:$C,$K43) -> 0 | N43: =SUMIFS(F:F,$A:$A,$K$33,$C:$C,$K43) -> 0 | O43: =SUMIFS(G:G,$A:$A,$K$33,$C:$C,$K43) -> 0 | P43: =SUMIFS(H:H,$A:$A,$K$33,$C:$C,$K43) -> 0 | R43: Hydro power | S43: =L43/L$53 -> 0 | T43: =M43/M$53 -> 0 | U43: =N43/N$53 -> 0 | V43: =O43/O$53 -> 0 | W43: =P43/P$53 -> 0 | Y43: Geothermal | Z43: =SUMIFS(D:D,$A:$A,$K$33,$C:$C,$K48) -> 3115 | AA43: =SUMIFS(E:E,$A:$A,$K$33,$C:$C,$K48) -> 0 | AB43: =SUMIFS(F:F,$A:$A,$K$33,$C:$C,$K48) -> 667.107 | AC43: =SUMIFS(G:G,$A:$A,$K$33,$C:$C,$K48) -> 0 | AD43: =SUMIFS(H:H,$A:$A,$K$33,$C:$C,$K48) -> 37.812 | AF43: Geothermal | AG43: =Z43/Z$46 -> 0.0075283552 | AH43: =AA43/AA$46 -> 0 | AI43: =AB43/AB$46 -> 0.0081854782 | AJ43: =AC43/AC$46 -> 0 | AK43: =AD43/AD$46 -> 0.0047138239
A44: Gross electricity production | B44: Motor gasoline (excluding biofuel portion) | C44: nr | D44: 0 | E44: 0 | F44: 0 | G44: 0 | H44: 0 | K44: Wind power | L44: =SUMIFS(D:D,$A:$A,$K$33,$C:$C,$K44) -> 0 | M44: =SUMIFS(E:E,$A:$A,$K$33,$C:$C,$K44) -> 0 | N44: =SUMIFS(F:F,$A:$A,$K$33,$C:$C,$K44) -> 0 | O44: =SUMIFS(G:G,$A:$A,$K$33,$C:$C,$K44) -> 0 | P44: =SUMIFS(H:H,$A:$A,$K$33,$C:$C,$K44) -> 0 | R44: Wind power | S44: =L44/L$53 -> 0 | T44: =M44/M$53 -> 0 | U44: =N44/N$53 -> 0 | V44: =O44/O$53 -> 0 | W44: =P44/P$53 -> 0 | Y44: Solar thermal | Z44: =SUMIFS(D:D,$A:$A,$K$33,$C:$C,$K49) -> 139 | AA44: =SUMIFS(E:E,$A:$A,$K$33,$C:$C,$K49) -> 0 | AB44: =SUMIFS(F:F,$A:$A,$K$33,$C:$C,$K49) -> 138.404 | AC44: =SUMIFS(G:G,$A:$A,$K$33,$C:$C,$K49) -> 0 | AD44: =SUMIFS(H:H,$A:$A,$K$33,$C:$C,$K49) -> 0 | AF44: Solar thermal | AG44: =Z44/Z$46 -> 0.00033593623 | AH44: =AA44/AA$46 -> 0 | AI44: =AB44/AB$46 -> 0.0016982327 | AJ44: =AC44/AC$46 -> 0 | AK44: =AD44/AD$46 -> 0
A45: Gross electricity production | B45: Gasoline-type jet fuel | C45: nr | D45: 0 | E45: 0 | F45: 0 | G45: 0 | H45: 0 | K45: Solar PV | L45: =SUMIFS(D:D,$A:$A,$K$33,$C:$C,$K45) -> 0 | M45: =SUMIFS(E:E,$A:$A,$K$33,$C:$C,$K45) -> 0 | N45: =SUMIFS(F:F,$A:$A,$K$33,$C:$C,$K45) -> 0 | O45: =SUMIFS(G:G,$A:$A,$K$33,$C:$C,$K45) -> 0 | P45: =SUMIFS(H:H,$A:$A,$K$33,$C:$C,$K45) -> 0 | R45: Solar PV | S45: =L45/L$53 -> 0 | T45: =M45/M$53 -> 0 | U45: =N45/N$53 -> 0 | V45: =O45/O$53 -> 0 | W45: =P45/P$53 -> 0 | Y45: Other fuels | Z45: =SUMIFS(D:D,$A:$A,$K$33,$C:$C,$K47) -> 5945 | AA45: =SUMIFS(E:E,$A:$A,$K$33,$C:$C,$K47) -> 5983 | AB45: =SUMIFS(F:F,$A:$A,$K$33,$C:$C,$K47)+N52 -> 1163.215 | AC45: =SUMIFS(G:G,$A:$A,$K$33,$C:$C,$K47) -> 0 | AD45: =SUMIFS(H:H,$A:$A,$K$33,$C:$C,$K47) -> 0 | AF45: Other fuels | AG45: =Z45/Z$46 -> 0.01436792 | AH45: =AA45/AA$46 -> 0.16197412 | AI45: =AB45/AB$46 -> 0.014272779 | AJ45: =AC45/AC$46 -> 0 | AK45: =AD45/AD$46 -> 0
A46: Gross electricity production | B46: Kerosene-type jet fuel (excluding biofuel portion) | C46: nr | D46: 0 | E46: 0 | F46: 0 | G46: 0 | H46: 0 | K46: Electricity | L46: =SUMIFS(D:D,$A:$A,$K$33,$C:$C,$K46) -> 0 | M46: =SUMIFS(E:E,$A:$A,$K$33,$C:$C,$K46) -> 2 | N46: =SUMIFS(F:F,$A:$A,$K$33,$C:$C,$K46) -> 20.941 | O46: =SUMIFS(G:G,$A:$A,$K$33,$C:$C,$K46) -> 0 | P46: =SUMIFS(H:H,$A:$A,$K$33,$C:$C,$K46) -> 0 | R46: Electricity | S46: =L46/L$53 -> 0 | T46: =M46/M$53 -> 5.406136e-05 | U46: =N46/N$53 -> 0.00025694843 | V46: =O46/O$53 -> 0 | W46: =P46/P$53 -> 0 | Y46: Total | Z46: =SUM(Z35:Z45) -> 413769 | AA46: =SUM(AA35:AA45) -> 36938 | AB46: =SUM(AB35:AB45) -> 81498.843 | AC46: =SUM(AC35:AC45) -> 9112.762 | AD46: =SUM(AD35:AD45) -> 8021.513 | AF46: Total | AG46: =Z46/Z$46 -> 1 | AH46: =AA46/AA$46 -> 1 | AI46: =AB46/AB$46 -> 1 | AJ46: =AC46/AC$46 -> 1 | AK46: =AD46/AD$46 -> 1
A47: Gross electricity production | B47: Other kerosene | C47: nr | D47: 0 | E47: 0 | F47: 0 | G47: 0 | H47: 0 | K47: Other fuels | L47: =SUMIFS(D:D,$A:$A,$K$33,$C:$C,$K47) -> 5945 | M47: =SUMIFS(E:E,$A:$A,$K$33,$C:$C,$K47) -> 5983 | N47: =SUMIFS(F:F,$A:$A,$K$33,$C:$C,$K47) -> 0 | O47: =SUMIFS(G:G,$A:$A,$K$33,$C:$C,$K47) -> 0 | P47: =SUMIFS(H:H,$A:$A,$K$33,$C:$C,$K47) -> 0 | R47: Other fuels | S47: =L47/L$53 -> 0.014366705 | T47: =M47/M$53 -> 0.16172456 | U47: =N47/N$53 -> 0 | V47: =O47/O$53 -> 0 | W47: =P47/P$53 -> 0 | AF47: Check | AG47: =SUM(AG35:AG45)=AG46 -> TRUE | AH47: =SUM(AH35:AH45)=AH46 -> TRUE | AI47: =SUM(AI35:AI45)=AI46 -> TRUE | AJ47: =SUM(AJ35:AJ45)=AJ46 -> TRUE | AK47: =SUM(AK35:AK45)=AK46 -> TRUE
A48: Gross electricity production | B48: Gas oil and diesel oil (excluding biofuel portion) | C48: Residual Oil | D48: 2714.4 | E48: 0 | F48: 11.185 | G48: 261.533 | H48: 24.664 | K48: Geothermal | L48: =SUMIFS(D:D,$A:$A,$K$33,$C:$C,$K48) -> 3115 | M48: =SUMIFS(E:E,$A:$A,$K$33,$C:$C,$K48) -> 0 | N48: =SUMIFS(F:F,$A:$A,$K$33,$C:$C,$K48) -> 667.107 | O48: =SUMIFS(G:G,$A:$A,$K$33,$C:$C,$K48) -> 0 | P48: =SUMIFS(H:H,$A:$A,$K$33,$C:$C,$K48) -> 37.812 | R48: Geothermal | S48: =L48/L$53 -> 0.0075277184 | T48: =M48/M$53 -> 0 | U48: =N48/N$53 -> 0.0081854782 | V48: =O48/O$53 -> 0 | W48: =P48/P$53 -> 0.0047138239
A49: Gross electricity production | B49: Fuel oil | C49: Residual Oil | D49: 2862 | E49: 180.36 | F49: 1974.348 | G49: 3739.136 | H49: 0 | K49: Solar thermal | L49: =SUMIFS(D:D,$A:$A,$K$33,$C:$C,$K49) -> 139 | M49: =SUMIFS(E:E,$A:$A,$K$33,$C:$C,$K49) -> 0 | N49: =SUMIFS(F:F,$A:$A,$K$33,$C:$C,$K49) -> 138.404 | O49: =SUMIFS(G:G,$A:$A,$K$33,$C:$C,$K49) -> 0 | P49: =SUMIFS(H:H,$A:$A,$K$33,$C:$C,$K49) -> 0 | R49: Solar thermal | S49: =L49/L$53 -> 0.00033590782 | T49: =M49/M$53 -> 0 | U49: =N49/N$53 -> 0.0016982327 | V49: =O49/O$53 -> 0 | W49: =P49/P$53 -> 0
A50: Gross electricity production | B50: White spirit and special boiling point industrial spirits | C50: nr | D50: 0 | E50: 0 | F50: 0 | G50: 0 | H50: 0 | K50: Heat | L50: =SUMIFS(D:D,$A:$A,$K$33,$C:$C,$K50) -> 0 | M50: =SUMIFS(E:E,$A:$A,$K$33,$C:$C,$K50) -> 0 | N50: =SUMIFS(F:F,$A:$A,$K$33,$C:$C,$K50) -> 0 | O50: =SUMIFS(G:G,$A:$A,$K$33,$C:$C,$K50) -> 0 | P50: =SUMIFS(H:H,$A:$A,$K$33,$C:$C,$K50) -> 0 | R50: Heat | S50: =L50/L$53 -> 0 | T50: =M50/M$53 -> 0 | U50: =N50/N$53 -> 0 | V50: =O50/O$53 -> 0 | W50: =P50/P$53 -> 0
A51: Gross electricity production | B51: Lubricants | C51: nr | D51: 0 | E51: 0 | F51: 0 | G51: 0 | H51: 0 | K51: Peat | L51: =SUMIFS(D:D,$A:$A,$K$33,$C:$C,$K51) -> 0 | M51: =SUMIFS(E:E,$A:$A,$K$33,$C:$C,$K51) -> 57 | N51: =SUMIFS(F:F,$A:$A,$K$33,$C:$C,$K51) -> 0 | O51: =SUMIFS(G:G,$A:$A,$K$33,$C:$C,$K51) -> 0 | P51: =SUMIFS(H:H,$A:$A,$K$33,$C:$C,$K51) -> 0 | R51: Peat | S51: =L51/L$53 -> 0 | T51: =M51/M$53 -> 0.0015407487 | U51: =N51/N$53 -> 0 | V51: =O51/O$53 -> 0 | W51: =P51/P$53 -> 0
A52: Gross electricity production | B52: Paraffin waxes | C52: nr | D52: 0 | E52: 0 | F52: 0 | G52: 0 | H52: 0 | K52: Manufactured gases | L52: =SUMIFS(D:D,$A:$A,$K$33,$C:$C,$K52) -> 35 | M52: =SUMIFS(E:E,$A:$A,$K$33,$C:$C,$K52) -> 0 | N52: =SUMIFS(F:F,$A:$A,$K$33,$C:$C,$K52) -> 1163.215 | O52: =SUMIFS(G:G,$A:$A,$K$33,$C:$C,$K52) -> 0 | P52: =SUMIFS(H:H,$A:$A,$K$33,$C:$C,$K52) -> 0 | R52: Manufactured gases | S52: =L52/L$53 -> 8.4581106e-05 | T52: =M52/M$53 -> 0 | U52: =N52/N$53 -> 0.014272779 | V52: =O52/O$53 -> 0 | W52: =P52/P$53 -> 0
A53: Gross electricity production | B53: Petroleum coke | C53: Residual Oil | D53: 446.4 | E53: 0 | F53: 0 | G53: 0 | H53: 0 | K53: Total | L53: =SUMIFS(D:D,$A:$A,$K$33,$C:$C,$K53) -> 413804 | M53: =SUMIFS(E:E,$A:$A,$K$33,$C:$C,$K53) -> 36995 | N53: =SUMIFS(F:F,$A:$A,$K$33,$C:$C,$K53) -> 81498.843 | O53: =SUMIFS(G:G,$A:$A,$K$33,$C:$C,$K53) -> 9112.762 | P53: =SUMIFS(H:H,$A:$A,$K$33,$C:$C,$K53) -> 8021.513 | R53: Total | S53: =L53/L$53 -> 1 | T53: =M53/M$53 -> 1 | U53: =N53/N$53 -> 1 | V53: =O53/O$53 -> 1 | W53: =P53/P$53 -> 1
A54: Gross electricity production | B54: Bitumen | C54: nr | D54: 0 | E54: 0 | F54: 0 | G54: 0 | H54: 0 | K54: Check | L54: =ROUND(L53,0)=ROUND(D86,0) -> TRUE | M54: =ROUND(M53,0)=ROUND(E86,0) -> TRUE | N54: =ROUND(N53,0)=ROUND(F86,0) -> TRUE | O54: =ROUND(O53,0)=ROUND(G86,0) -> TRUE | P54: =ROUND(P53,0)=ROUND(H86,0) -> TRUE | R54: Check | S54: =SUM(S35:S52)=S53 -> TRUE | T54: =SUM(T35:T52)=T53 -> TRUE | U54: =SUM(U35:U52)=U53 -> TRUE | V54: =SUM(V35:V52)=V53 -> TRUE | W54: =SUM(W35:W52)=W53 -> TRUE
A55: Gross electricity production | B55: Other oil products n.e.c. | C55: Residual Oil | D55: 7423.2 | E55: 0 | F55: 0 | G55: 0 | H55: 0
A56: Gross electricity production | B56: Renewables and biofuels | C56: Aggregate | D56: 1041901.2 | E56: 22539.6 | F56: 244003.35 | G56: 145271.53 | H56: 24731.978
A57: Gross electricity production | B57: Hydro | C57: Hydro power | D57: 85770 | E57: 1571.4 | F57: 164545.5 | G57: 53613.349 | H57: 19209.179
A58: Gross electricity production | B58: Pumped hydro power | C58: Hydro power | D58: 22860 | E58: 2065.32 | F58: 13135.021 | G58: 13326.095 | H58: 1018.94
A59: Gross electricity production | B59: Geothermal | C59: Geothermal | D59: 774 | E59: 0 | F59: 0 | G59: 726.844 | H59: 0
A60: Gross electricity production | B60: Wind | C60: Wind power | D60: 500090.4 | E60: 12413.52 | F60: 33326.719 | G60: 51908.263 | H60: 23.58
A61: Gross electricity production | B61: Solar thermal | C61: nr | D61: 0 | E61: 0 | F61: 0 | G61: 0 | H61: 0
A62: Gross electricity production | B62: Solar photovoltaic | C62: Solar PV | D62: 271364.4 | E62: 5029.92 | F62: 29315.761 | G62: 25516.836 | H62: 4565.322
A63: Gross electricity production | B63: Tide, wave, ocean | C63: nr | D63: 0 | E63: 0 | F63: 0 | G63: 0 | H63: 0
A64: Gross electricity production | B64: Ambient heat (heat pumps) | C64: nr | D64: 0 | E64: 0 | F64: 0 | G64: 0 | H64: 0
A65: Gross electricity production | B65: Primary solid biofuels | C65: Biomass | D65: 38890.8 | E65: 2252.52 | F65: 13132.422 | G65: 11339.496 | H65: 604.523
A66: Gross electricity production | B66: Charcoal | C66: nr | D66: 0 | E66: 0 | F66: 0 | G66: 0 | H66: 0
... A160: Gross heat production | B160: Fossil energy | C160: Aggregate | D160: 320151.56 | E160: 5811.111 | F160: 35086.769 | G160: 9112.762 | H160: 6152.431

Sheet SPH_temp_behav
C2: SaveEnergyTogether | D2: Cost Benefit Assessement Tool for assessing local and over-regional energy saving campaigns
C4: Reduction of SPH cosumption - Improved heating behaviour
B5: Help | C5: Parameter | D5: Unit | E5: Input Values | G5: Input Values | J5: Remark/Reference Value
C6: Building type | E6: Single family house | G6: Apartment house
C7: Thermal quality status of the building | E7: unrefurbished | F7: refurbished | G7: unrefurbished | H7: refurbished
C8: Temperature correction factors depending on the heating behaviour
C9: Standard interior temperature | D9: °C | E9: ='Model homes'!E32 -> 20 | F9: =E9 -> 20 | G9: =F9 -> 20 | H9: =G9 -> 20 | K9: Austrian energy handbook for building energy adivsers
C10: Actual interior temperature | D10: °C | E10: 20 | F10: 20 | G10: 20 | H10: 20 | K10: p 109 | L10: 16 | M10: 17 | N10: 18 | O10: 19 | P10: 20 | Q10: 21 | R10: 22 | S10: 23 | T10: 24
C11: Correction factor for interior temperature | D11: # | E11: =HLOOKUP(E10,$L10:$T11,2,FALSE) -> 1 | F11: =HLOOKUP(F10,$L10:$T11,2,FALSE) -> 1 | G11: =HLOOKUP(G10,$L10:$T11,2,FALSE) -> 1 | H11: =HLOOKUP(H10,$L10:$T11,2,FALSE) -> 1 | K11: p 109 | L11: 0.68 | M11: 0.76 | N11: 0.84 | O11: 0.92 | P11: 1 | Q11: 1.08 | R11: 1.16 | S11: 1.24 | T11: 1.32
C12: Number of holiday weeks with temperature reduction | D12: # | E12: 2 | F12: =E12 -> 2 | G12: 2 | H12: =G12 -> 2 | K12: p 109 | N12: 0 | O12: 1 | P12: 2 | Q12: 3 | R12: 4 | S12: 5 | T12: 6
C13: Correction factor for vacation absence | D13: # | E13: =HLOOKUP(E12,$N12:$T13,2,FALSE) -> 0.95 | F13: =HLOOKUP(F12,$N12:$T13,2,FALSE) -> 0.95 | G13: =HLOOKUP(G12,$N12:$T13,2,FALSE) -> 0.95 | H13: =HLOOKUP(H12,$N12:$T13,2,FALSE) -> 0.95 | K13: p 109 | N13: 1 | O13: 0.975 | P13: 0.95 | Q13: 0.925 | R13: 0.9 | S13: 0.875 | T13: 0.85
C14: building fabric | D14: text | E14: solid | F14: =E14 -> solid | G14: solid | H14: =G14 -> solid | K14: p 109 | R14: solid | S14: medium | T14: light
C15: Correction factor for night setback (depending on the building fabric) | D15: # | E15: =HLOOKUP(E14,$N14:$T15,2,FALSE) -> 0.98 | F15: =HLOOKUP(F14,$N14:$T15,2,FALSE) -> 0.98 | G15: =HLOOKUP(G14,$N14:$T15,2,FALSE) -> 0.98 | H15: =HLOOKUP(H14,$N14:$T15,2,FALSE) -> 0.98 | K15: p 109 | R15: 0.98 | S15: 0.96 | T15: 0.93
C16: Number of unheated rooms | D16: # | E16: 1 | F16: 1 | G16: 0 | H16: 0 | K16: p 109 | Q16: 0 | R16: 1 | S16: 2 | T16: 3
C17: Correction factor for partial heating | D17: # | E17: =HLOOKUP(E16,$Q16:$T17,2,FALSE) -> 0.92 | F17: =HLOOKUP(F16,$Q16:$T17,2,FALSE) -> 0.92 | G17: =HLOOKUP(G16,$Q16:$T17,2,FALSE) -> 1 | H17: =HLOOKUP(H16,$Q16:$T17,2,FALSE) -> 1 | K17: p 109 | Q17: 1 | R17: 0.92 | S17: 0.85 | T17: 0.8
C18: Estimation of the average room temperature for the specified usage behaviour | D18: °C | E18: =E9*E11*E13*E15*E17 -> 17.1304 | F18: =F9*F11*F13*F15*F17 -> 17.1304 | G18: =G9*G11*G13*G15*G17 -> 18.62 | H18: =H9*H11*H13*H15*H17 -> 18.62
C20: Savings of useful space heat
C21: ='Model homes'!C31 -> Useful space heat (SPH) demand (see, e.g. Energy Performance Certificate) | D21: ='Model homes'!D31 -> kWh/m².a | E21: ='Model homes'!E31 -> 145 | F21: ='Model homes'!F31 -> 55 | G21: ='Model homes'!G31 -> 95 | H21: ='Model homes'!H31 -> 45
C22: Final heat savings per degree reduction | D22: % | E22: 0.05 | F22: 0.04 | G22: 0.045 | H22: 0.035
C23: Estimated ratio of final to useful space heat | D23: % | E23: 0.7 | F23: =E23 -> 0.7 | G23: =F23 -> 0.7 | H23: =G23 -> 0.7
C24: Estimated savings of useful energy | D24: % | E24: =(E9-E18)*E22*E23 -> 0.100436 | F24: =(F9-F18)*F22*F23 -> 0.0803488 | G24: =(G9-G18)*G22*G23 -> 0.04347 | H24: =(H9-H18)*H22*H23 -> 0.03381
C25: Calculated savings of useful energy, triggered by this measure | D25: kWh/a | E25: ='Model homes'!E35*E24 -> 2265.3898 | F25: ='Model homes'!F35*F24 -> 661.696 | G25: ='Model homes'!G35*G24 -> 356.00431 | H25: ='Model homes'!H35*H24 -> 118.86328
C27: Reduction of Final energy consumption for SPH, total
C28: District heat | D28: kWh/a | E28: =E$25/(1-'Model homes'!E$34)/'Model homes'!E38 -> 2594.9482 | F28: =F$25/(1-'Model homes'!F$34)/'Model homes'!F38 -> 722.13904 | G28: =G$25/(1-'Model homes'!G$34)/'Model homes'!G38 -> 421.85604 | H28: =H$25/(1-'Model homes'!H$34)/'Model homes'!H38 -> 126.34277
C29: Log wood | D29: kWh/a | E29: =E$25/(1-'Model homes'!E$34)/'Model homes'!E39 -> 3872.4612 | F29: =F$25/(1-'Model homes'!F$34)/'Model homes'!F39 -> 1010.9947 | G29: =G$25/(1-'Model homes'!G$34)/'Model homes'!G39 -> 610.7468 | H29: =H$25/(1-'Model homes'!H$34)/'Model homes'!H39 -> 176.87988
C30: Biomass pellets | D30: kWh/a | E30: =E$25/(1-'Model homes'!E$34)/'Model homes'!E40 -> 3146.3747 | F30: =F$25/(1-'Model homes'!F$34)/'Model homes'!F40 -> 842.49554 | G30: =G$25/(1-'Model homes'!G$34)/'Model homes'!G40 -> 499.02483 | H30: =H$25/(1-'Model homes'!H$34)/'Model homes'!H40 -> 147.3999
C31: Brown coal briquettes | D31: kWh/a | E31: =E$25/(1-'Model homes'!E$34)/'Model homes'!E41 -> 3872.4612 | F31: =F$25/(1-'Model homes'!F$34)/'Model homes'!F41 -> 1010.9947 | G31: =G$25/(1-'Model homes'!G$34)/'Model homes'!G41 -> 629.53901 | H31: =H$25/(1-'Model homes'!H$34)/'Model homes'!H41 -> 176.87988
C32: Liquefied Petroleum Gas (LPG) | D32: kWh/a | E32: =E$25/(1-'Model homes'!E$34)/'Model homes'!E42 -> 3146.3747 | F32: =F$25/(1-'Model homes'!F$34)/'Model homes'!F42 -> 832.58383 | G32: =G$25/(1-'Model homes'!G$34)/'Model homes'!G42 -> 511.50045 | H32: =H$25/(1-'Model homes'!H$34)/'Model homes'!H42 -> 145.66579
C33: Fuel oil | D33: kWh/a | E33: =E$25/(1-'Model homes'!E$34)/'Model homes'!E43 -> 3146.3747 | F33: =F$25/(1-'Model homes'!F$34)/'Model homes'!F43 -> 822.90262 | G33: =G$25/(1-'Model homes'!G$34)/'Model homes'!G43 -> 511.50045 | H33: =H$25/(1-'Model homes'!H$34)/'Model homes'!H43 -> 143.972
C34: Natural gas | D34: kWh/a | E34: =E$25/(1-'Model homes'!E$34)/'Model homes'!E44 -> 2961.2938 | F34: =F$25/(1-'Model homes'!F$34)/'Model homes'!F44 -> 813.44397 | G34: =G$25/(1-'Model homes'!G$34)/'Model homes'!G44 -> 470.34524 | H34: =H$25/(1-'Model homes'!H$34)/'Model homes'!H44 -> 142.31715
C35: Direct-electricity system | D35: kWh/a | E35: =E$25/(1-'Model homes'!E$34)/'Model homes'!E45 -> 2517.0998 | F35: =F$25/(1-'Model homes'!F$34)/'Model homes'!F45 -> 707.69626 | G35: =G$25/(1-'Model homes'!G$34)/'Model homes'!G45 -> 409.20036 | H35: =H$25/(1-'Model homes'!H$34)/'Model homes'!H45 -> 123.81592 | J35: Average | K35: Average beneficial only
C36: Central heat pump | D36: kWh/a | E36: =E$25/(1-'Model homes'!E$34)/'Model homes'!E46 -> 868.61095 | F36: =F$25/(1-'Model homes'!F$34)/'Model homes'!F46 -> 216.9849 | G36: =G$25/(1-'Model homes'!G$34)/'Model homes'!G46 -> 125.46385 | H36: =H$25/(1-'Model homes'!H$34)/'Model homes'!H46 -> 35.272736 | J36: =AVERAGE(E28:H36) -> 1069.8322 | K36: =AVERAGEIFS($E$28:$H$36,$J$98:$M$106,"yes") -> #DIV/0!
C38: Avoided heat losses, relative to total final energy SPH demand
C39: District heat | D39: % p.a. | E39: =E28/('Model homes'!E48*'Model homes'!$E$21) -> 0.11159556 | F39: =F28/('Model homes'!F48*'Model homes'!$E$21) -> 0.085934545 | G39: =G28/('Model homes'!G48*'Model homes'!G$21) -> 0.0049965517 | H39: =H28/('Model homes'!H48*'Model homes'!H$21) -> 0.003521875
C40: Log wood | D40: % p.a. | E40: =E29/('Model homes'!E49*'Model homes'!$E$21) -> 0.11159556 | F40: =F29/('Model homes'!F49*'Model homes'!$E$21) -> 0.085934545 | G40: =G29/('Model homes'!G49*'Model homes'!G$21) -> 0.0049965517 | H40: =H29/('Model homes'!H49*'Model homes'!H$21) -> 0.003521875
C41: Biomass pellets | D41: % p.a. | E41: =E30/('Model homes'!E50*'Model homes'!$E$21) -> 0.11159556 | F41: =F30/('Model homes'!F50*'Model homes'!$E$21) -> 0.085934545 | G41: =G30/('Model homes'!G50*'Model homes'!G$21) -> 0.0049965517 | H41: =H30/('Model homes'!H50*'Model homes'!H$21) -> 0.003521875
C42: Brown coal briquettes | D42: % p.a. | E42: =E31/('Model homes'!E51*'Model homes'!$E$21) -> 0.11159556 | F42: =F31/('Model homes'!F51*'Model homes'!$E$21) -> 0.085934545 | G42: =G31/('Model homes'!G51*'Model homes'!G$21) -> 0.0049965517 | H42: =H31/('Model homes'!H51*'Model homes'!H$21) -> 0.003521875
C43: Liquefied Petroleum Gas (LPG) | D43: % p.a. | E43: =E32/('Model homes'!E52*'Model homes'!$E$21) -> 0.11159556 | F43: =F32/('Model homes'!F52*'Model homes'!$E$21) -> 0.085934545 | G43: =G32/('Model homes'!G52*'Model homes'!G$21) -> 0.0049965517 | H43: =H32/('Model homes'!H52*'Model homes'!H$21) -> 0.003521875
C44: Fuel oil | D44: % p.a. | E44: =E33/('Model homes'!E53*'Model homes'!$E$21) -> 0.11159556 | F44: =F33/('Model homes'!F53*'Model homes'!$E$21) -> 0.085934545 | G44: =G33/('Model homes'!G53*'Model homes'!G$21) -> 0.0049965517 | H44: =H33/('Model homes'!H53*'Model homes'!H$21) -> 0.003521875
C45: Natural gas | D45: % p.a. | E45: =E34/('Model homes'!E54*'Model homes'!$E$21) -> 0.11159556 | F45: =F34/('Model homes'!F54*'Model homes'!$E$21) -> 0.085934545 | G45: =G34/('Model homes'!G54*'Model homes'!G$21) -> 0.0049965517 | H45: =H34/('Model homes'!H54*'Model homes'!H$21) -> 0.003521875
C46: Direct-electricity system | D46: % p.a. | E46: =E35/('Model homes'!E55*'Model homes'!$E$21) -> 0.11159556 | F46: =F35/('Model homes'!F55*'Model homes'!$E$21) -> 0.085934545 | G46: =G35/('Model homes'!G55*'Model homes'!G$21) -> 0.0049965517 | H46: =H35/('Model homes'!H55*'Model homes'!H$21) -> 0.003521875
C47: Central heat pump | D47: % p.a. | E47: =E36/('Model homes'!E56*'Model homes'!$E$21) -> 0.11159556 | F47: =F36/('Model homes'!F56*'Model homes'!$E$21) -> 0.085934545 | G47: =G36/('Model homes'!G56*'Model homes'!G$21) -> 0.0049965517 | H47: =H36/('Model homes'!H56*'Model homes'!H$21) -> 0.003521875 | J47: Electricity
C49: Individual implementation costs - smart thermostats
B50: Help | C50: Parameter | D50: Unit | E50: Input Values | G50: Input Values | J50: Remark/Reference Value
C51: Building type | E51: Single family house | G51: Apartment house
C52: Thermal quality status of the building | E52: unrefurbished | F52: refurbished | G52: unrefurbished | H52: refurbished | J52: SFH | K52: AH
C53: Time to get informed on intervention type | D53: hours | F53: =E53 -> 0 | H53: =G53 -> 0 | J53: 3 to 4 | K53: hours
C54: Time to search for materials & prices at DIY stores | D54: hours | F54: =E54 -> 0 | H54: =G54 -> 0 | J54: 2 to 3 | K54: hours
C55: Total information and search time | D55: hours | E55: =SUM(E53:E54) -> 0 | F55: =SUM(F53:F54) -> 0 | G55: =SUM(G53:G54) -> 0 | H55: =SUM(H53:H54) -> 0
C56: Total DIY implementation time | D56: hours | F56: =E56 -> 0 | H56: =G56 -> 0 | J56: 4 to 5 | K56: hours
C57: Total info, collection and implementation time | D57: hours | E57: =E55+E56 -> 0 | F57: =F55+F56 -> 0 | G57: =G55+G56 -> 0 | H57: =H55+H56 -> 0
C58: Opportunity costs of lost leisure time | D58: €/h | F58: =E58 -> 0 | G58: =F58 -> 0 | H58: =G58 -> 0 | J58: 10-40 | K58: €/h | M58: depending on income, priorities, personal goals and the alternatives (e.g. overtime) available
C59: Total DIY costs | D59: € | E59: =E57*E58 -> 0 | F59: =F57*F58 -> 0 | G59: =G57*G58 -> 0 | H59: =H57*H58 -> 0
C60: Costs of complete equipment with smart thermostats | D60: € | F60: =E60 -> 0 | H60: =G60 -> 0 | J60: 400 to 600 | K60: 300 to 500 | L60: € | M60: smart thermostates
C61: Material costs | D61: Euro | E61: =E60 -> 0 | F61: =F60 -> 0 | G61: =G60 -> 0 | H61: =H60 -> 0
C62: Total up-front investment | D62: € | E62: =E59+E61 -> 0 | F62: =F59+F61 -> 0 | G62: =G59+G61 -> 0 | H62: =H59+H61 -> 0
C64: Maintenance and servicing costs, first year | D64: €/year | F64: =E64 -> 0 | H64: =G64 -> 0 | J64: 20 to 30 | K64: €/year | M64: Cost of batteries and App etc.
C65: Price escalation rate M&S costs | D65: % p.a. | E65: ='Model homes'!E171 -> 0.02
C66: Present value factor, private perspective | D66: % p.a. | E66: =IF($E65=E$68,1,(1-(((1+$E65)/(1+E$68))^E69))/(E68-$E65)) -> 2.8294976 | F66: =IF($E65=F$68,1,(1-(((1+$E65)/(1+F$68))^F69))/(F68-$E65)) -> 2.8294976 | G66: =IF($E65=G$68,1,(1-(((1+$E65)/(1+G$68))^G69))/(G68-$E65)) -> 2.8294976 | H66: =IF($E65=H$68,1,(1-(((1+$E65)/(1+H$68))^H69))/(H68-$E65)) -> 2.8294976
C67: Maintenance and servicing costs, annuity | D67: €/year | E67: =-PMT(E68,E69,E64*E66) -> 0 | F67: =-PMT(F68,F69,F64*F66) -> 0 | G67: =-PMT(G68,G69,G64*G66) -> 0 | H67: =-PMT(H68,H69,H64*H66) -> 0
C68: WACC, private | D68: % p.a. | E68: ='Model homes'!$E169 -> 0.04 | F68: ='Model homes'!$E169 -> 0.04 | G68: ='Model homes'!$E169 -> 0.04 | H68: ='Model homes'!$E169 -> 0.04
C69: Lifetime of the intervention | D69: years | E69: 3 | F69: =E69 -> 3 | G69: =F69 -> 3 | H69: =G69 -> 3 | J69: 10 to 15 | K69: a
C71: Energy Cost Savings, 1st year
C72: District heat | D72: €/a.apartment | E72: ='Model homes'!E$127*E28*10^-3/'Model homes'!E$21 -> #VALUE! | F72: ='Model homes'!F$127*F28*10^-3/'Model homes'!F$21 -> #VALUE! | G72: ='Model homes'!G$127*G28*10^-3/'Model homes'!G$21 -> #VALUE! | H72: ='Model homes'!H$127*H28*10^-3/'Model homes'!H$21 -> #VALUE! | J72: cost savings refer to DH working price component only
C73: Log wood | D73: €/a.apartment | E73: ='Model homes'!E149*E40 -> #VALUE! | F73: ='Model homes'!F149*F40 -> #VALUE! | G73: ='Model homes'!G149*G40 -> #VALUE! | H73: ='Model homes'!H149*H40 -> #VALUE!
C74: Biomass pellets | D74: €/a.apartment | E74: ='Model homes'!E150*E41 -> #VALUE! | F74: ='Model homes'!F150*F41 -> #VALUE! | G74: ='Model homes'!G150*G41 -> #VALUE! | H74: ='Model homes'!H150*H41 -> #VALUE!
C75: Brown coal briquettes | D75: €/a.apartment | E75: ='Model homes'!E151*E42 -> #VALUE! | F75: ='Model homes'!F151*F42 -> #VALUE! | G75: ='Model homes'!G151*G42 -> #VALUE! | H75: ='Model homes'!H151*H42 -> #VALUE!
C76: Liquefied Petroleum Gas (LPG) | D76: €/a.apartment | E76: ='Model homes'!E152*E43 -> #VALUE! | F76: ='Model homes'!F152*F43 -> #VALUE! | G76: ='Model homes'!G152*G43 -> #VALUE! | H76: ='Model homes'!H152*H43 -> #VALUE!
C77: Fuel oil | D77: €/a.apartment | E77: ='Model homes'!E153*E44 -> #VALUE! | F77: ='Model homes'!F153*F44 -> #VALUE! | G77: ='Model homes'!G153*G44 -> #VALUE! | H77: ='Model homes'!H153*H44 -> #VALUE!
C78: Natural gas | D78: €/a.apartment | E78: ='Model homes'!E154*E45 -> #VALUE! | F78: ='Model homes'!F154*F45 -> #VALUE! | G78: ='Model homes'!G154*G45 -> #VALUE! | H78: ='Model homes'!H154*H45 -> #VALUE!
C79: Direct-electricity system | D79: €/a.apartment | E79: ='Model homes'!E155*E46 -> #VALUE! | F79: ='Model homes'!F155*F46 -> #VALUE! | G79: ='Model homes'!G155*G46 -> #VALUE! | H79: ='Model homes'!H155*H46 -> #VALUE! | K79: Average | L79: Average beneficial only
C80: Central heat pump | D80: €/a.apartment | E80: ='Model homes'!E156*E47 -> #VALUE! | F80: ='Model homes'!F156*F47 -> #VALUE! | G80: ='Model homes'!G156*G47 -> #VALUE! | H80: ='Model homes'!H156*H47 -> #VALUE! | J80: =ROUND(MIN(E72:H80),0)&" - "&ROUND(MAX(E72:H80),0) -> #VALUE! | K80: =AVERAGE(E72:H80) -> #VALUE! | L80: =AVERAGEIFS($E$72:$H$80,$J$98:$M$106,"yes") -> #DIV/0!
C82: Energy Cost Savings, annuity | J82: Present value factor, private perspective
C83: District heat | D83: €/a.apartment | E83: =-PMT(E$68,E$69,E72*$J83) -> #VALUE! | F83: =-PMT(F$68,F$69,F72*$J83) -> #VALUE! | G83: =-PMT(G$68,G$69,G72*$J83) -> #VALUE! | H83: =-PMT(H$68,H$69,H72*$J83) -> #VALUE! | J83: =(1-(((1+'Model homes'!$E159)/(1+E$68))^E$69))/(E$68-'Model homes'!$E159) -> 2.8432104
C84: Log wood | D84: €/a.apartment | E84: =-PMT(E$68,E$69,E73*$J84) -> #VALUE! | F84: =-PMT(F$68,F$69,F73*$J84) -> #VALUE! | G84: =-PMT(G$68,G$69,G73*$J84) -> #VALUE! | H84: =-PMT(H$68,H$69,H73*$J84) -> #VALUE! | J84: =(1-(((1+'Model homes'!$E160)/(1+E$68))^E$69))/(E$68-'Model homes'!$E160) -> 2.8294976
C85: Biomass pellets | D85: €/a.apartment | E85: =-PMT(E$68,E$69,E74*$J85) -> #VALUE! | F85: =-PMT(F$68,F$69,F74*$J85) -> #VALUE! | G85: =-PMT(G$68,G$69,G74*$J85) -> #VALUE! | H85: =-PMT(H$68,H$69,H74*$J85) -> #VALUE! | J85: =(1-(((1+'Model homes'!$E161)/(1+E$68))^E$69))/(E$68-'Model homes'!$E161) -> 2.8432104
C86: Brown coal briquettes | D86: €/a.apartment | E86: =-PMT(E$68,E$69,E75*$J86) -> #VALUE! | F86: =-PMT(F$68,F$69,F75*$J86) -> #VALUE! | G86: =-PMT(G$68,G$69,G75*$J86) -> #VALUE! | H86: =-PMT(H$68,H$69,H75*$J86) -> #VALUE! | J86: =(1-(((1+'Model homes'!$E162)/(1+E$68))^E$69))/(E$68-'Model homes'!$E162) -> 2.8432104
C87: Liquefied Petroleum Gas (LPG) | D87: €/a.apartment | E87: =-PMT(E$68,E$69,E76*$J87) -> #VALUE! | F87: =-PMT(F$68,F$69,F76*$J87) -> #VALUE! | G87: =-PMT(G$68,G$69,G76*$J87) -> #VALUE! | H87: =-PMT(H$68,H$69,H76*$J87) -> #VALUE! | J87: =(1-(((1+'Model homes'!$E163)/(1+E$68))^E$69))/(E$68-'Model homes'!$E163) -> 2.8432104
C88: Fuel oil | D88: €/a.apartment | E88: =-PMT(E$68,E$69,E77*$J88) -> #VALUE! | F88: =-PMT(F$68,F$69,F77*$J88) -> #VALUE! | G88: =-PMT(G$68,G$69,G77*$J88) -> #VALUE! | H88: =-PMT(H$68,H$69,H77*$J88) -> #VALUE! | J88: =(1-(((1+'Model homes'!$E164)/(1+E$68))^E$69))/(E$68-'Model homes'!$E164) -> 2.8432104
C89: Natural gas | D89: €/a.apartment | E89: =-PMT(E$68,E$69,E78*$J89) -> #VALUE! | F89: =-PMT(F$68,F$69,F78*$J89) -> #VALUE! | G89: =-PMT(G$68,G$69,G78*$J89) -> #VALUE! | H89: =-PMT(H$68,H$69,H78*$J89) -> #VALUE! | J89: =(1-(((1+'Model homes'!$E165)/(1+E$68))^E$69))/(E$68-'Model homes'!$E165) -> 2.8542126
C90: Direct-electricity system | D90: €/a.apartment | E90: =-PMT(E$68,E$69,E79*$J90) -> #VALUE! | F90: =-PMT(F$68,F$69,F79*$J90) -> #VALUE! | G90: =-PMT(G$68,G$69,G79*$J90) -> #VALUE! | H90: =-PMT(H$68,H$69,H79*$J90) -> #VALUE! | J90: =(1-(((1+'Model homes'!$E166)/(1+E$68))^E$69))/(E$68-'Model homes'!$E166) -> 2.8432104
C91: Central heat pump | D91: €/a.apartment | E91: =-PMT(E$68,E$69,E80*$J91) -> #VALUE! | F91: =-PMT(F$68,F$69,F80*$J91) -> #VALUE! | G91: =-PMT(G$68,G$69,G80*$J91) -> #VALUE! | H91: =-PMT(H$68,H$69,H80*$J91) -> #VALUE! | J91: =(1-(((1+'Model homes'!$E167)/(1+E$68))^E$69))/(E$68-'Model homes'!$E167) -> 2.8432104
C93: Results per home
B94: Help | C94: Parameter | D94: Unit | E94: Input Values | G94: Input Values | J94: Remark/Reference Value
C95: Building type | E95: Single family house | G95: Apartment house
C96: Thermal quality status of the building | E96: unrefurbished | F96: refurbished | G96: unrefurbished | H96: refurbished
C97: Static pay-back time | J97: Intervention is beneficial
C98: District heat | D98: years | E98: =IF(E$62/(E72-E$64)<0,"-",E$62/(E72-E$64)) -> #VALUE! | F98: =IF(F$62/(F72-F$64)<0,"-",F$62/(F72-F$64)) -> #VALUE! | G98: =IF(G$62/(G72-G$64)<0,"-",G$62/(G72-G$64)) -> #VALUE! | H98: =IF(H$62/(H72-H$64)<0,"-",H$62/(H72-H$64)) -> #VALUE! | J98: =IF(E98<E$69,"yes","no") -> #VALUE! | K98: =IF(F98<F$69,"yes","no") -> #VALUE! | L98: =IF(G98<G$69,"yes","no") -> #VALUE! | M98: =IF(H98<H$69,"yes","no") -> #VALUE!
C99: Log wood | D99: years | E99: =IF(E$62/(E73-E$64)<0,"-",E$62/(E73-E$64)) -> #VALUE! | F99: =IF(F$62/(F73-F$64)<0,"-",F$62/(F73-F$64)) -> #VALUE! | G99: =IF(G$62/(G73-G$64)<0,"-",G$62/(G73-G$64)) -> #VALUE! | H99: =IF(H$62/(H73-H$64)<0,"-",H$62/(H73-H$64)) -> #VALUE! | J99: =IF(E99<E$69,"yes","no") -> #VALUE! | K99: =IF(F99<F$69,"yes","no") -> #VALUE! | L99: =IF(G99<G$69,"yes","no") -> #VALUE! | M99: =IF(H99<H$69,"yes","no") -> #VALUE!
C100: Biomass pellets | D100: years | E100: =IF(E$62/(E74-E$64)<0,"-",E$62/(E74-E$64)) -> #VALUE! | F100: =IF(F$62/(F74-F$64)<0,"-",F$62/(F74-F$64)) -> #VALUE! | G100: =IF(G$62/(G74-G$64)<0,"-",G$62/(G74-G$64)) -> #VALUE! | H100: =IF(H$62/(H74-H$64)<0,"-",H$62/(H74-H$64)) -> #VALUE! | J100: =IF(E100<E$69,"yes","no") -> #VALUE! | K100: =IF(F100<F$69,"yes","no") -> #VALUE! | L100: =IF(G100<G$69,"yes","no") -> #VALUE! | M100: =IF(H100<H$69,"yes","no") -> #VALUE!
C101: Brown coal briquettes | D101: years | E101: =IF(E$62/(E75-E$64)<0,"-",E$62/(E75-E$64)) -> #VALUE! | F101: =IF(F$62/(F75-F$64)<0,"-",F$62/(F75-F$64)) -> #VALUE! | G101: =IF(G$62/(G75-G$64)<0,"-",G$62/(G75-G$64)) -> #VALUE! | H101: =IF(H$62/(H75-H$64)<0,"-",H$62/(H75-H$64)) -> #VALUE! | J101: =IF(E101<E$69,"yes","no") -> #VALUE! | K101: =IF(F101<F$69,"yes","no") -> #VALUE! | L101: =IF(G101<G$69,"yes","no") -> #VALUE! | M101: =IF(H101<H$69,"yes","no") -> #VALUE!
C102: Liquefied Petroleum Gas (LPG) | D102: years | E102: =IF(E$62/(E76-E$64)<0,"-",E$62/(E76-E$64)) -> #VALUE! | F102: =IF(F$62/(F76-F$64)<0,"-",F$62/(F76-F$64)) -> #VALUE! | G102: =IF(G$62/(G76-G$64)<0,"-",G$62/(G76-G$64)) -> #VALUE! | H102: =IF(H$62/(H76-H$64)<0,"-",H$62/(H76-H$64)) -> #VALUE! | J102: =IF(E102<E$69,"yes","no") -> #VALUE! | K102: =IF(F102<F$69,"yes","no") -> #VALUE! | L102: =IF(G102<G$69,"yes","no") -> #VALUE! | M102: =IF(H102<H$69,"yes","no") -> #VALUE!
C103: Fuel oil | D103: years | E103: =IF(E$62/(E77-E$64)<0,"-",E$62/(E77-E$64)) -> #VALUE! | F103: =IF(F$62/(F77-F$64)<0,"-",F$62/(F77-F$64)) -> #VALUE! | G103: =IF(G$62/(G77-G$64)<0,"-",G$62/(G77-G$64)) -> #VALUE! | H103: =IF(H$62/(H77-H$64)<0,"-",H$62/(H77-H$64)) -> #VALUE! | J103: =IF(E103<E$69,"yes","no") -> #VALUE! | K103: =IF(F103<F$69,"yes","no") -> #VALUE! | L103: =IF(G103<G$69,"yes","no") -> #VALUE! | M103: =IF(H103<H$69,"yes","no") -> #VALUE!
C104: Natural gas | D104: years | E104: =IF(E$62/(E78-E$64)<0,"-",E$62/(E78-E$64)) -> #VALUE! | F104: =IF(F$62/(F78-F$64)<0,"-",F$62/(F78-F$64)) -> #VALUE! | G104: =IF(G$62/(G78-G$64)<0,"-",G$62/(G78-G$64)) -> #VALUE! | H104: =IF(H$62/(H78-H$64)<0,"-",H$62/(H78-H$64)) -> #VALUE! | J104: =IF(E104<E$69,"yes","no") -> #VALUE! | K104: =IF(F104<F$69,"yes","no") -> #VALUE! | L104: =IF(G104<G$69,"yes","no") -> #VALUE! | M104: =IF(H104<H$69,"yes","no") -> #VALUE!
C105: Direct-electricity system | D105: years | E105: =IF(E$62/(E79-E$64)<0,"-",E$62/(E79-E$64)) -> #VALUE! | F105: =IF(F$62/(F79-F$64)<0,"-",F$62/(F79-F$64)) -> #VALUE! | G105: =IF(G$62/(G79-G$64)<0,"-",G$62/(G79-G$64)) -> #VALUE! | H105: =IF(H$62/(H79-H$64)<0,"-",H$62/(H79-H$64)) -> #VALUE! | J105: =IF(E105<E$69,"yes","no") -> #VALUE! | K105: =IF(F105<F$69,"yes","no") -> #VALUE! | L105: =IF(G105<G$69,"yes","no") -> #VALUE! | M105: =IF(H105<H$69,"yes","no") -> #VALUE! | O105: unrefurbished | P105: refurbished
C106: Central heat pump | D106: years | E106: =IF(E$62/(E80-E$64)<0,"-",E$62/(E80-E$64)) -> #VALUE! | F106: =IF(F$62/(F80-F$64)<0,"-",F$62/(F80-F$64)) -> #VALUE! | G106: =IF(G$62/(G80-G$64)<0,"-",G$62/(G80-G$64)) -> #VALUE! | H106: =IF(H$62/(H80-H$64)<0,"-",H$62/(H80-H$64)) -> #VALUE! | J106: =IF(E106<E$69,"yes","no") -> #VALUE! | K106: =IF(F106<F$69,"yes","no") -> #VALUE! | L106: =IF(G106<G$69,"yes","no") -> #VALUE! | M106: =IF(H106<H$69,"yes","no") -> #VALUE! | O106: =IF((COUNTIF(J98:J106,"yes")+COUNTIF(L98:L106,"yes"))>=(COUNTIF(J98:J106,"no")+COUNTIF(L98:L106,"no")),"yes","no") -> yes | P106: =IF((COUNTIF(K98:K106,"yes")+COUNTIF(M98:M106,"yes"))>=(COUNTIF(K98:K106,"no")+COUNTIF(M98:M106,"no")),"yes","no") -> yes
C108: Dynamic pay-back time | J108: Intervention is beneficial
C109: District heat | D109: years | E109: =IF((E$62)/(E83-E$67)<0,"-",(E$62)/(E83-E$67)) -> #VALUE! | F109: =IF((F$62)/(F83-F$67)<0,"-",(F$62)/(F83-F$67)) -> #VALUE! | G109: =IF((G$62)/(G83-G$67)<0,"-",(G$62)/(G83-G$67)) -> #VALUE! | H109: =IF((H$62)/(H83-H$67)<0,"-",(H$62)/(H83-H$67)) -> #VALUE! | J109: =IF(E109<E$69,"yes","no") -> #VALUE! | K109: =IF(F109<F$69,"yes","no") -> #VALUE! | L109: =IF(G109<G$69,"yes","no") -> #VALUE! | M109: =IF(H109<H$69,"yes","no") -> #VALUE!
C110: Log wood | D110: years | E110: =IF((E$62)/(E84-E$67)<0,"-",(E$62)/(E84-E$67)) -> #VALUE! | F110: =IF((F$62)/(F84-F$67)<0,"-",(F$62)/(F84-F$67)) -> #VALUE! | G110: =IF((G$62)/(G84-G$67)<0,"-",(G$62)/(G84-G$67)) -> #VALUE! | H110: =IF((H$62)/(H84-H$67)<0,"-",(H$62)/(H84-H$67)) -> #VALUE! | J110: =IF(E110<E$69,"yes","no") -> #VALUE! | K110: =IF(F110<F$69,"yes","no") -> #VALUE! | L110: =IF(G110<G$69,"yes","no") -> #VALUE! | M110: =IF(H110<H$69,"yes","no") -> #VALUE!
C111: Biomass pellets | D111: years | E111: =IF((E$62)/(E85-E$67)<0,"-",(E$62)/(E85-E$67)) -> #VALUE! | F111: =IF((F$62)/(F85-F$67)<0,"-",(F$62)/(F85-F$67)) -> #VALUE! | G111: =IF((G$62)/(G85-G$67)<0,"-",(G$62)/(G85-G$67)) -> #VALUE! | H111: =IF((H$62)/(H85-H$67)<0,"-",(H$62)/(H85-H$67)) -> #VALUE! | J111: =IF(E111<E$69,"yes","no") -> #VALUE! | K111: =IF(F111<F$69,"yes","no") -> #VALUE! | L111: =IF(G111<G$69,"yes","no") -> #VALUE! | M111: =IF(H111<H$69,"yes","no") -> #VALUE!
...

Sheet SPH_VL_Seal
C2: SaveEnergyTogether | D2: Cost Benefit Assessement Tool for assessing local and over-regional energy saving campaigns
C4: Reduction of infiltration and exfiltration losses - sealing gaps, cracks, and drafts around windows and doors to eliminate heat leaks
B5: Help | C5: Parameter | D5: Unit | E5: Input Values | G5: Input Values | J5: Remark/Reference Value
C6: Building type | E6: Single family house | G6: Apartment house
C7: Thermal quality status of the building | E7: unrefurbished | F7: refurbished | G7: unrefurbished | H7: refurbished
C8: Standard interior temperature | D8: °C | E8: ='Model homes'!E32 -> 20 | F8: ='Model homes'!F32 -> 20 | G8: ='Model homes'!G32 -> 20 | H8: ='Model homes'!H32 -> 20
C9: Average outdoor temperature during heating season | D9: °C | E9: ='Model homes'!E33 -> 9 | F9: ='Model homes'!F33 -> 9 | G9: ='Model homes'!G33 -> 9 | H9: ='Model homes'!H33 -> 9
C10: heating capacity of air at ambient temperature (from -50 to 60oC) | D10: J/kg.K | E10: 1000
C11: density of air at ambient temperature | D11: kg/m³ | E11: 1.2 | M11: Typical air changes per hour (ACH)
C12: Interior volume of the building | D12: m³ | E12: ='Model homes'!E19 -> 313.6 | F12: ='Model homes'!F19 -> 313.6 | G12: ='Model homes'!G19 -> 1800 | H12: ='Model homes'!H19 -> 1800 | M12: air-tight large new buildings | O12: 0.1 to 0.2 | P12: 1/h | Q12: (floor area >10.000 m2)
C13: air change per hour (ACH) | D13: 1/h | E13: 0.3 | F13: 0.2 | G13: 0.5 | H13: 0.3 | J13: see box on the right | M13: smaller buildings | O13: 0.2 to 0.3 | P13: 1/h
C14: air change per hour for the model homes | D14: m³/h.flat | E14: =E12*E13/'Model homes'!E21 -> 94.08 | F14: =F12*F13/'Model homes'!F21 -> 62.72 | G14: =G12*G13/'Model homes'!G21 -> 90 | H14: =H12*H13/'Model homes'!H21 -> 54 | M14: old buildings | O14: 0.5 to 1.0 | P14: 1/h
C15: mass flow rate of air | D15: kg/s | E15: =$E11*E14/3600 -> 0.03136 | F15: =$E11*F14/3600 -> 0.020906667 | G15: =$E11*G14/3600 -> 0.03 | H15: =$E11*H14/3600 -> 0.018
C16: thermal losses by infiltration and exfiltration | D16: W | E16: =$E10*E15*(E8-E9) -> 344.96 | F16: =$E10*F15*(F8-F9) -> 229.97333 | G16: =$E10*G15*(G8-G9) -> 330 | H16: =$E10*H15*(H8-H9) -> 198
C17: Annual full load hours of heat provision | D17: h/a | E17: =SPH_TL_UC!E22 -> 1700 | F17: =SPH_TL_UC!F22 -> 1700 | G17: =SPH_TL_UC!G22 -> 1700 | H17: =SPH_TL_UC!H22 -> 1700
C18: thermal losses by infiltration and exfiltration | D18: kWh/a | E18: =E16/1000*E17 -> 586.432 | F18: =F16/1000*F17 -> 390.95467 | G18: =G16/1000*G17 -> 561 | H18: =H16/1000*H17 -> 336.6
C19: reduction of thermal losses from in- & exfiltration by sealing measures | D19: % | E19: 0.5 | F19: 0.3 | G19: =E19 -> 0.5 | H19: =F19 -> 0.3
C20: reduction of thermal losses from in- & exfiltration by sealing measures | D20: kWh/a | E20: =E18*E19 -> 293.216 | F20: =F18*F19 -> 117.2864 | G20: =G18*G19 -> 280.5 | H20: =H18*H19 -> 100.98
C22: Reduction of Final energy consumption for SPH, total
C23: District heat | D23: kWh/a | E23: =E$20/(1-'Model homes'!E$34)/'Model homes'!E38 -> 335.87171 | F23: =F$20/(1-'Model homes'!F$34)/'Model homes'!F38 -> 128 | G23: =G$20/(1-'Model homes'!G$34)/'Model homes'!G38 -> 332.38535 | H23: =H$20/(1-'Model homes'!H$34)/'Model homes'!H38 -> 107.33418
C24: Log wood | D24: kWh/a | E24: =E$20/(1-'Model homes'!E$34)/'Model homes'!E39 -> 501.22393 | F24: =F$20/(1-'Model homes'!F$34)/'Model homes'!F39 -> 179.2 | G24: =G$20/(1-'Model homes'!G$34)/'Model homes'!G39 -> 481.21462 | H24: =H$20/(1-'Model homes'!H$34)/'Model homes'!H39 -> 150.26786
C25: Biomass pellets | D25: kWh/a | E25: =E$20/(1-'Model homes'!E$34)/'Model homes'!E40 -> 407.24444 | F25: =F$20/(1-'Model homes'!F$34)/'Model homes'!F40 -> 149.33333 | G25: =G$20/(1-'Model homes'!G$34)/'Model homes'!G40 -> 393.18755 | H25: =H$20/(1-'Model homes'!H$34)/'Model homes'!H40 -> 125.22321
C26: Brown coal briquettes | D26: kWh/a | E26: =E$20/(1-'Model homes'!E$34)/'Model homes'!E41 -> 501.22393 | F26: =F$20/(1-'Model homes'!F$34)/'Model homes'!F41 -> 179.2 | G26: =G$20/(1-'Model homes'!G$34)/'Model homes'!G41 -> 496.02122 | H26: =H$20/(1-'Model homes'!H$34)/'Model homes'!H41 -> 150.26786
C27: Liquefied Petroleum Gas (LPG) | D27: kWh/a | E27: =E$20/(1-'Model homes'!E$34)/'Model homes'!E42 -> 407.24444 | F27: =F$20/(1-'Model homes'!F$34)/'Model homes'!F42 -> 147.57647 | G27: =G$20/(1-'Model homes'!G$34)/'Model homes'!G42 -> 403.01724 | H27: =H$20/(1-'Model homes'!H$34)/'Model homes'!H42 -> 123.75
C28: Fuel oil | D28: kWh/a | E28: =E$20/(1-'Model homes'!E$34)/'Model homes'!E43 -> 407.24444 | F28: =F$20/(1-'Model homes'!F$34)/'Model homes'!F43 -> 145.86047 | G28: =G$20/(1-'Model homes'!G$34)/'Model homes'!G43 -> 403.01724 | H28: =H$20/(1-'Model homes'!H$34)/'Model homes'!H43 -> 122.31105
C29: Natural gas | D29: kWh/a | E29: =E$20/(1-'Model homes'!E$34)/'Model homes'!E44 -> 383.28889 | F29: =F$20/(1-'Model homes'!F$34)/'Model homes'!F44 -> 144.18391 | G29: =G$20/(1-'Model homes'!G$34)/'Model homes'!G44 -> 370.59057 | H29: =H$20/(1-'Model homes'!H$34)/'Model homes'!H44 -> 120.90517
C30: Direct-electricity system | D30: kWh/a | E30: =E$20/(1-'Model homes'!E$34)/'Model homes'!E45 -> 325.79556 | F30: =F$20/(1-'Model homes'!F$34)/'Model homes'!F45 -> 125.44 | G30: =G$20/(1-'Model homes'!G$34)/'Model homes'!G45 -> 322.41379 | H30: =H$20/(1-'Model homes'!H$34)/'Model homes'!H45 -> 105.1875 | J30: Average | K30: Average beneficial only
C31: Central heat pump | D31: kWh/a | E31: =E$20/(1-'Model homes'!E$34)/'Model homes'!E46 -> 112.42685 | F31: =F$20/(1-'Model homes'!F$34)/'Model homes'!F46 -> 38.460831 | G31: =G$20/(1-'Model homes'!G$34)/'Model homes'!G46 -> 98.854451 | H31: =H$20/(1-'Model homes'!H$34)/'Model homes'!H46 -> 29.965864 | J31: =AVERAGE(E23:H31) -> 248.74261 | K31: =AVERAGEIFS($E$23:$H$31,$J$100:$M$108,"yes") -> #DIV/0!
C33: Avoided transmission heat losses, relative to total final energy SPH demand
C34: District heat | D34: % p.a. | E34: =E23/('Model homes'!E48*'Model homes'!$E$21) -> 0.014444138 | F34: =F23/('Model homes'!F48*'Model homes'!$E$21) -> 0.015232 | G34: =G23/('Model homes'!G48*'Model homes'!G$21) -> 0.0039368421 | H34: =H23/('Model homes'!H48*'Model homes'!H$21) -> 0.002992
C35: Log wood | D35: % p.a. | E35: =E24/('Model homes'!E49*'Model homes'!$E$21) -> 0.014444138 | F35: =F24/('Model homes'!F49*'Model homes'!$E$21) -> 0.015232 | G35: =G24/('Model homes'!G49*'Model homes'!G$21) -> 0.0039368421 | H35: =H24/('Model homes'!H49*'Model homes'!H$21) -> 0.002992
C36: Biomass pellets | D36: % p.a. | E36: =E25/('Model homes'!E50*'Model homes'!$E$21) -> 0.014444138 | F36: =F25/('Model homes'!F50*'Model homes'!$E$21) -> 0.015232 | G36: =G25/('Model homes'!G50*'Model homes'!G$21) -> 0.0039368421 | H36: =H25/('Model homes'!H50*'Model homes'!H$21) -> 0.002992
C37: Brown coal briquettes | D37: % p.a. | E37: =E26/('Model homes'!E51*'Model homes'!$E$21) -> 0.014444138 | F37: =F26/('Model homes'!F51*'Model homes'!$E$21) -> 0.015232 | G37: =G26/('Model homes'!G51*'Model homes'!G$21) -> 0.0039368421 | H37: =H26/('Model homes'!H51*'Model homes'!H$21) -> 0.002992
C38: Liquefied Petroleum Gas (LPG) | D38: % p.a. | E38: =E27/('Model homes'!E52*'Model homes'!$E$21) -> 0.014444138 | F38: =F27/('Model homes'!F52*'Model homes'!$E$21) -> 0.015232 | G38: =G27/('Model homes'!G52*'Model homes'!G$21) -> 0.0039368421 | H38: =H27/('Model homes'!H52*'Model homes'!H$21) -> 0.002992
C39: Fuel oil | D39: % p.a. | E39: =E28/('Model homes'!E53*'Model homes'!$E$21) -> 0.014444138 | F39: =F28/('Model homes'!F53*'Model homes'!$E$21) -> 0.015232 | G39: =G28/('Model homes'!G53*'Model homes'!G$21) -> 0.0039368421 | H39: =H28/('Model homes'!H53*'Model homes'!H$21) -> 0.002992
C40: Natural gas | D40: % p.a. | E40: =E29/('Model homes'!E54*'Model homes'!$E$21) -> 0.014444138 | F40: =F29/('Model homes'!F54*'Model homes'!$E$21) -> 0.015232 | G40: =G29/('Model homes'!G54*'Model homes'!G$21) -> 0.0039368421 | H40: =H29/('Model homes'!H54*'Model homes'!H$21) -> 0.002992
C41: Direct-electricity system | D41: % p.a. | E41: =E30/('Model homes'!E55*'Model homes'!$E$21) -> 0.014444138 | F41: =F30/('Model homes'!F55*'Model homes'!$E$21) -> 0.015232 | G41: =G30/('Model homes'!G55*'Model homes'!G$21) -> 0.0039368421 | H41: =H30/('Model homes'!H55*'Model homes'!H$21) -> 0.002992
C42: Central heat pump | D42: % p.a. | E42: =E31/('Model homes'!E56*'Model homes'!$E$21) -> 0.014444138 | F42: =F31/('Model homes'!F56*'Model homes'!$E$21) -> 0.015232 | G42: =G31/('Model homes'!G56*'Model homes'!G$21) -> 0.0039368421 | H42: =H31/('Model homes'!H56*'Model homes'!H$21) -> 0.002992 | J42: Electricity
C44: Individual implementation costs
B45: Help | C45: Parameter | D45: Unit | E45: Input Values | G45: Input Values | J45: Remark/Reference Value
C46: Building type | E46: Single family house | G46: Apartment house
C47: Thermal quality status of the building | E47: unrefurbished | F47: refurbished | G47: unrefurbished | H47: refurbished | J47: SFH | K47: AH
C48: Number of doors, in heated areas | D48: # | E48: 4 | G48: 2 | J48: 3 to 6 | K48: 1 to 4 | M48: depending on whether there are terraces or balconies
C49: Number of windows, in heated areas | D49: # | E49: 10 | G49: 5 | J49: 8 to 15 | K49: 3 to 6
C50: Number of items, where heat leaks are to be avoided | D50: # | E50: =SUM(E48:E49) -> 14 | G50: =SUM(G48:G49) -> 7
C51: Time to get informed on intervention type | D51: hours | E51: 3 | G51: 3 | J51: 2 to 4 | K51: hours
C52: Time to search for materials & prices at DIY stores | D52: hours | E52: 3 | G52: 2 | J52: 2 to 4 | K52: hours
C53: Total information and search time | D53: hours | E53: =SUM(E51:E52) -> 6 | G53: =SUM(G51:G52) -> 5 | K53: hours
C54: Time required for initial DIY trial (2 items) | D54: hours | E54: 1.5 | G54: =E54 -> 1.5 | J54: 1.5 | K54: hours | M54: Cleaning, cutting and fitting the seal
C55: Time required for DIY replication per item | D55: min/unit | E55: 30 | G55: =E55 -> 30 | J55: 30 to 60 | K55: min/unit | M55: Cleaning, cutting and fitting the seal
C56: Items left for DIY replication | D56: units | E56: =E50-2 -> 12 | G56: =G50-2 -> 5
C57: Total implementation time | D57: hours | E57: =E54+E55/60*E56 -> 7.5 | G57: =G54+G55/60*G56 -> 4
C58: Total info, collection and implementation time | D58: hours | E58: =E53+E57 -> 13.5 | G58: =G53+G57 -> 9
C59: Opportunity costs of lost leisure time | D59: €/h | E59: 15 | G59: =E59 -> 15 | J59: 10-40 | K59: €/h | M59: depending on income, priorities, personal goals and the alternatives (e.g. overtime) available
C60: Total DIY costs | D60: € | E60: =E58*E59 -> 202.5 | F60: =E60 -> 202.5 | G60: =G58*G59 -> 135 | H60: =G60 -> 135
C61: Sealing material costs per door | D61: €/item | E61: 30 | G61: =E61 -> 30 | J61: 30 to 80 | K61: €/item
C62: Sealing material costs per window | D62: €/item | E62: 20 | G62: =E62 -> 20 | J62: 20 to 50 | K62: €/item
C63: Material costs | D63: Euro | E63: =E61*E48+E62*E49 -> 320 | F63: =E63 -> 320 | G63: =G61*G48+G62*G49 -> 160 | H63: =G63 -> 160
C64: Total up-front investment | D64: € | E64: =E60+E63 -> 522.5 | F64: =F60+F63 -> 522.5 | G64: =G60+G63 -> 295 | H64: =H60+H63 -> 295
C66: Maintenance and servicing costs, first year | D66: €/year | E66: =$J66*E64 -> 0 | F66: =E66 -> 0 | G66: =$J66*G64 -> 0 | H66: =G66 -> 0 | J66: 0 | K66: of investment
C67: Price escalation rate M&S costs | D67: % p.a. | E67: ='Model homes'!E171 -> 0.02
C68: Present value factor, private perspective | D68: % p.a. | E68: =IF($E67=E$70,1,(1-(((1+$E67)/(1+E$70))^E71))/(E70-$E67)) -> 8.8245524 | F68: =IF($E67=F$70,1,(1-(((1+$E67)/(1+F$70))^F71))/(F70-$E67)) -> 8.8245524 | G68: =IF($E67=G$70,1,(1-(((1+$E67)/(1+G$70))^G71))/(G70-$E67)) -> 8.8245524 | H68: =IF($E67=H$70,1,(1-(((1+$E67)/(1+H$70))^H71))/(H70-$E67)) -> 8.8245524
C69: Maintenance and servicing costs, annuity | D69: €/year | E69: =-PMT(E70,E71,E66*E68) -> 0 | F69: =-PMT(F70,F71,F66*F68) -> 0 | G69: =-PMT(G70,G71,G66*G68) -> 0 | H69: =-PMT(H70,H71,H66*H68) -> 0
C70: WACC, private | D70: % p.a. | E70: ='Model homes'!$E169 -> 0.04 | F70: ='Model homes'!$E169 -> 0.04 | G70: ='Model homes'!$E169 -> 0.04 | H70: ='Model homes'!$E169 -> 0.04
C71: Lifetime of the intervention | D71: years | E71: 10 | F71: =E71 -> 10 | G71: =F71 -> 10 | H71: =G71 -> 10 | J71: 8 to 10 | K71: a
C73: Energy Cost Savings, 1st year
C74: District heat | D74: €/a.apartment | E74: ='Model homes'!E$127*E23*10^-3/'Model homes'!E21 -> #VALUE! | F74: ='Model homes'!F$127*F23*10^-3/'Model homes'!F21 -> #VALUE! | G74: ='Model homes'!G$127*G23*10^-3/'Model homes'!G21 -> #VALUE! | H74: ='Model homes'!H$127*H23*10^-3/'Model homes'!H21 -> #VALUE! | J74: cost savings refer to DH working price component only
C75: Log wood | D75: €/a.apartment | E75: ='Model homes'!E149*SPH_VL_Seal!E35 -> #VALUE! | F75: ='Model homes'!F149*SPH_VL_Seal!F35 -> #VALUE! | G75: ='Model homes'!G149*SPH_VL_Seal!G35 -> #VALUE! | H75: ='Model homes'!H149*SPH_VL_Seal!H35 -> #VALUE!
C76: Biomass pellets | D76: €/a.apartment | E76: ='Model homes'!E150*SPH_VL_Seal!E36 -> #VALUE! | F76: ='Model homes'!F150*SPH_VL_Seal!F36 -> #VALUE! | G76: ='Model homes'!G150*SPH_VL_Seal!G36 -> #VALUE! | H76: ='Model homes'!H150*SPH_VL_Seal!H36 -> #VALUE!
C77: Brown coal briquettes | D77: €/a.apartment | E77: ='Model homes'!E151*SPH_VL_Seal!E37 -> #VALUE! | F77: ='Model homes'!F151*SPH_VL_Seal!F37 -> #VALUE! | G77: ='Model homes'!G151*SPH_VL_Seal!G37 -> #VALUE! | H77: ='Model homes'!H151*SPH_VL_Seal!H37 -> #VALUE!
C78: Liquefied Petroleum Gas (LPG) | D78: €/a.apartment | E78: ='Model homes'!E152*SPH_VL_Seal!E38 -> #VALUE! | F78: ='Model homes'!F152*SPH_VL_Seal!F38 -> #VALUE! | G78: ='Model homes'!G152*SPH_VL_Seal!G38 -> #VALUE! | H78: ='Model homes'!H152*SPH_VL_Seal!H38 -> #VALUE!
C79: Fuel oil | D79: €/a.apartment | E79: ='Model homes'!E153*SPH_VL_Seal!E39 -> #VALUE! | F79: ='Model homes'!F153*SPH_VL_Seal!F39 -> #VALUE! | G79: ='Model homes'!G153*SPH_VL_Seal!G39 -> #VALUE! | H79: ='Model homes'!H153*SPH_VL_Seal!H39 -> #VALUE!
C80: Natural gas | D80: €/a.apartment | E80: ='Model homes'!E154*SPH_VL_Seal!E40 -> #VALUE! | F80: ='Model homes'!F154*SPH_VL_Seal!F40 -> #VALUE! | G80: ='Model homes'!G154*SPH_VL_Seal!G40 -> #VALUE! | H80: ='Model homes'!H154*SPH_VL_Seal!H40 -> #VALUE!
C81: Direct-electricity system | D81: €/a.apartment | E81: ='Model homes'!E155*SPH_VL_Seal!E41 -> #VALUE! | F81: ='Model homes'!F155*SPH_VL_Seal!F41 -> #VALUE! | G81: ='Model homes'!G155*SPH_VL_Seal!G41 -> #VALUE! | H81: ='Model homes'!H155*SPH_VL_Seal!H41 -> #VALUE! | K81: Average | L81: Average beneficial only
C82: Central heat pump | D82: €/a.apartment | E82: ='Model homes'!E156*SPH_VL_Seal!E42 -> #VALUE! | F82: ='Model homes'!F156*SPH_VL_Seal!F42 -> #VALUE! | G82: ='Model homes'!G156*SPH_VL_Seal!G42 -> #VALUE! | H82: ='Model homes'!H156*SPH_VL_Seal!H42 -> #VALUE! | J82: =ROUND(MIN(E74:H82),0)&" - "&ROUND(MAX(E74:H82),0) -> #VALUE! | K82: =AVERAGE(E74:H82) -> #VALUE! | L82: =AVERAGEIFS($E$74:$H$82,$J$100:$M$108,"yes") -> #DIV/0!
C84: Energy Cost Savings, annuity | J84: Present value factor, private perspective
C85: District heat | D85: €/a.apartment | E85: =-PMT(E$70,E$71,E74*$J85) -> #VALUE! | F85: =-PMT(F$70,F$71,F74*$J85) -> #VALUE! | G85: =-PMT(G$70,G$71,G74*$J85) -> #VALUE! | H85: =-PMT(H$70,H$71,H74*$J85) -> #VALUE! | J85: =(1-(((1+'Model homes'!$E159)/(1+E$70))^E$71))/(E$70-'Model homes'!$E159) -> 9.0147166
C86: Log wood | D86: €/a.apartment | E86: =-PMT(E$70,E$71,E75*$J86) -> #VALUE! | F86: =-PMT(F$70,F$71,F75*$J86) -> #VALUE! | G86: =-PMT(G$70,G$71,G75*$J86) -> #VALUE! | H86: =-PMT(H$70,H$71,H75*$J86) -> #VALUE! | J86: =(1-(((1+'Model homes'!$E160)/(1+E$70))^E$71))/(E$70-'Model homes'!$E160) -> 8.8245524
C87: Biomass pellets | D87: €/a.apartment | E87: =-PMT(E$70,E$71,E76*$J87) -> #VALUE! | F87: =-PMT(F$70,F$71,F76*$J87) -> #VALUE! | G87: =-PMT(G$70,G$71,G76*$J87) -> #VALUE! | H87: =-PMT(H$70,H$71,H76*$J87) -> #VALUE! | J87: =(1-(((1+'Model homes'!$E161)/(1+E$70))^E$71))/(E$70-'Model homes'!$E161) -> 9.0147166
C88: Brown coal briquettes | D88: €/a.apartment | E88: =-PMT(E$70,E$71,E77*$J88) -> #VALUE! | F88: =-PMT(F$70,F$71,F77*$J88) -> #VALUE! | G88: =-PMT(G$70,G$71,G77*$J88) -> #VALUE! | H88: =-PMT(H$70,H$71,H77*$J88) -> #VALUE! | J88: =(1-(((1+'Model homes'!$E162)/(1+E$70))^E$71))/(E$70-'Model homes'!$E162) -> 9.0147166
C89: Liquefied Petroleum Gas (LPG) | D89: €/a.apartment | E89: =-PMT(E$70,E$71,E78*$J89) -> #VALUE! | F89: =-PMT(F$70,F$71,F78*$J89) -> #VALUE! | G89: =-PMT(G$70,G$71,G78*$J89) -> #VALUE! | H89: =-PMT(H$70,H$71,H78*$J89) -> #VALUE! | J89: =(1-(((1+'Model homes'!$E163)/(1+E$70))^E$71))/(E$70-'Model homes'!$E163) -> 9.0147166
C90: Fuel oil | D90: €/a.apartment | E90: =-PMT(E$70,E$71,E79*$J90) -> #VALUE! | F90: =-PMT(F$70,F$71,F79*$J90) -> #VALUE! | G90: =-PMT(G$70,G$71,G79*$J90) -> #VALUE! | H90: =-PMT(H$70,H$71,H79*$J90) -> #VALUE! | J90: =(1-(((1+'Model homes'!$E164)/(1+E$70))^E$71))/(E$70-'Model homes'!$E164) -> 9.0147166
C91: Natural gas | D91: €/a.apartment | E91: =-PMT(E$70,E$71,E80*$J91) -> #VALUE! | F91: =-PMT(F$70,F$71,F80*$J91) -> #VALUE! | G91: =-PMT(G$70,G$71,G80*$J91) -> #VALUE! | H91: =-PMT(H$70,H$71,H80*$J91) -> #VALUE! | J91: =(1-(((1+'Model homes'!$E165)/(1+E$70))^E$71))/(E$70-'Model homes'!$E165) -> 9.1704016
C92: Direct-electricity system | D92: €/a.apartment | E92: =-PMT(E$70,E$71,E81*$J92) -> #VALUE! | F92: =-PMT(F$70,F$71,F81*$J92) -> #VALUE! | G92: =-PMT(G$70,G$71,G81*$J92) -> #VALUE! | H92: =-PMT(H$70,H$71,H81*$J92) -> #VALUE! | J92: =(1-(((1+'Model homes'!$E166)/(1+E$70))^E$71))/(E$70-'Model homes'!$E166) -> 9.0147166
C93: Central heat pump | D93: €/a.apartment | E93: =-PMT(E$70,E$71,E82*$J93) -> #VALUE! | F93: =-PMT(F$70,F$71,F82*$J93) -> #VALUE! | G93: =-PMT(G$70,G$71,G82*$J93) -> #VALUE! | H93: =-PMT(H$70,H$71,H82*$J93) -> #VALUE! | J93: =(1-(((1+'Model homes'!$E167)/(1+E$70))^E$71))/(E$70-'Model homes'!$E167) -> 9.0147166
C95: Results per home
B96: Help | C96: Parameter | D96: Unit | E96: Input Values | G96: Input Values | J96: Remark/Reference Value
C97: Building type | E97: Single family house | G97: Apartment house
C98: Thermal quality status of the building | E98: unrefurbished | F98: refurbished | G98: unrefurbished | H98: refurbished
C99: Static pay-back time | J99: Intervention is beneficial
C100: District heat | D100: years | E100: =E$64/'Model homes'!E$22/(E74-E$66) -> #VALUE! | F100: =F$64/'Model homes'!F$22/(F74-F$66) -> #VALUE! | G100: =G$64/'Model homes'!G$22/(G74-G$66) -> #VALUE! | H100: =H$64/'Model homes'!H$22/(H74-H$66) -> #VALUE! | J100: =IF(E100<E$71,"yes","no") -> #VALUE! | K100: =IF(F100<F$71,"yes","no") -> #VALUE! | L100: =IF(G100<G$71,"yes","no") -> #VALUE! | M100: =IF(H100<H$71,"yes","no") -> #VALUE!
C101: Log wood | D101: years | E101: =E$64/'Model homes'!E$22/(E75-E$66) -> #VALUE! | F101: =F$64/'Model homes'!F$22/(F75-F$66) -> #VALUE! | G101: =G$64/'Model homes'!G$22/(G75-G$66) -> #VALUE! | H101: =H$64/'Model homes'!H$22/(H75-H$66) -> #VALUE! | J101: =IF(E101<E$71,"yes","no") -> #VALUE! | K101: =IF(F101<F$71,"yes","no") -> #VALUE! | L101: =IF(G101<G$71,"yes","no") -> #VALUE! | M101: =IF(H101<H$71,"yes","no") -> #VALUE!
C102: Biomass pellets | D102: years | E102: =E$64/'Model homes'!E$22/(E76-E$66) -> #VALUE! | F102: =F$64/'Model homes'!F$22/(F76-F$66) -> #VALUE! | G102: =G$64/'Model homes'!G$22/(G76-G$66) -> #VALUE! | H102: =H$64/'Model homes'!H$22/(H76-H$66) -> #VALUE! | J102: =IF(E102<E$71,"yes","no") -> #VALUE! | K102: =IF(F102<F$71,"yes","no") -> #VALUE! | L102: =IF(G102<G$71,"yes","no") -> #VALUE! | M102: =IF(H102<H$71,"yes","no") -> #VALUE!
C103: Brown coal briquettes | D103: years | E103: =E$64/'Model homes'!E$22/(E77-E$66) -> #VALUE! | F103: =F$64/'Model homes'!F$22/(F77-F$66) -> #VALUE! | G103: =G$64/'Model homes'!G$22/(G77-G$66) -> #VALUE! | H103: =H$64/'Model homes'!H$22/(H77-H$66) -> #VALUE! | J103: =IF(E103<E$71,"yes","no") -> #VALUE! | K103: =IF(F103<F$71,"yes","no") -> #VALUE! | L103: =IF(G103<G$71,"yes","no") -> #VALUE! | M103: =IF(H103<H$71,"yes","no") -> #VALUE!
C104: Liquefied Petroleum Gas (LPG) | D104: years | E104: =E$64/'Model homes'!E$22/(E78-E$66) -> #VALUE! | F104: =F$64/'Model homes'!F$22/(F78-F$66) -> #VALUE! | G104: =G$64/'Model homes'!G$22/(G78-G$66) -> #VALUE! | H104: =H$64/'Model homes'!H$22/(H78-H$66) -> #VALUE! | J104: =IF(E104<E$71,"yes","no") -> #VALUE! | K104: =IF(F104<F$71,"yes","no") -> #VALUE! | L104: =IF(G104<G$71,"yes","no") -> #VALUE! | M104: =IF(H104<H$71,"yes","no") -> #VALUE!
C105: Fuel oil | D105: years | E105: =E$64/'Model homes'!E$22/(E79-E$66) -> #VALUE! | F105: =F$64/'Model homes'!F$22/(F79-F$66) -> #VALUE! | G105: =G$64/'Model homes'!G$22/(G79-G$66) -> #VALUE! | H105: =H$64/'Model homes'!H$22/(H79-H$66) -> #VALUE! | J105: =IF(E105<E$71,"yes","no") -> #VALUE! | K105: =IF(F105<F$71,"yes","no") -> #VALUE! | L105: =IF(G105<G$71,"yes","no") -> #VALUE! | M105: =IF(H105<H$71,"yes","no") -> #VALUE!
C106: Natural gas | D106: years | E106: =E$64/'Model homes'!E$22/(E80-E$66) -> #VALUE! | F106: =F$64/'Model homes'!F$22/(F80-F$66) -> #VALUE! | G106: =G$64/'Model homes'!G$22/(G80-G$66) -> #VALUE! | H106: =H$64/'Model homes'!H$22/(H80-H$66) -> #VALUE! | J106: =IF(E106<E$71,"yes","no") -> #VALUE! | K106: =IF(F106<F$71,"yes","no") -> #VALUE! | L106: =IF(G106<G$71,"yes","no") -> #VALUE! | M106: =IF(H106<H$71,"yes","no") -> #VALUE!
C107: Direct-electricity system | D107: years | E107: =E$64/'Model homes'!E$22/(E81-E$66) -> #VALUE! | F107: =F$64/'Model homes'!F$22/(F81-F$66) -> #VALUE! | G107: =G$64/'Model homes'!G$22/(G81-G$66) -> #VALUE! | H107: =H$64/'Model homes'!H$22/(H81-H$66) -> #VALUE! | J107: =IF(E107<E$71,"yes","no") -> #VALUE! | K107: =IF(F107<F$71,"yes","no") -> #VALUE! | L107: =IF(G107<G$71,"yes","no") -> #VALUE! | M107: =IF(H107<H$71,"yes","no") -> #VALUE! | O107: unrefurbished | P107: refurbished
C108: Central heat pump | D108: years | E108: =E$64/'Model homes'!E$22/(E82-E$66) -> #VALUE! | F108: =F$64/'Model homes'!F$22/(F82-F$66) -> #VALUE! | G108: =G$64/'Model homes'!G$22/(G82-G$66) -> #VALUE! | H108: =H$64/'Model homes'!H$22/(H82-H$66) -> #VALUE! | J108: =IF(E108<E$71,"yes","no") -> #VALUE! | K108: =IF(F108<F$71,"yes","no") -> #VALUE! | L108: =IF(G108<G$71,"yes","no") -> #VALUE! | M108: =IF(H108<H$71,"yes","no") -> #VALUE! | O108: =IF((COUNTIF(J100:J108,"yes")+COUNTIF(L100:L108,"yes"))>=(COUNTIF(J100:J108,"no")+COUNTIF(L100:L108,"no")),"yes","no") -> yes | P108: =IF((COUNTIF(K100:K108,"yes")+COUNTIF(M100:M108,"yes"))>=(COUNTIF(K100:K108,"no")+COUNTIF(M100:M108,"no")),"yes","no") -> yes
C110: Dynamic pay-back time | J110: Intervention is beneficial
...

Sheet SPH_Pipe_insul
C2: SaveEnergyTogether | D2: Cost Benefit Assessement Tool for assessing local and over-regional energy saving campaigns
C4: Reduction of Space Heat distribution losses - insulation of pipes and fittings
B5: Help | C5: Parameter | D5: Unit | E5: Input Values | G5: Input Values | J5: Remark/Reference Value
C6: Building type | E6: Single family house | G6: Apartment house
C7: Thermal quality status of the building | E7: unrefurbished | F7: refurbished | G7: unrefurbished | H7: refurbished
C8: Length and composition of the pipework to be insulated
C9: Length of pipework to be insulated | D9: m | E9: 12 | F9: 3 | G9: 6 | H9: 1 | J9: 12 to 18 | K9: 8 to 15 | L9: ADENE, estimation
C10: Number of uninsulated fittings in the relevant pipe sections | D10: # | E10: 2 | F10: 1 | G10: 2 | H10: 1 | J10: Equivalent additional uninsulated pipe length | N10: 1 | O10: m
C11: Equivalent length of pipework to be insulated | E11: =E9+E10*$N$10 -> 14 | F11: =F9+F10*$N$10 -> 4 | G11: =G9+G10*$N$10 -> 8 | H11: =H9+H10*$N$10 -> 2
C12: Pipe materials and diameters | J12: Thermal conductivity | N12: Pipe diameters | P12: inner ø | Q12: outer ø
C13: Thermal conductivity | D13: W/(m·K) | E13: 0.016 | F13: =E13 -> 0.016 | G13: =F13 -> 0.016 | H13: =G13 -> 0.016 | J13: Copper | K13: 380 | L13: W/(m·K) | N13: Copper | O13: DN 12 | P13: 12 | Q13: 14 | R13: mm
C14: Inner diameter | D14: mm | E14: 20 | F14: 20 | G14: 20 | H14: 20 | J14: Steel | K14: 50 | L14: W/(m·K) | N14: Copper | O14: DN 16 | P14: 16 | Q14: 18 | R14: mm
C15: Outer diameter | D15: mm | E15: =E14+4 -> 24 | F15: =F14+4 -> 24 | G15: =G14+4 -> 24 | H15: =H14+4 -> 24 | J15: Aluminium composite | K15: 0.45 | L15: W/(m·K) | N15: Copper | O15: DN 20 | P15: 20 | Q15: 22 | R15: mm
C16: Heat losses from the uninsulated hot water pipe | N16: Steel | O16: DN 20 | P16: 20 | Q16: 26.9 | R16: mm
C17: Temperature of the hot water (flow temperature) | D17: °C | E17: 70 | F17: 45 | G17: 60 | H17: 40 | N17: Aluminium composite | O17: DN 12 | P17: 12 | Q17: 16 | R17: mm
C18: Temperature in the area of the uninsulated pipework | D18: °C | E18: 15 | F18: 15 | G18: 15 | H18: 15 | J18: minimum thickness of the pipe insulation | N18: Aluminium composite | O18: DN 16 | P18: 16 | Q18: 20 | R18: mm
C19: Heat losses from the uninsulated hot water pipe | D19: W/m | E19: =(2*PI()*E13*(E17-E18))/LN(E15/E14) -> 30.326656 | F19: =(2*PI()*F13*(F17-F18))/LN(F15/F14) -> 16.541812 | G19: =(2*PI()*G13*(G17-G18))/LN(G15/G14) -> 24.812718 | H19: =(2*PI()*H13*(H17-H18))/LN(H15/H14) -> 13.784843 | J19: up to DN22, min | K19: 20 | L19: mm | N19: Aluminium composite | O19: DN 20 | P19: 20 | Q19: 24 | R19: mm
C20: Heat losses from the insulated hot water pipe | J20: DN22 to 35, min | K20: 30 | L20: mm
C21: Thermal conductivity of the insulation material | D21: W/(m·K) | E21: 0.035 | F21: =E21 -> 0.035 | G21: 0.035 | H21: =G21 -> 0.035 | J21: DN35 to 100, min | K21: DN | L21: mm | N21: thermal conductivity of the building material layer
C22: Thickness of the pipe insulation | D22: mm | E22: 30 | F22: =E22 -> 30 | G22: 30 | H22: =G22 -> 30 | J22: from DN100 min | K22: 100 | L22: mm | N22: Mineral wool (glass wool) | P22: 0.032 – 0.040
C23: Heat losses from the insulated hot water pipe | D23: W/m | E23: =(2*PI()*E21*(E17-E18))/LN((E15/2+E22)/(E14/2)) -> 8.4281668 | F23: =(2*PI()*F21*(F17-F18))/LN((F15/2+F22)/(F14/2)) -> 4.5971819 | G23: =(2*PI()*G21*(G17-G18))/LN((G15/2+G22)/(G14/2)) -> 6.8957728 | H23: =(2*PI()*H21*(H17-H18))/LN((H15/2+H22)/(H14/2)) -> 3.8309849 | N23: Mineral wool (rock wool) | P23: 0.035 – 0.045
C24: Savings of useful energy | N24: Polystyrene (EPS) | P24: 0.032 – 0.040
C25: Operation time of hot water distritbution | D25: h/a | E25: =7*30*24 -> 5040 | F25: =E25 -> 5040 | G25: =F25 -> 5040 | H25: =G25 -> 5040 | N25: Polystyrene (XPS) | P25: 0.027 – 0.035
C26: Theoretical savings of useful energy | D26: kWh/a | E26: =(E19-E23)*E11*E25/10^3 -> 1545.1574 | F26: =(F19-F23)*F11*F25/10^3 -> 240.80375 | G26: =(G19-G23)*G11*G25/10^3 -> 722.41124 | H26: =(H19-H23)*H11*H25/10^3 -> 100.33489 | N26: Polyurethane (PUR/PIR) | P26: 0.026 – 0.028
C27: Max. reduction of existing distribution losses | D27: % | E27: 0.6 | F27: =E27 -> 0.6 | G27: =F27 -> 0.6 | H27: =G27 -> 0.6 | K27: 70 to 75 | L27: %
C28: Calculated savings of useful energy, triggered by this measure | D28: kWh/a | E28: =MIN('Model homes'!E36*E27,E26) -> 1353.3333 | F28: =MIN('Model homes'!F36*F27,F26) -> 240.80375 | G28: =MIN('Model homes'!G36*G27,G26) -> 638.7931 | H28: =MIN('Model homes'!H36*H27,H26) -> 84.375
C30: Reduction of Final energy consumption for SPH, total
C31: District heat | D31: kWh/a | E31: =E$28/(1-'Model homes'!E$34)/'Model homes'!E38 -> 1550.21 | F31: =F$28/(1-'Model homes'!F$34)/'Model homes'!F38 -> 262.80012 | G31: =G$28/(1-'Model homes'!G$34)/'Model homes'!G38 -> 756.95355 | H31: =H$28/(1-'Model homes'!H$34)/'Model homes'!H38 -> 89.684311
C32: Log wood | D32: kWh/a | E32: =E$28/(1-'Model homes'!E$34)/'Model homes'!E39 -> 2313.3903 | F32: =F$28/(1-'Model homes'!F$34)/'Model homes'!F39 -> 367.92016 | G32: =G$28/(1-'Model homes'!G$34)/'Model homes'!G39 -> 1095.888 | H32: =H$28/(1-'Model homes'!H$34)/'Model homes'!H39 -> 125.55804
C33: Biomass pellets | D33: kWh/a | E33: =E$28/(1-'Model homes'!E$34)/'Model homes'!E40 -> 1879.6296 | F33: =F$28/(1-'Model homes'!F$34)/'Model homes'!F40 -> 306.60014 | G33: =G$28/(1-'Model homes'!G$34)/'Model homes'!G40 -> 895.42067 | H33: =H$28/(1-'Model homes'!H$34)/'Model homes'!H40 -> 104.6317
C34: Brown coal briquettes | D34: kWh/a | E34: =E$28/(1-'Model homes'!E$34)/'Model homes'!E41 -> 2313.3903 | F34: =F$28/(1-'Model homes'!F$34)/'Model homes'!F41 -> 367.92016 | G34: =G$28/(1-'Model homes'!G$34)/'Model homes'!G41 -> 1129.6076 | H34: =H$28/(1-'Model homes'!H$34)/'Model homes'!H41 -> 125.55804
C35: Liquefied Petroleum Gas (LPG) | D35: kWh/a | E35: =E$28/(1-'Model homes'!E$34)/'Model homes'!E42 -> 1879.6296 | F35: =F$28/(1-'Model homes'!F$34)/'Model homes'!F42 -> 302.99308 | G35: =G$28/(1-'Model homes'!G$34)/'Model homes'!G42 -> 917.80618 | H35: =H$28/(1-'Model homes'!H$34)/'Model homes'!H42 -> 103.40074
C36: Fuel oil | D36: kWh/a | E36: =E$28/(1-'Model homes'!E$34)/'Model homes'!E43 -> 1879.6296 | F36: =F$28/(1-'Model homes'!F$34)/'Model homes'!F43 -> 299.4699 | G36: =G$28/(1-'Model homes'!G$34)/'Model homes'!G43 -> 917.80618 | H36: =H$28/(1-'Model homes'!H$34)/'Model homes'!H43 -> 102.1984
C37: Natural gas | D37: kWh/a | E37: =E$28/(1-'Model homes'!E$34)/'Model homes'!E44 -> 1769.0632 | F37: =F$28/(1-'Model homes'!F$34)/'Model homes'!F44 -> 296.02772 | G37: =G$28/(1-'Model homes'!G$34)/'Model homes'!G44 -> 843.95971 | H37: =H$28/(1-'Model homes'!H$34)/'Model homes'!H44 -> 101.02371
C38: Direct-electricity system | D38: kWh/a | J38: Average | K38: Average beneficial only
C39: Central heat pump | D39: kWh/a | E39: =E$28/(1-'Model homes'!E$34)/'Model homes'!E46 -> 518.90415 | F39: =F$28/(1-'Model homes'!F$34)/'Model homes'!F46 -> 78.964928 | G39: =G$28/(1-'Model homes'!G$34)/'Model homes'!G46 -> 225.12493 | H39: =H$28/(1-'Model homes'!H$34)/'Model homes'!H46 -> 25.038322 | J39: =AVERAGE(E31:H39) -> 748.31885 | K39: =AVERAGEIFS($E$31:$H$39,$J$102:$M$110,"yes") -> #DIV/0!
C41: Avoided heat losses, relative to total final energy SPH demand
C42: District heat | D42: % p.a. | E42: =E31/('Model homes'!E48*'Model homes'!$E$21) -> 0.066666667 | F42: =F31/('Model homes'!F48*'Model homes'!$E$21) -> 0.031273214 | G42: =G31/('Model homes'!G48*'Model homes'!G$21) -> 0.0089655172 | H42: =H31/('Model homes'!H48*'Model homes'!H$21) -> 0.0025
C43: Log wood | D43: % p.a. | E43: =E32/('Model homes'!E49*'Model homes'!$E$21) -> 0.066666667 | F43: =F32/('Model homes'!F49*'Model homes'!$E$21) -> 0.031273214 | G43: =G32/('Model homes'!G49*'Model homes'!G$21) -> 0.0089655172 | H43: =H32/('Model homes'!H49*'Model homes'!H$21) -> 0.0025
C44: Biomass pellets | D44: % p.a. | E44: =E33/('Model homes'!E50*'Model homes'!$E$21) -> 0.066666667 | F44: =F33/('Model homes'!F50*'Model homes'!$E$21) -> 0.031273214 | G44: =G33/('Model homes'!G50*'Model homes'!G$21) -> 0.0089655172 | H44: =H33/('Model homes'!H50*'Model homes'!H$21) -> 0.0025
C45: Brown coal briquettes | D45: % p.a. | E45: =E34/('Model homes'!E51*'Model homes'!$E$21) -> 0.066666667 | F45: =F34/('Model homes'!F51*'Model homes'!$E$21) -> 0.031273214 | G45: =G34/('Model homes'!G51*'Model homes'!G$21) -> 0.0089655172 | H45: =H34/('Model homes'!H51*'Model homes'!H$21) -> 0.0025
C46: Liquefied Petroleum Gas (LPG) | D46: % p.a. | E46: =E35/('Model homes'!E52*'Model homes'!$E$21) -> 0.066666667 | F46: =F35/('Model homes'!F52*'Model homes'!$E$21) -> 0.031273214 | G46: =G35/('Model homes'!G52*'Model homes'!G$21) -> 0.0089655172 | H46: =H35/('Model homes'!H52*'Model homes'!H$21) -> 0.0025
C47: Fuel oil | D47: % p.a. | E47: =E36/('Model homes'!E53*'Model homes'!$E$21) -> 0.066666667 | F47: =F36/('Model homes'!F53*'Model homes'!$E$21) -> 0.031273214 | G47: =G36/('Model homes'!G53*'Model homes'!G$21) -> 0.0089655172 | H47: =H36/('Model homes'!H53*'Model homes'!H$21) -> 0.0025
C48: Natural gas | D48: % p.a. | E48: =E37/('Model homes'!E54*'Model homes'!$E$21) -> 0.066666667 | F48: =F37/('Model homes'!F54*'Model homes'!$E$21) -> 0.031273214 | G48: =G37/('Model homes'!G54*'Model homes'!G$21) -> 0.0089655172 | H48: =H37/('Model homes'!H54*'Model homes'!H$21) -> 0.0025
C49: Direct-electricity system | D49: % p.a.
C50: Central heat pump | D50: % p.a. | E50: =E39/('Model homes'!E56*'Model homes'!$E$21) -> 0.066666667 | F50: =F39/('Model homes'!F56*'Model homes'!$E$21) -> 0.031273214 | G50: =G39/('Model homes'!G56*'Model homes'!G$21) -> 0.0089655172 | H50: =H39/('Model homes'!H56*'Model homes'!H$21) -> 0.0025 | J50: Electricity
C52: Individual implementation costs
B53: Help | C53: Parameter | D53: Unit | E53: Input Values | G53: Input Values | J53: Remark/Reference Value
C54: Building type | E54: Single family house | G54: Apartment house
C55: Thermal quality status of the building | E55: unrefurbished | F55: refurbished | G55: unrefurbished | H55: refurbished | J55: SFH | K55: AH
C56: Length of pipework to be insulated | D56: m | E56: =E9 -> 12 | F56: =F9 -> 3 | G56: =G9 -> 6 | H56: =H9 -> 1
C57: Time to get informed on intervention type | D57: hours | E57: 2 | F57: =E57 -> 2 | H57: =G57 -> 0 | J57: 1 to 2 | K57: hours
C58: Time to search for materials & prices at DIY stores | D58: hours | E58: 2 | F58: =E58 -> 2 | G58: 1 | H58: =G58 -> 1 | J58: 1 to 2 | K58: hours
C59: Total information and search time | D59: hours | E59: =SUM(E57:E58) -> 4 | F59: =SUM(F57:F58) -> 4 | G59: =SUM(G57:G58) -> 1 | H59: =SUM(H57:H58) -> 1
C60: Total DIY implementation time | D60: hours | E60: 2 | F60: 1.5 | G60: 2 | H60: 2 | J60: 1 to 3 | K60: hours | M60: Cleaning, cutting and fitting the insultation
C61: Total info, collection and implementation time | D61: hours | E61: =E59+E60 -> 6 | F61: =F59+F60 -> 5.5 | G61: =G59+G60 -> 3 | H61: =H59+H60 -> 3
C62: Opportunity costs of lost leisure time | D62: €/h | E62: 15 | F62: =E62 -> 15 | G62: 75 | H62: =G62 -> 75 | J62: 10-40 | K62: 60-90 | L62: €/h | M62: depending on income, priorities, personal goals and the alternatives (e.g. overtime) available
C63: Total DIY costs | D63: € | E63: =E61*E62 -> 90 | F63: =F61*F62 -> 82.5 | G63: =G61*G62 -> 225 | H63: =H61*H62 -> 225
C64: Insultation material costs | D64: €/m | E64: 8 | F64: =E64 -> 8 | G64: 12 | H64: =G64 -> 12 | J64: 2 to 10 | K64: €/m
C65: Material costs | D65: Euro | E65: =E64*E56 -> 96 | F65: =F64*F56 -> 24 | G65: =G64*G56 -> 72 | H65: =H64*H56 -> 12
C66: Total up-front investment | D66: € | E66: =E63+E65 -> 186 | F66: =F63+F65 -> 106.5 | G66: =G63+G65 -> 297 | H66: =H63+H65 -> 237
C68: Maintenance and servicing costs, first year | D68: €/year.flat | E68: 0 | F68: =E68 -> 0 | G68: 0 | H68: =G68 -> 0 | J68: 0 | K68: €/year
C69: Price escalation rate M&S costs | D69: % p.a. | E69: ='Model homes'!E171 -> 0.02
C70: Present value factor, private perspective | D70: % p.a. | E70: =IF($E69=E$72,1,(1-(((1+$E69)/(1+E$72))^E73))/(E72-$E69)) -> 19.229056 | F70: =IF($E69=F$72,1,(1-(((1+$E69)/(1+F$72))^F73))/(F72-$E69)) -> 19.229056 | G70: =IF($E69=G$72,1,(1-(((1+$E69)/(1+G$72))^G73))/(G72-$E69)) -> 19.229056 | H70: =IF($E69=H$72,1,(1-(((1+$E69)/(1+H$72))^H73))/(H72-$E69)) -> 19.229056
C71: Maintenance and servicing costs, annuity | D71: €/year | E71: =-PMT(E72,E73,E68*E70) -> 0 | F71: =-PMT(F72,F73,F68*F70) -> 0 | G71: =-PMT(G72,G73,G68*G70) -> 0 | H71: =-PMT(H72,H73,H68*H70) -> 0
C72: WACC, private | D72: % p.a. | E72: ='Model homes'!$E169 -> 0.04 | F72: ='Model homes'!$E169 -> 0.04 | G72: ='Model homes'!$E169 -> 0.04 | H72: ='Model homes'!$E169 -> 0.04
C73: Lifetime of the intervention | D73: years | E73: 25 | F73: =E73 -> 25 | G73: =F73 -> 25 | H73: =G73 -> 25 | J73: 20 to 30 | K73: a
C75: Energy Cost Savings, 1st year
C76: District heat | D76: €/a.apartment | E76: ='Model homes'!E$127*E31*10^-3/'Model homes'!E$21 -> #VALUE! | F76: ='Model homes'!F$127*F31*10^-3/'Model homes'!F$21 -> #VALUE! | G76: ='Model homes'!G$127*G31*10^-3/'Model homes'!G$21 -> #VALUE! | H76: ='Model homes'!H$127*H31*10^-3/'Model homes'!H$21 -> #VALUE! | J76: cost savings refer to DH working price component only
C77: Log wood | D77: €/a.apartment | E77: ='Model homes'!E149*E43 -> #VALUE! | F77: ='Model homes'!F149*F43 -> #VALUE! | G77: ='Model homes'!G149*G43 -> #VALUE! | H77: ='Model homes'!H149*H43 -> #VALUE!
C78: Biomass pellets | D78: €/a.apartment | E78: ='Model homes'!E150*E44 -> #VALUE! | F78: ='Model homes'!F150*F44 -> #VALUE! | G78: ='Model homes'!G150*G44 -> #VALUE! | H78: ='Model homes'!H150*H44 -> #VALUE!
C79: Brown coal briquettes | D79: €/a.apartment | E79: ='Model homes'!E151*E45 -> #VALUE! | F79: ='Model homes'!F151*F45 -> #VALUE! | G79: ='Model homes'!G151*G45 -> #VALUE! | H79: ='Model homes'!H151*H45 -> #VALUE!
C80: Liquefied Petroleum Gas (LPG) | D80: €/a.apartment | E80: ='Model homes'!E152*E46 -> #VALUE! | F80: ='Model homes'!F152*F46 -> #VALUE! | G80: ='Model homes'!G152*G46 -> #VALUE! | H80: ='Model homes'!H152*H46 -> #VALUE!
C81: Fuel oil | D81: €/a.apartment | E81: ='Model homes'!E153*E47 -> #VALUE! | F81: ='Model homes'!F153*F47 -> #VALUE! | G81: ='Model homes'!G153*G47 -> #VALUE! | H81: ='Model homes'!H153*H47 -> #VALUE!
C82: Natural gas | D82: €/a.apartment | E82: ='Model homes'!E154*E48 -> #VALUE! | F82: ='Model homes'!F154*F48 -> #VALUE! | G82: ='Model homes'!G154*G48 -> #VALUE! | H82: ='Model homes'!H154*H48 -> #VALUE!
C83: Direct-electricity system | D83: €/a.apartment | K83: Average | L83: Average beneficial only
C84: Central heat pump | D84: €/a.apartment | E84: ='Model homes'!E156*E50 -> #VALUE! | F84: ='Model homes'!F156*F50 -> #VALUE! | G84: ='Model homes'!G156*G50 -> #VALUE! | H84: ='Model homes'!H156*H50 -> #VALUE! | J84: =ROUND(MIN(E76:H84),0)&" - "&ROUND(MAX(E76:H84),0) -> #VALUE! | K84: =AVERAGE(E76:H84) -> #VALUE! | L84: =AVERAGEIFS($E$76:$H$84,$J$102:$M$110,"yes") -> #DIV/0!
C86: Energy Cost Savings, annuity | J86: Present value factor, private perspective
C87: District heat | D87: €/a.apartment | E87: =-PMT(E$72,E$73,E76*$J87) -> #VALUE! | F87: =-PMT(F$72,F$73,F76*$J87) -> #VALUE! | G87: =-PMT(G$72,G$73,G76*$J87) -> #VALUE! | H87: =-PMT(H$72,H$73,H76*$J87) -> #VALUE! | J87: =(1-(((1+'Model homes'!$E159)/(1+E$72))^E$73))/(E$72-'Model homes'!$E159) -> 20.303628
C88: Log wood | D88: €/a.apartment | E88: =-PMT(E$72,E$73,E77*$J88) -> #VALUE! | F88: =-PMT(F$72,F$73,F77*$J88) -> #VALUE! | G88: =-PMT(G$72,G$73,G77*$J88) -> #VALUE! | H88: =-PMT(H$72,H$73,H77*$J88) -> #VALUE! | J88: =(1-(((1+'Model homes'!$E160)/(1+E$72))^E$73))/(E$72-'Model homes'!$E160) -> 19.229056
C89: Biomass pellets | D89: €/a.apartment | E89: =-PMT(E$72,E$73,E78*$J89) -> #VALUE! | F89: =-PMT(F$72,F$73,F78*$J89) -> #VALUE! | G89: =-PMT(G$72,G$73,G78*$J89) -> #VALUE! | H89: =-PMT(H$72,H$73,H78*$J89) -> #VALUE! | J89: =(1-(((1+'Model homes'!$E161)/(1+E$72))^E$73))/(E$72-'Model homes'!$E161) -> 20.303628
C90: Brown coal briquettes | D90: €/a.apartment | E90: =-PMT(E$72,E$73,E79*$J90) -> #VALUE! | F90: =-PMT(F$72,F$73,F79*$J90) -> #VALUE! | G90: =-PMT(G$72,G$73,G79*$J90) -> #VALUE! | H90: =-PMT(H$72,H$73,H79*$J90) -> #VALUE! | J90: =(1-(((1+'Model homes'!$E162)/(1+E$72))^E$73))/(E$72-'Model homes'!$E162) -> 20.303628
C91: Liquefied Petroleum Gas (LPG) | D91: €/a.apartment | E91: =-PMT(E$72,E$73,E80*$J91) -> #VALUE! | F91: =-PMT(F$72,F$73,F80*$J91) -> #VALUE! | G91: =-PMT(G$72,G$73,G80*$J91) -> #VALUE! | H91: =-PMT(H$72,H$73,H80*$J91) -> #VALUE! | J91: =(1-(((1+'Model homes'!$E163)/(1+E$72))^E$73))/(E$72-'Model homes'!$E163) -> 20.303628
C92: Fuel oil | D92: €/a.apartment | E92: =-PMT(E$72,E$73,E81*$J92) -> #VALUE! | F92: =-PMT(F$72,F$73,F81*$J92) -> #VALUE! | G92: =-PMT(G$72,G$73,G81*$J92) -> #VALUE! | H92: =-PMT(H$72,H$73,H81*$J92) -> #VALUE! | J92: =(1-(((1+'Model homes'!$E164)/(1+E$72))^E$73))/(E$72-'Model homes'!$E164) -> 20.303628
C93: Natural gas | D93: €/a.apartment | E93: =-PMT(E$72,E$73,E82*$J93) -> #VALUE! | F93: =-PMT(F$72,F$73,F82*$J93) -> #VALUE! | G93: =-PMT(G$72,G$73,G82*$J93) -> #VALUE! | H93: =-PMT(H$72,H$73,H82*$J93) -> #VALUE! | J93: =(1-(((1+'Model homes'!$E165)/(1+E$72))^E$73))/(E$72-'Model homes'!$E165) -> 21.221059
C94: Direct-electricity system | D94: €/a.apartment | J94: =(1-(((1+'Model homes'!$E166)/(1+E$72))^E$73))/(E$72-'Model homes'!$E166) -> 20.303628
C95: Central heat pump | D95: €/a.apartment | E95: =-PMT(E$72,E$73,E84*$J95) -> #VALUE! | F95: =-PMT(F$72,F$73,F84*$J95) -> #VALUE! | G95: =-PMT(G$72,G$73,G84*$J95) -> #VALUE! | H95: =-PMT(H$72,H$73,H84*$J95) -> #VALUE! | J95: =(1-(((1+'Model homes'!$E167)/(1+E$72))^E$73))/(E$72-'Model homes'!$E167) -> 20.303628
C97: Results per home
B98: Help | C98: Parameter | D98: Unit | E98: Input Values | G98: Input Values | J98: Remark/Reference Value
C99: Building type | E99: Single family house | G99: Apartment house
C100: Thermal quality status of the building | E100: unrefurbished | F100: refurbished | G100: unrefurbished | H100: refurbished
C101: Static pay-back time | J101: Intervention is beneficial
C102: District heat | D102: years | E102: =IF(E$66/'Model homes'!E$21/(E76-E$68)<0,"-",E$66/'Model homes'!E$21/(E76-E$68)) -> #VALUE! | F102: =IF(F$66/'Model homes'!F$21/(F76-F$68)<0,"-",F$66/'Model homes'!F$21/(F76-F$68)) -> #VALUE! | G102: =IF(G$66/'Model homes'!G$21/(G76-G$68)<0,"-",G$66/'Model homes'!G$21/(G76-G$68)) -> #VALUE! | H102: =IF(H$66/'Model homes'!H$21/(H76-H$68)<0,"-",H$66/'Model homes'!H$21/(H76-H$68)) -> #VALUE! | J102: =IF(E102<E$73,"yes","no") -> #VALUE! | K102: =IF(F102<F$73,"yes","no") -> #VALUE! | L102: =IF(G102<G$73,"yes","no") -> #VALUE! | M102: =IF(H102<H$73,"yes","no") -> #VALUE!
C103: Log wood | D103: years | E103: =IF(E$66/'Model homes'!E$21/(E77-E$68)<0,"-",E$66/'Model homes'!E$21/(E77-E$68)) -> #VALUE! | F103: =IF(F$66/'Model homes'!F$21/(F77-F$68)<0,"-",F$66/'Model homes'!F$21/(F77-F$68)) -> #VALUE! | G103: =IF(G$66/'Model homes'!G$21/(G77-G$68)<0,"-",G$66/'Model homes'!G$21/(G77-G$68)) -> #VALUE! | H103: =IF(H$66/'Model homes'!H$21/(H77-H$68)<0,"-",H$66/'Model homes'!H$21/(H77-H$68)) -> #VALUE! | J103: =IF(E103<E$73,"yes","no") -> #VALUE! | K103: =IF(F103<F$73,"yes","no") -> #VALUE! | L103: =IF(G103<G$73,"yes","no") -> #VALUE! | M103: =IF(H103<H$73,"yes","no") -> #VALUE!
C104: Biomass pellets | D104: years | E104: =IF(E$66/'Model homes'!E$21/(E78-E$68)<0,"-",E$66/'Model homes'!E$21/(E78-E$68)) -> #VALUE! | F104: =IF(F$66/'Model homes'!F$21/(F78-F$68)<0,"-",F$66/'Model homes'!F$21/(F78-F$68)) -> #VALUE! | G104: =IF(G$66/'Model homes'!G$21/(G78-G$68)<0,"-",G$66/'Model homes'!G$21/(G78-G$68)) -> #VALUE! | H104: =IF(H$66/'Model homes'!H$21/(H78-H$68)<0,"-",H$66/'Model homes'!H$21/(H78-H$68)) -> #VALUE! | J104: =IF(E104<E$73,"yes","no") -> #VALUE! | K104: =IF(F104<F$73,"yes","no") -> #VALUE! | L104: =IF(G104<G$73,"yes","no") -> #VALUE! | M104: =IF(H104<H$73,"yes","no") -> #VALUE!
C105: Brown coal briquettes | D105: years | E105: =IF(E$66/'Model homes'!E$21/(E79-E$68)<0,"-",E$66/'Model homes'!E$21/(E79-E$68)) -> #VALUE! | F105: =IF(F$66/'Model homes'!F$21/(F79-F$68)<0,"-",F$66/'Model homes'!F$21/(F79-F$68)) -> #VALUE! | G105: =IF(G$66/'Model homes'!G$21/(G79-G$68)<0,"-",G$66/'Model homes'!G$21/(G79-G$68)) -> #VALUE! | H105: =IF(H$66/'Model homes'!H$21/(H79-H$68)<0,"-",H$66/'Model homes'!H$21/(H79-H$68)) -> #VALUE! | J105: =IF(E105<E$73,"yes","no") -> #VALUE! | K105: =IF(F105<F$73,"yes","no") -> #VALUE! | L105: =IF(G105<G$73,"yes","no") -> #VALUE! | M105: =IF(H105<H$73,"yes","no") -> #VALUE!
C106: Liquefied Petroleum Gas (LPG) | D106: years | E106: =IF(E$66/'Model homes'!E$21/(E80-E$68)<0,"-",E$66/'Model homes'!E$21/(E80-E$68)) -> #VALUE! | F106: =IF(F$66/'Model homes'!F$21/(F80-F$68)<0,"-",F$66/'Model homes'!F$21/(F80-F$68)) -> #VALUE! | G106: =IF(G$66/'Model homes'!G$21/(G80-G$68)<0,"-",G$66/'Model homes'!G$21/(G80-G$68)) -> #VALUE! | H106: =IF(H$66/'Model homes'!H$21/(H80-H$68)<0,"-",H$66/'Model homes'!H$21/(H80-H$68)) -> #VALUE! | J106: =IF(E106<E$73,"yes","no") -> #VALUE! | K106: =IF(F106<F$73,"yes","no") -> #VALUE! | L106: =IF(G106<G$73,"yes","no") -> #VALUE! | M106: =IF(H106<H$73,"yes","no") -> #VALUE!
C107: Fuel oil | D107: years | E107: =IF(E$66/'Model homes'!E$21/(E81-E$68)<0,"-",E$66/'Model homes'!E$21/(E81-E$68)) -> #VALUE! | F107: =IF(F$66/'Model homes'!F$21/(F81-F$68)<0,"-",F$66/'Model homes'!F$21/(F81-F$68)) -> #VALUE! | G107: =IF(G$66/'Model homes'!G$21/(G81-G$68)<0,"-",G$66/'Model homes'!G$21/(G81-G$68)) -> #VALUE! | H107: =IF(H$66/'Model homes'!H$21/(H81-H$68)<0,"-",H$66/'Model homes'!H$21/(H81-H$68)) -> #VALUE! | J107: =IF(E107<E$73,"yes","no") -> #VALUE! | K107: =IF(F107<F$73,"yes","no") -> #VALUE! | L107: =IF(G107<G$73,"yes","no") -> #VALUE! | M107: =IF(H107<H$73,"yes","no") -> #VALUE!
C108: Natural gas | D108: years | E108: =IF(E$66/'Model homes'!E$21/(E82-E$68)<0,"-",E$66/'Model homes'!E$21/(E82-E$68)) -> #VALUE! | F108: =IF(F$66/'Model homes'!F$21/(F82-F$68)<0,"-",F$66/'Model homes'!F$21/(F82-F$68)) -> #VALUE! | G108: =IF(G$66/'Model homes'!G$21/(G82-G$68)<0,"-",G$66/'Model homes'!G$21/(G82-G$68)) -> #VALUE! | H108: =IF(H$66/'Model homes'!H$21/(H82-H$68)<0,"-",H$66/'Model homes'!H$21/(H82-H$68)) -> #VALUE! | J108: =IF(E108<E$73,"yes","no") -> #VALUE! | K108: =IF(F108<F$73,"yes","no") -> #VALUE! | L108: =IF(G108<G$73,"yes","no") -> #VALUE! | M108: =IF(H108<H$73,"yes","no") -> #VALUE!
C109: Direct-electricity system | D109: years | O109: unrefurbished | P109: refurbished
...

Sheet SPH_TL_UC
C2: SaveEnergyTogether | D2: Cost Benefit Assessement Tool for assessing local and over-regional energy saving campaigns
C4: Reduction of transmission losses - insulation of the uppermost ceiling
B5: Help | C5: Parameter | D5: Unit | E5: Input Values | G5: Input Values | J5: Remark/Reference Value
C6: Building type | E6: Single family house | G6: Apartment house | M6: thermal quality of the building
C7: Thermal quality status of the building | E7: unrefurbished | F7: refurbished | G7: unrefurbished | H7: refurbished | M7: U-Value | N7: uppermost ceiling
C8: Existing U-value (thermal transmittance) of uppermost ceiling | D8: W/m2.K | E8: 1 | F8: 0.2 | G8: 1 | H8: 0.3 | M8: excellent | N8: 0.1 | O8: W/m2.K
C9: Target U-value for minimum thermal insulation after refurbishment in Austria | D9: W/m2.K | E9: 0.15 | F9: =E9 -> 0.15 | G9: =F9 -> 0.15 | H9: =G9 -> 0.15 | J9: https://www.tirol.gv.at/fileadmin/themen/bauen-wohnen/wohnbaufoerderung/downloads_2019/2023_Sanierung_Fibel_web.pdf | M9: very good | N9: 0.15 | O9: W/m2.K
M10: good | N10: 0.3 | O10: W/m2.K
C11: 1 / existing U-value = R_existing: existing heat transfer resistance | D11: m2.K/W | E11: =1/E8 -> 1 | F11: =1/F8 -> 5 | G11: =1/G8 -> 1 | H11: =1/H8 -> 3.3333333 | M11: average | N11: 0.5 | O11: W/m2.K
C12: 1 / target U-value = R_target: targeted heat transfer resistance | D12: m2.K/W | E12: =1/E9 -> 6.6666667 | F12: =1/F9 -> 6.6666667 | G12: =1/G9 -> 6.6666667 | H12: =1/H9 -> 6.6666667 | M12: poor | N12: 1 | O12: W/m2.K
C13: R = D + 1/αi + 1/αa … with heat transfer resistance 1/αi to inner and 1/αa to outercomponent surface | D13: m2.K/W | M13: very poor | N13: 1.5 | O13: W/m2.K
C14: Heat transfer coefficient: D = Σ d/λ with d: thickness of the building material layer [m] and λ: thermal conductivity of the building material layer | D14: m2.K/W
C15: Heat transfer coefficient … D_needed for minimum thermal insulation | D15: m2.K/W | E15: =E12-E11 -> 5.6666667 | F15: =F12-F11 -> 1.6666667 | G15: =G12-G11 -> 5.6666667 | H15: =H12-H11 -> 3.3333333 | M15: thermal conductivity of the building material layer
C16: λ_new_insulation: thermal conductivity of the additional insulation layer | D16: W/m.K | E16: 0.035 | F16: =E16 -> 0.035 | G16: =F16 -> 0.035 | H16: =G16 -> 0.035 | M16: Mineral wool (glass wool) | O16: 0.032 – 0.040 | Q16: W/m.K
C17: d_min: the minimum required additional insulation thickness. | D17: m | E17: =E15*E16 -> 0.19833333 | F17: =F15*F16 -> 0.058333333 | G17: =G15*G16 -> 0.19833333 | H17: =H15*H16 -> 0.11666667 | M17: Mineral wool (rock wool) | O17: 0.035 – 0.045 | Q17: W/m.K
M18: Polystyrene (EPS) | O18: 0.032 – 0.040 | Q18: W/m.K
C19: Ti … average annual inside temperature to inner uppermost ceiling surface | D19: °C | E19: ='Model homes'!E32 -> 20 | M19: Polystyrene (XPS) | O19: 0.027 – 0.035 | Q19: W/m.K
C20: Ti … average annual inside temperature to outer uppermost ceiling surface | D20: °C | E20: 2 | M20: Polyurethane (PUR/PIR) | O20: 0.026 – 0.028 | Q20: W/m.K
C21: Avoided transmission heat losses, load flow | D21: W | E21: =(E8-E9)*'Model homes'!E20*($E19-$E20) -> 1071 | F21: =(F8-F9)*'Model homes'!F20*($E19-$E20) -> 63 | G21: =(G8-G9)*'Model homes'!G20*($E19-$E20) -> 2868.75 | H21: =(H8-H9)*'Model homes'!H20*($E19-$E20) -> 506.25 | M21: Wood fiberboard | O21: 0.040 – 0.055 | Q21: W/m.K
C22: Annual full load hours of heat provision | D22: h/a | E22: 1700 | F22: =E22 -> 1700 | G22: =F22 -> 1700 | H22: =G22 -> 1700 | M22: Cellulose | O22: 0.038 – 0.045 | Q22: W/m.K
C23: Avoided transmission heat losses | D23: kWh/a | E23: =E21/1000*E22 -> 1820.7 | F23: =F21/1000*F22 -> 107.1 | G23: =G21/1000*G22 -> 4876.875 | H23: =H21/1000*H22 -> 860.625 | M23: Flax, hemp, cotton | O23: 0.040 – 0.055 | Q23: W/m.K
C25: Reduction of Final energy consumption for SPH, total
C26: District heat | D26: kWh/a | E26: =E$23/(1-'Model homes'!E$34)/'Model homes'!E38 -> 2085.567 | F26: =F$23/(1-'Model homes'!F$34)/'Model homes'!F38 -> 116.88312 | G26: =G$23/(1-'Model homes'!G$34)/'Model homes'!G38 -> 5778.9726 | H26: =H$23/(1-'Model homes'!H$34)/'Model homes'!H38 -> 914.77997
C27: Log wood | D27: kWh/a | E27: =E$23/(1-'Model homes'!E$34)/'Model homes'!E39 -> 3112.3077 | F27: =F$23/(1-'Model homes'!F$34)/'Model homes'!F39 -> 163.63636 | G27: =G$23/(1-'Model homes'!G$34)/'Model homes'!G39 -> 8366.5723 | H27: =H$23/(1-'Model homes'!H$34)/'Model homes'!H39 -> 1280.692
C28: Biomass pellets | D28: kWh/a | E28: =E$23/(1-'Model homes'!E$34)/'Model homes'!E40 -> 2528.75 | F28: =F$23/(1-'Model homes'!F$34)/'Model homes'!F40 -> 136.36364 | G28: =G$23/(1-'Model homes'!G$34)/'Model homes'!G40 -> 6836.1018 | H28: =H$23/(1-'Model homes'!H$34)/'Model homes'!H40 -> 1067.2433
C29: Brown coal briquettes | D29: kWh/a | E29: =E$23/(1-'Model homes'!E$34)/'Model homes'!E41 -> 3112.3077 | F29: =F$23/(1-'Model homes'!F$34)/'Model homes'!F41 -> 163.63636 | G29: =G$23/(1-'Model homes'!G$34)/'Model homes'!G41 -> 8624.0053 | H29: =H$23/(1-'Model homes'!H$34)/'Model homes'!H41 -> 1280.692
C30: Liquefied Petroleum Gas (LPG) | D30: kWh/a | E30: =E$23/(1-'Model homes'!E$34)/'Model homes'!E42 -> 2528.75 | F30: =F$23/(1-'Model homes'!F$34)/'Model homes'!F42 -> 134.75936 | G30: =G$23/(1-'Model homes'!G$34)/'Model homes'!G42 -> 7007.0043 | H30: =H$23/(1-'Model homes'!H$34)/'Model homes'!H42 -> 1054.6875
C31: Fuel oil | D31: kWh/a | E31: =E$23/(1-'Model homes'!E$34)/'Model homes'!E43 -> 2528.75 | F31: =F$23/(1-'Model homes'!F$34)/'Model homes'!F43 -> 133.19239 | G31: =G$23/(1-'Model homes'!G$34)/'Model homes'!G43 -> 7007.0043 | H31: =H$23/(1-'Model homes'!H$34)/'Model homes'!H43 -> 1042.4237
C32: Natural gas | D32: kWh/a | E32: =E$23/(1-'Model homes'!E$34)/'Model homes'!E44 -> 2380 | F32: =F$23/(1-'Model homes'!F$34)/'Model homes'!F44 -> 131.66144 | G32: =G$23/(1-'Model homes'!G$34)/'Model homes'!G44 -> 6443.2224 | H32: =H$23/(1-'Model homes'!H$34)/'Model homes'!H44 -> 1030.4418
C33: Direct-electricity system | D33: kWh/a | E33: =E$23/(1-'Model homes'!E$34)/'Model homes'!E45 -> 2023 | F33: =F$23/(1-'Model homes'!F$34)/'Model homes'!F45 -> 114.54545 | G33: =G$23/(1-'Model homes'!G$34)/'Model homes'!G45 -> 5605.6034 | H33: =H$23/(1-'Model homes'!H$34)/'Model homes'!H45 -> 896.48438 | J33: Average | K33: Average beneficial only
C34: Central heat pump | D34: kWh/a | E34: =E$23/(1-'Model homes'!E$34)/'Model homes'!E46 -> 698.10501 | F34: =F$23/(1-'Model homes'!F$34)/'Model homes'!F46 -> 35.120483 | G34: =G$23/(1-'Model homes'!G$34)/'Model homes'!G46 -> 1718.7194 | H34: =H$23/(1-'Model homes'!H$34)/'Model homes'!H46 -> 255.39089 | J34: =AVERAGE(E26:H34) -> 2453.816 | K34: =AVERAGEIFS($E$26:$H$34,$J$93:$M$101,"yes") -> #DIV/0!
C36: Avoided transmission heat losses, relative to total final energy SPH demand
C37: District heat | D37: % p.a. | E37: =E26/('Model homes'!E48*'Model homes'!$E$21) -> 0.089689655 | F37: =F26/('Model homes'!F48*'Model homes'!$E$21) -> 0.013909091 | G37: =G26/('Model homes'!G48*'Model homes'!G$21) -> 0.068447368 | H37: =H26/('Model homes'!H48*'Model homes'!H$21) -> 0.0255
C38: Log wood | D38: % p.a. | E38: =E27/('Model homes'!E49*'Model homes'!$E$21) -> 0.089689655 | F38: =F27/('Model homes'!F49*'Model homes'!$E$21) -> 0.013909091 | G38: =G27/('Model homes'!G49*'Model homes'!G$21) -> 0.068447368 | H38: =H27/('Model homes'!H49*'Model homes'!H$21) -> 0.0255
C39: Biomass pellets | D39: % p.a. | E39: =E28/('Model homes'!E50*'Model homes'!$E$21) -> 0.089689655 | F39: =F28/('Model homes'!F50*'Model homes'!$E$21) -> 0.013909091 | G39: =G28/('Model homes'!G50*'Model homes'!G$21) -> 0.068447368 | H39: =H28/('Model homes'!H50*'Model homes'!H$21) -> 0.0255
C40: Brown coal briquettes | D40: % p.a. | E40: =E29/('Model homes'!E51*'Model homes'!$E$21) -> 0.089689655 | F40: =F29/('Model homes'!F51*'Model homes'!$E$21) -> 0.013909091 | G40: =G29/('Model homes'!G51*'Model homes'!G$21) -> 0.068447368 | H40: =H29/('Model homes'!H51*'Model homes'!H$21) -> 0.0255
C41: Liquefied Petroleum Gas (LPG) | D41: % p.a. | E41: =E30/('Model homes'!E52*'Model homes'!$E$21) -> 0.089689655 | F41: =F30/('Model homes'!F52*'Model homes'!$E$21) -> 0.013909091 | G41: =G30/('Model homes'!G52*'Model homes'!G$21) -> 0.068447368 | H41: =H30/('Model homes'!H52*'Model homes'!H$21) -> 0.0255
C42: Fuel oil | D42: % p.a. | E42: =E31/('Model homes'!E53*'Model homes'!$E$21) -> 0.089689655 | F42: =F31/('Model homes'!F53*'Model homes'!$E$21) -> 0.013909091 | G42: =G31/('Model homes'!G53*'Model homes'!G$21) -> 0.068447368 | H42: =H31/('Model homes'!H53*'Model homes'!H$21) -> 0.0255
C43: Natural gas | D43: % p.a. | E43: =E32/('Model homes'!E54*'Model homes'!$E$21) -> 0.089689655 | F43: =F32/('Model homes'!F54*'Model homes'!$E$21) -> 0.013909091 | G43: =G32/('Model homes'!G54*'Model homes'!G$21) -> 0.068447368 | H43: =H32/('Model homes'!H54*'Model homes'!H$21) -> 0.0255
C44: Direct-electricity system | D44: % p.a. | E44: =E33/('Model homes'!E55*'Model homes'!$E$21) -> 0.089689655 | F44: =F33/('Model homes'!F55*'Model homes'!$E$21) -> 0.013909091 | G44: =G33/('Model homes'!G55*'Model homes'!G$21) -> 0.068447368 | H44: =H33/('Model homes'!H55*'Model homes'!H$21) -> 0.0255
C45: Central heat pump | D45: % p.a. | E45: =E34/('Model homes'!E56*'Model homes'!$E$21) -> 0.089689655 | F45: =F34/('Model homes'!F56*'Model homes'!$E$21) -> 0.013909091 | G45: =G34/('Model homes'!G56*'Model homes'!G$21) -> 0.068447368 | H45: =H34/('Model homes'!H56*'Model homes'!H$21) -> 0.0255 | J45: Electricity
C47: Individual implementation costs
B48: Help | C48: Parameter | D48: Unit | E48: Input Values | G48: Input Values | J48: Remark/Reference Value
C49: Building type | E49: Single family house | G49: Apartment house
C50: Thermal quality status of the building | E50: unrefurbished | F50: refurbished | G50: unrefurbished | H50: refurbished
C51: Insulation Materials costs, specific | D51: €/m² | E51: 40 | F51: 15 | G51: 40 | H51: 20
C52: Insulation Materials costs, total | D52: € | E52: =E51*'Model homes'!E20 -> 2800 | F52: =F51*'Model homes'!F20 -> 1050 | G52: =G51*'Model homes'!G20 -> 7500 | H52: =H51*'Model homes'!H20 -> 3750
C53: Labor Time, specific | D53: h/m² | E53: 0.2 | F53: =E53 -> 0.2 | G53: 0.15 | H53: =G53 -> 0.15
C54: Labor Time, total | D54: h | E54: ='Model homes'!E20*E53 -> 14 | F54: ='Model homes'!F20*F53 -> 14 | G54: ='Model homes'!G20*G53 -> 28.125 | H54: ='Model homes'!H20*H53 -> 28.125
C55: Labor cost, specific | D55: €/h | E55: 25 | F55: =E55 -> 25 | G55: =F55 -> 25 | H55: =G55 -> 25
C56: Labor cost, total | D56: € | E56: =E55*E54 -> 350 | F56: =F55*F54 -> 350 | G56: =G55*G54 -> 703.125 | H56: =H55*H54 -> 703.125
C57: Total up-front investment | D57: € | E57: =E52+E56 -> 3150 | F57: =F52+F56 -> 1400 | G57: =G52+G56 -> 8203.125 | H57: =H52+H56 -> 4453.125
C59: Maintenance and servicing costs, first year | D59: €/year | E59: 0 | F59: =E59 -> 0 | G59: =F59 -> 0 | H59: =G59 -> 0
C60: Price escalation rate M&S costs | D60: % p.a. | E60: ='Model homes'!E171 -> 0.02
C61: Present value factor, private perspective | D61: % p.a. | E61: =IF($E60=E$63,1,(1-(((1+$E60)/(1+E$63))^E64))/(E63-$E60)) -> 19.229056 | F61: =IF($E60=F$63,1,(1-(((1+$E60)/(1+F$63))^F64))/(F63-$E60)) -> 19.229056 | G61: =IF($E60=G$63,1,(1-(((1+$E60)/(1+G$63))^G64))/(G63-$E60)) -> 19.229056 | H61: =IF($E60=H$63,1,(1-(((1+$E60)/(1+H$63))^H64))/(H63-$E60)) -> 19.229056
C62: Maintenance and servicing costs, annuity | D62: €/year | E62: =-PMT(E63,E64,E59*E61) -> 0 | F62: =-PMT(F63,F64,F59*F61) -> 0 | G62: =-PMT(G63,G64,G59*G61) -> 0 | H62: =-PMT(H63,H64,H59*H61) -> 0
C63: WACC, private | D63: % p.a. | E63: ='Model homes'!$E169 -> 0.04 | F63: ='Model homes'!$E169 -> 0.04 | G63: ='Model homes'!$E169 -> 0.04 | H63: ='Model homes'!$E169 -> 0.04
C64: Lifetime of the intervention | D64: years | E64: 25 | F64: =E64 -> 25 | G64: =F64 -> 25 | H64: =G64 -> 25
C66: Energy Cost Savings, 1st year | G66: for nr. of flats having an uppermost ceiling
C67: District heat | D67: €/a.apartment | E67: ='Model homes'!E127*E26*10^-3/'Model homes'!E22 -> #VALUE! | F67: ='Model homes'!F127*F26*10^-3/'Model homes'!F22 -> #VALUE! | G67: ='Model homes'!G127*G26*10^-3/'Model homes'!G22 -> #VALUE! | H67: ='Model homes'!H127*H26*10^-3/'Model homes'!H22 -> #VALUE! | J67: cost savings refer to DH working price component only
C68: Log wood | D68: €/a.apartment | E68: ='Model homes'!E149*SPH_TL_UC!E38 -> #VALUE! | F68: ='Model homes'!F149*SPH_TL_UC!F38 -> #VALUE! | G68: ='Model homes'!G149*SPH_TL_UC!G38*'Model homes'!G$21/'Model homes'!G$22 -> #VALUE! | H68: ='Model homes'!H149*SPH_TL_UC!H38*'Model homes'!H$21/'Model homes'!H$22 -> #VALUE!
C69: Biomass pellets | D69: €/a.apartment | E69: ='Model homes'!E150*SPH_TL_UC!E39 -> #VALUE! | F69: ='Model homes'!F150*SPH_TL_UC!F39 -> #VALUE! | G69: ='Model homes'!G150*SPH_TL_UC!G39*'Model homes'!G$21/'Model homes'!G$22 -> #VALUE! | H69: ='Model homes'!H150*SPH_TL_UC!H39*'Model homes'!H$21/'Model homes'!H$22 -> #VALUE!
C70: Brown coal briquettes | D70: €/a.apartment | E70: ='Model homes'!E151*SPH_TL_UC!E40 -> #VALUE! | F70: ='Model homes'!F151*SPH_TL_UC!F40 -> #VALUE! | G70: ='Model homes'!G151*SPH_TL_UC!G40*'Model homes'!G$21/'Model homes'!G$22 -> #VALUE! | H70: ='Model homes'!H151*SPH_TL_UC!H40*'Model homes'!H$21/'Model homes'!H$22 -> #VALUE!
C71: Liquefied Petroleum Gas (LPG) | D71: €/a.apartment | E71: ='Model homes'!E152*SPH_TL_UC!E41 -> #VALUE! | F71: ='Model homes'!F152*SPH_TL_UC!F41 -> #VALUE! | G71: ='Model homes'!G152*SPH_TL_UC!G41*'Model homes'!G$21/'Model homes'!G$22 -> #VALUE! | H71: ='Model homes'!H152*SPH_TL_UC!H41*'Model homes'!H$21/'Model homes'!H$22 -> #VALUE!
